Workbook

Sheet CONSOLIDADO_EXP_HAB
B1: SECRETARIA DE MOVILIDAD CONTEMPORÁNEA
B9: RESUMEN HABILITACIÓN – EXPERIENCIA DEL PROPONENTE
B11: SECCIÓN 4 – VERIFICACIÓN POR CONTRATO APORTADO (una fila por contrato – máx. 7)
B12: N° | C12: CÓDIGO(S) UNSPSC | D12: CERTIFICADO/ACTA | E12: AÑO TERM. | F12: SMMLV (año term.) | G12: VALOR CONTRATO SEGÚN CERTIFICACION (COP) | H12: % SOBRE PRESUP. OFICIAL
B13: 1 | F13: =IF(E13="","Valor por definir",_xlfn.XLOOKUP(E13,'TABLA DE SMMLV'!$A$1:$A$32,'TABLA DE SMMLV'!$B$1:$B$32,"ERROR")) -> Valor por definir | H13: =#REF!/$F$20 -> #REF!
B14: 2 | F14: =IF(E14="","Valor por definir",_xlfn.XLOOKUP(E14,'TABLA DE SMMLV'!$A$1:$A$32,'TABLA DE SMMLV'!$B$1:$B$32,"ERROR")) -> Valor por definir | H14: =#REF!/$F$20 -> #REF!
B15: 3 | F15: =IF(E15="","Valor por definir",_xlfn.XLOOKUP(E15,'TABLA DE SMMLV'!$A$1:$A$32,'TABLA DE SMMLV'!$B$1:$B$32,"ERROR")) -> Valor por definir | H15: =#REF!/$F$20 -> #REF!
B16: 4 | F16: =IF(E16="","Valor por definir",_xlfn.XLOOKUP(E16,'TABLA DE SMMLV'!$A$1:$A$32,'TABLA DE SMMLV'!$B$1:$B$32,"ERROR")) -> Valor por definir | H16: =#REF!/$F$20 -> #REF!
B17: 5 | F17: =IF(E17="","Valor por definir",_xlfn.XLOOKUP(E17,'TABLA DE SMMLV'!$A$1:$A$32,'TABLA DE SMMLV'!$B$1:$B$32,"ERROR")) -> Valor por definir | H17: =#REF!/$F$20 -> #REF!
B18: 6 | F18: =IF(E18="","Valor por definir",_xlfn.XLOOKUP(E18,'TABLA DE SMMLV'!$A$1:$A$32,'TABLA DE SMMLV'!$B$1:$B$32,"ERROR")) -> Valor por definir | H18: =#REF!/$F$20 -> #REF!
B19: 7 | F19: =IF(E19="","Valor por definir",_xlfn.XLOOKUP(E19,'TABLA DE SMMLV'!$A$1:$A$32,'TABLA DE SMMLV'!$B$1:$B$32,"ERROR")) -> Valor por definir | H19: =#REF!/$F$20 -> #REF!
B20: Presupuesto oficial | C20: COP | D20: 3411038010 | E20: SMMLV | F20: =D20/1750905 -> 1948.1571 | G20: SUMATORIA TOTAL (% sobre presupuesto oficial en SMMLV) → | H20: =#REF!/$F$20 -> #REF!
A22: Celda | D22: !C10 | E22: !D26 | F22: !G46 | G22: !G51 | H22: !J54
B23: SECCIÓN 1 – VERIFICACIÓN ESPECÍFICA POR CONTRATO APORTADO
A24: Nombre hoja | B24: CONSECUTIVO | C24: CÓDIGO | D24: PROPONENTE | E24: CUMPLE DILIGENCIAMIENTO FORMATO | F24: CUMPLE VERIFICACIÓN ESPECÍFICA POR CONTRATO APORTADO | G24: CUMPLE PARÁMETROS GENERALES DEL REQUISITO HABILITANTE | H24: ¿CUMPLE?
A26: EP_1 | B26: 1 | C26: EP_1 | D26: {=IFERROR(INDIRECT($A26&D$22),"")} -> CONSORCIO EA INTERMODAL | E26: {=IFERROR(INDIRECT($A26&E$22),"")} -> CUMPLE | F26: {=IFERROR(INDIRECT($A26&F$22),"")} -> CUMPLE | G26: {=IFERROR(INDIRECT($A26&G$22),"")} -> CUMPLE | H26: {=IFERROR(INDIRECT($A26&H$22),"")} -> CUMPLE
A27: EP_2 | B27: 2 | C27: EP_2 | D27: {=IFERROR(INDIRECT($A27&D$22),"")} -> CONSORCIO PMTIC CUNDINAMARCA | E27: {=IFERROR(INDIRECT($A27&E$22),"")} -> CUMPLE | F27: {=IFERROR(INDIRECT($A27&F$22),"")} -> CUMPLE | G27: {=IFERROR(INDIRECT($A27&G$22),"")} -> CUMPLE | H27: {=IFERROR(INDIRECT($A27&H$22),"")} -> CUMPLE
A28: EP_3 | B28: 3 | C28: EP_3 | D28: {=IFERROR(INDIRECT($A28&D$22),"")} -> CONSORCIO MOVILIDAD INTERMODAL 2026 | E28: {=IFERROR(INDIRECT($A28&E$22),"")} -> CUMPLE | F28: {=IFERROR(INDIRECT($A28&F$22),"")} -> NO CUMPLE | G28: {=IFERROR(INDIRECT($A28&G$22),"")} -> NO CUMPLE | H28: {=IFERROR(INDIRECT($A28&H$22),"")} -> RECHAZADO
A29: EP_4 | B29: 4 | C29: EP_4 | D29: {=IFERROR(INDIRECT($A29&D$22),"")} -> CONSORCIO CONEXIÓN INTERMODAL | E29: {=IFERROR(INDIRECT($A29&E$22),"")} -> CUMPLE | F29: {=IFERROR(INDIRECT($A29&F$22),"")} -> CUMPLE | G29: {=IFERROR(INDIRECT($A29&G$22),"")} -> CUMPLE | H29: {=IFERROR(INDIRECT($A29&H$22),"")} -> CUMPLE
A30: EP_5 | B30: 5 | C30: EP_5 | D30: {=IFERROR(INDIRECT($A30&D$22),"")} -> CONSULTORA CENTRAL S.A.S- BIC | E30: {=IFERROR(INDIRECT($A30&E$22),"")} -> CUMPLE | F30: {=IFERROR(INDIRECT($A30&F$22),"")} -> CUMPLE | G30: {=IFERROR(INDIRECT($A30&G$22),"")} -> CUMPLE | H30: {=IFERROR(INDIRECT($A30&H$22),"")} -> CUMPLE
A31: EP_6 | B31: 6 | C31: EP_6 | D31: {=IFERROR(INDIRECT($A31&D$22),"")} -> STEER DAVIES & GLEAVE LIMITED SUCURSAL COLOMBIA | E31: {=IFERROR(INDIRECT($A31&E$22),"")} -> NO CUMPLE | F31: {=IFERROR(INDIRECT($A31&F$22),"")} -> CUMPLE | G31: {=IFERROR(INDIRECT($A31&G$22),"")} -> CUMPLE | H31: {=IFERROR(INDIRECT($A31&H$22),"")} -> RECHAZADO
A32: EP_7 | B32: 7 | C32: EP_7 | D32: {=IFERROR(INDIRECT($A32&D$22),"")} -> UNION TEMPORAL IDOM - POA | E32: {=IFERROR(INDIRECT($A32&E$22),"")} -> CUMPLE | F32: {=IFERROR(INDIRECT($A32&F$22),"")} -> CUMPLE | G32: {=IFERROR(INDIRECT($A32&G$22),"")} -> CUMPLE | H32: {=IFERROR(INDIRECT($A32&H$22),"")} -> CUMPLE
A33: EP_8 | B33: 8 | C33: EP_8 | D33: {=IFERROR(INDIRECT($A33&D$22),"")} -> Consorcio SIGMA GP – CNC Intermodal | E33: {=IFERROR(INDIRECT($A33&E$22),"")} -> CUMPLE | F33: {=IFERROR(INDIRECT($A33&F$22),"")} -> CUMPLE | G33: {=IFERROR(INDIRECT($A33&G$22),"")} -> CUMPLE | H33: {=IFERROR(INDIRECT($A33&H$22),"")} -> CUMPLE
A34: EP_9 | B34: 9 | C34: EP_9 | D34: {=IFERROR(INDIRECT($A34&D$22),"")} -> CONSORCIO PLANEACIÓN INTERMODAL IMC 2026 | E34: {=IFERROR(INDIRECT($A34&E$22),"")} -> CUMPLE | F34: {=IFERROR(INDIRECT($A34&F$22),"")} -> NO CUMPLE | G34: {=IFERROR(INDIRECT($A34&G$22),"")} -> NO CUMPLE | H34: {=IFERROR(INDIRECT($A34&H$22),"")} -> RECHAZADO
A35: EP_10 | B35: 10 | C35: EP_10 | D35: {=IFERROR(INDIRECT($A35&D$22),"")} -> CAL Y MAYOR COLOMBIA S.A.S | E35: {=IFERROR(INDIRECT($A35&E$22),"")} -> CUMPLE | F35: {=IFERROR(INDIRECT($A35&F$22),"")} -> CUMPLE | G35: {=IFERROR(INDIRECT($A35&G$22),"")} -> NO CUMPLE | H35: RECHAZADO
A36: EP_11 | B36: 11 | C36: EP_11 | D36: {=IFERROR(INDIRECT($A36&D$22),"")} -> CONSULTORIA ARQUITECTURA Y CONSTRUCCION CONARCON S A S | E36: {=IFERROR(INDIRECT($A36&E$22),"")} -> CUMPLE | F36: {=IFERROR(INDIRECT($A36&F$22),"")} -> NO CUMPLE | G36: {=IFERROR(INDIRECT($A36&G$22),"")} -> NO CUMPLE | H36: RECHAZADO
A37: EP_12 | B37: 12 | C37: EP_12 | D37: {=IFERROR(INDIRECT($A37&D$22),"")} -> CONSORCIO PMTIC 2026 | E37: {=IFERROR(INDIRECT($A37&E$22),"")} -> CUMPLE | F37: {=IFERROR(INDIRECT($A37&F$22),"")} -> CUMPLE | G37: {=IFERROR(INDIRECT($A37&G$22),"")} -> CUMPLE | H37: {=IFERROR(INDIRECT($A37&H$22),"")} -> CUMPLE

Sheet BASE_EP_X
A1: SECRETARIA DE MOVILIDAD CONTEMPORÁNEA
B5: CONCURSO DE MÉRITOS SMC-CM-CS-152-2026 - PMTIC
A9: INFORMACIÓN PROPONENTE
A10: PROPONENTE | D10: TIPO | G10: NIT
A11: ¿ES MIPYME? | D11: ¿ES EMPRENDIMIENTO O EMPRESA DE MUJERES? | G11: FECHA EVALUACIÓN
A12: SECCIÓN 4 – VERIFICACIÓN POR CONTRATO APORTADO (una fila por contrato – máx. 7)
A13: N° | B13: OBJETO DEL CONTRATO (resumen) | C13: CÓDIGO(S) UNSPSC | D13: CERTIFICADO/ACTA | E13: AÑO TERM. | F13: SMMLV (año term.) | G13: VALOR CONTRATO SEGÚN CERTIFICACION (COP) | H13: VALOR CONTRATO SEGÚN CERTIFICACION (SMLMV) | I13: CHEQUEO VALOR CONTRATO SEGÚN CERTIFICACION (SMLMV) | J13: PORCENTAJE DE PARTICIPACIÓN EN EL VALOR EJECUTADO - REPORTADO EN EL RUP (%) | K13: PORCENTAJE DEL VALOR EJECUTADO CONFORME AL OBJETO SOLICITADO (%) | L13: VALOR TOTAL FACTURADO RELACIONADO CON OBJETO DEL CONTRATO Y AFECTADO POR % DEL VALOR EJECUTADO CONFORME AL OBJETO SOLICITADO POR EL % DE PARTICIPACION DEL RUP (SMMLV) | M13: % SOBRE PRESUP. OFICIAL | N13: OBJETO ADMISIBLE (Sec.2) | O13: RESULTADO
A14: 1 | F14: =IF(E14="","Valor por definir",_xlfn.XLOOKUP(E14,'TABLA DE SMMLV'!$A$1:$A$32,'TABLA DE SMMLV'!$B$1:$B$32,"ERROR")) -> Valor por definir | I14: =IF(F14="","Valor por definir",IFERROR(G14/F14,"Revisar datos")) -> Revisar datos | L14: =H14*J14*K14 -> 0 | M14: =L14/$F$21 -> 0
A15: 2 | F15: =IF(E15="","Valor por definir",_xlfn.XLOOKUP(E15,'TABLA DE SMMLV'!$A$1:$A$32,'TABLA DE SMMLV'!$B$1:$B$32,"ERROR")) -> Valor por definir | I15: =IF(F15="","Valor por definir",IFERROR(G15/F15,"Revisar datos")) -> Revisar datos | L15: =H15*J15*K15 -> 0 | M15: =L15/$F$21 -> 0
A16: 3 | F16: =IF(E16="","Valor por definir",_xlfn.XLOOKUP(E16,'TABLA DE SMMLV'!$A$1:$A$32,'TABLA DE SMMLV'!$B$1:$B$32,"ERROR")) -> Valor por definir | I16: =IF(F16="","Valor por definir",IFERROR(G16/F16,"Revisar datos")) -> Revisar datos | L16: =H16*J16*K16 -> 0 | M16: =L16/$F$21 -> 0
A17: 4 | F17: =IF(E17="","Valor por definir",_xlfn.XLOOKUP(E17,'TABLA DE SMMLV'!$A$1:$A$32,'TABLA DE SMMLV'!$B$1:$B$32,"ERROR")) -> Valor por definir | I17: =IF(F17="","Valor por definir",IFERROR(G17/F17,"Revisar datos")) -> Revisar datos | L17: =H17*J17*K17 -> 0 | M17: =L17/$F$21 -> 0
A18: 5 | F18: =IF(E18="","Valor por definir",_xlfn.XLOOKUP(E18,'TABLA DE SMMLV'!$A$1:$A$32,'TABLA DE SMMLV'!$B$1:$B$32,"ERROR")) -> Valor por definir | I18: =IF(F18="","Valor por definir",IFERROR(G18/F18,"Revisar datos")) -> Revisar datos | L18: =H18*J18*K18 -> 0 | M18: =L18/$F$21 -> 0
A19: 6 | F19: =IF(E19="","Valor por definir",_xlfn.XLOOKUP(E19,'TABLA DE SMMLV'!$A$1:$A$32,'TABLA DE SMMLV'!$B$1:$B$32,"ERROR")) -> Valor por definir | I19: =IF(F19="","Valor por definir",IFERROR(G19/F19,"Revisar datos")) -> Revisar datos | L19: =H19*J19*K19 -> 0 | M19: =L19/$F$21 -> 0
A20: 7 | F20: =IF(E20="","Valor por definir",_xlfn.XLOOKUP(E20,'TABLA DE SMMLV'!$A$1:$A$32,'TABLA DE SMMLV'!$B$1:$B$32,"ERROR")) -> Valor por definir | I20: =IF(F20="","Valor por definir",IFERROR(G20/F20,"Revisar datos")) -> Revisar datos | L20: =H20*J20*K20 -> 0 | M20: =L20/$F$21 -> 0
A21: Presupuesto oficial | C21: COP | D21: 3411038010 | E21: SMMLV | F21: =D21/1750905 -> 1948.1571 | G21: SUMATORIA TOTAL (% sobre presupuesto oficial en SMMLV) → | L21: =SUM(L14:L20) -> 0 | M21: =L21/$F$21 -> 0
A24: 1. VERIFICACIÓN DILIGENCIAMIENTO FORMATO
A25: FORMATO | D25: ¿CUMPLE? | E25: OBSERVACIONES
A26: FORMATO 7 - EXPERIENCIA HABILITANTE DEL PROPONENTE
A28: 2. VERIFICACIÓN ESPECÍFICA POR CONTRATO APORTADO
A29: N° | B29: NÚMERO CONSECUTIVO DEL REPORTE DEL CONTRATO EJECUTADO EN EL RUP | C29: DESCRIPCIÓN DE LAS ACTIVIDADES EJECUTADAS | D29: ENTIDAD CONTRATANTE | E29: CONTRATO O RESOLUCION | G29: CÓDIGO(S) UNSPSC | H29: FORMA DE EJECUCIÓN | J29: INTEGRANTE QUE APORTA EXPERIENCIA | K29: FECHA DE INICIACIÓN [DIA-MES-AÑO] | L29: FECHA DE TERMINACIÓN [DIA-MES-AÑO] | M29: AÑO DE TERMINACIÓN | N29: VALOR TOTAL | O29: VERIFICACIÓN ENTIDAD
E30: NO. | F30: OBJETO | H30: I,C,UT, OTRA | I30: % PARTICIPACIÓN | O30: VALOR TOTAL DEL CONTRATO EN SMMLV | P30: PORCENTAJE DEL VALOR EJECUTADO CONFORME AL OBJETO SOLICITADO (%) | Q30: VALOR TOTAL DEL CONTRATO EN SMMLV X PORCENTAJE DE PARTICIPACIÓN X PORCENTAJE EJECUTADO CONFORME AL OBJETO SOLICITADO | R30: % SOBRE PRESUP. OFICIAL | S30: ¿OBJETO, ACTIVIDADES Y/O OBLIGACIONES CONTRACTUALES CUMPLEN? | T30: ¿LA CERTIFICACIÓN LABORAL O DOCUMENTACIÓN EQUIVALENTE CONTIENE LA INFORMACIÓN MÍNIMA REQUERIDA? | AB30: ¿LA EXPERIENCIA ES ADQUIRIDA EN EL EXTERIOR? | AE30: ¿LA EXPERIENCIA DE LA PERSONA JURÍDICA ES ACREDITADA EN DEBIDA FORMA POR UN ACCIONISTA, SOCIO O CONSTITUYENTE? | AF30: ¿LA EXPERIENCIA CUMPLE CON LOS REQUISITOS DEL PLIEGO DE CONDICIONES? | AG30: OBSERVACIONES
T31: NOMBRE O RAZÓN SOCIAL DEL CONTRATANTE | U31: NOMBRE O RAZÓN SOCIAL DEL CONTRATISTA | V31: NÚMERO DEL CONTRATO (SI TIENE) | W31: OBJETO DEL CONTRATO Y/O CARGO DESEMPEÑADO | X31: ACTIVIDADES U OBLIGACIONES DEL CONTRATO | Y31: NOMBRE, CARGO Y FIRMA DE QUIEN EXPIDE LA CERTIFICACIÓN | Z31: FECHA DE EXPEDICIÓN DE LA CERTIFICACIÓN | AA31: ¿CUMPLE? | AB31: ¿EL DOCUMENTO SE ENCUENTRA DEBIDAMENTE APOSTILLADO? | AC31: ¿LA TRADUCCIÓN SE ENCUENTRA DEBIDAMENTE REALIZADA? EN CASO DE NO REQUERIRSE APOSTILLAJE | AD31: ¿CUMPLE?
A32: 1 | O32: =N32/(_xlfn.XLOOKUP(M32,'TABLA DE SMMLV'!$A$1:$A$32,'TABLA DE SMMLV'!$B$1:$B$32,"0")) -> 0 | P32: 0 | Q32: =IF(AF32="CUMPLE",I32*O32*P32,0) -> 0 | R32: =Q32/(3411038010/1750905) -> 0 | AA32: =IF(AND(OR(T32="SI",T32="NO APLICA"), OR(U32="SI",U32="NO APLICA"), OR(V32="SI",V32="NO APLICA"), OR(W32="SI",W32="NO APLICA"), OR(X32="SI",X32="NO APLICA"), OR(Y32="SI",Y32="NO APLICA"), OR(Z32="SI",Z32="NO APLICA")), "CUMPLE", "NO CUMPLE") -> NO CUMPLE | AD32: =IF(AND(OR(AB32="SI",AB32="NO APLICA"), OR(AC32="SI",AC32="NO APLICA")), "CUMPLE", "NO CUMPLE") -> NO CUMPLE | AF32: =IF(AND(OR(S32="CUMPLE",S32="NO APLICA"), OR(AA32="CUMPLE",AA32="NO APLICA"), OR(AD32="CUMPLE",AD32="NO APLICA"), OR(AE32="CUMPLE",AE32="NO APLICA")), "CUMPLE", "NO CUMPLE") -> NO CUMPLE
A33: 2 | O33: =N33/(_xlfn.XLOOKUP(M33,'TABLA DE SMMLV'!$A$1:$A$32,'TABLA DE SMMLV'!$B$1:$B$32,"0")) -> 0 | P33: 0 | Q33: =IF(AF33="CUMPLE",I33*O33*P33,0) -> 0 | R33: =Q33/(3411038010/1750905) -> 0 | AA33: =IF(AND(OR(T33="SI",T33="NO APLICA"), OR(U33="SI",U33="NO APLICA"), OR(V33="SI",V33="NO APLICA"), OR(W33="SI",W33="NO APLICA"), OR(X33="SI",X33="NO APLICA"), OR(Y33="SI",Y33="NO APLICA"), OR(Z33="SI",Z33="NO APLICA")), "CUMPLE", "NO CUMPLE") -> NO CUMPLE | AD33: =IF(AND(OR(AB33="SI",AB33="NO APLICA"), OR(AC33="SI",AC33="NO APLICA")), "CUMPLE", "NO CUMPLE") -> NO CUMPLE | AF33: =IF(AND(OR(S33="CUMPLE",S33="NO APLICA"), OR(AA33="CUMPLE",AA33="NO APLICA"), OR(AD33="CUMPLE",AD33="NO APLICA"), OR(AE33="CUMPLE",AE33="NO APLICA")), "CUMPLE", "NO CUMPLE") -> NO CUMPLE
A34: 3 | O34: =N34/(_xlfn.XLOOKUP(M34,'TABLA DE SMMLV'!$A$1:$A$32,'TABLA DE SMMLV'!$B$1:$B$32,"0")) -> 0 | P34: 0 | Q34: =IF(AF34="CUMPLE",I34*O34*P34,0) -> 0 | R34: =Q34/(3411038010/1750905) -> 0 | AA34: =IF(AND(OR(T34="SI",T34="NO APLICA"), OR(U34="SI",U34="NO APLICA"), OR(V34="SI",V34="NO APLICA"), OR(W34="SI",W34="NO APLICA"), OR(X34="SI",X34="NO APLICA"), OR(Y34="SI",Y34="NO APLICA"), OR(Z34="SI",Z34="NO APLICA")), "CUMPLE", "NO CUMPLE") -> NO CUMPLE | AD34: =IF(AND(OR(AB34="SI",AB34="NO APLICA"), OR(AC34="SI",AC34="NO APLICA")), "CUMPLE", "NO CUMPLE") -> NO CUMPLE | AF34: =IF(AND(OR(S34="CUMPLE",S34="NO APLICA"), OR(AA34="CUMPLE",AA34="NO APLICA"), OR(AD34="CUMPLE",AD34="NO APLICA"), OR(AE34="CUMPLE",AE34="NO APLICA")), "CUMPLE", "NO CUMPLE") -> NO CUMPLE
A35: 4 | O35: =N35/(_xlfn.XLOOKUP(M35,'TABLA DE SMMLV'!$A$1:$A$32,'TABLA DE SMMLV'!$B$1:$B$32,"0")) -> 0 | P35: 0 | Q35: =IF(AF35="CUMPLE",I35*O35*P35,0) -> 0 | R35: =Q35/(3411038010/1750905) -> 0 | AA35: =IF(AND(OR(T35="SI",T35="NO APLICA"), OR(U35="SI",U35="NO APLICA"), OR(V35="SI",V35="NO APLICA"), OR(W35="SI",W35="NO APLICA"), OR(X35="SI",X35="NO APLICA"), OR(Y35="SI",Y35="NO APLICA"), OR(Z35="SI",Z35="NO APLICA")), "CUMPLE", "NO CUMPLE") -> NO CUMPLE | AD35: =IF(AND(OR(AB35="SI",AB35="NO APLICA"), OR(AC35="SI",AC35="NO APLICA")), "CUMPLE", "NO CUMPLE") -> NO CUMPLE | AF35: =IF(AND(OR(S35="CUMPLE",S35="NO APLICA"), OR(AA35="CUMPLE",AA35="NO APLICA"), OR(AD35="CUMPLE",AD35="NO APLICA"), OR(AE35="CUMPLE",AE35="NO APLICA")), "CUMPLE", "NO CUMPLE") -> NO CUMPLE
A36: 5 | O36: =N36/(_xlfn.XLOOKUP(M36,'TABLA DE SMMLV'!$A$1:$A$32,'TABLA DE SMMLV'!$B$1:$B$32,"0")) -> 0 | P36: 0 | Q36: =IF(AF36="CUMPLE",I36*O36*P36,0) -> 0 | R36: =Q36/(3411038010/1750905) -> 0 | AA36: =IF(AND(OR(T36="SI",T36="NO APLICA"), OR(U36="SI",U36="NO APLICA"), OR(V36="SI",V36="NO APLICA"), OR(W36="SI",W36="NO APLICA"), OR(X36="SI",X36="NO APLICA"), OR(Y36="SI",Y36="NO APLICA"), OR(Z36="SI",Z36="NO APLICA")), "CUMPLE", "NO CUMPLE") -> NO CUMPLE | AD36: =IF(AND(OR(AB36="SI",AB36="NO APLICA"), OR(AC36="SI",AC36="NO APLICA")), "CUMPLE", "NO CUMPLE") -> NO CUMPLE | AF36: =IF(AND(OR(S36="CUMPLE",S36="NO APLICA"), OR(AA36="CUMPLE",AA36="NO APLICA"), OR(AD36="CUMPLE",AD36="NO APLICA"), OR(AE36="CUMPLE",AE36="NO APLICA")), "CUMPLE", "NO CUMPLE") -> NO CUMPLE
A37: 6 | O37: =N37/(_xlfn.XLOOKUP(M37,'TABLA DE SMMLV'!$A$1:$A$32,'TABLA DE SMMLV'!$B$1:$B$32,"0")) -> 0 | P37: 0 | Q37: =IF(AF37="CUMPLE",I37*O37*P37,0) -> 0 | R37: =Q37/(3411038010/1750905) -> 0 | AA37: =IF(AND(OR(T37="SI",T37="NO APLICA"), OR(U37="SI",U37="NO APLICA"), OR(V37="SI",V37="NO APLICA"), OR(W37="SI",W37="NO APLICA"), OR(X37="SI",X37="NO APLICA"), OR(Y37="SI",Y37="NO APLICA"), OR(Z37="SI",Z37="NO APLICA")), "CUMPLE", "NO CUMPLE") -> NO CUMPLE | AD37: =IF(AND(OR(AB37="SI",AB37="NO APLICA"), OR(AC37="SI",AC37="NO APLICA")), "CUMPLE", "NO CUMPLE") -> NO CUMPLE | AF37: =IF(AND(OR(S37="CUMPLE",S37="NO APLICA"), OR(AA37="CUMPLE",AA37="NO APLICA"), OR(AD37="CUMPLE",AD37="NO APLICA"), OR(AE37="CUMPLE",AE37="NO APLICA")), "CUMPLE", "NO CUMPLE") -> NO CUMPLE
A38: 7 | O38: =N38/(_xlfn.XLOOKUP(M38,'TABLA DE SMMLV'!$A$1:$A$32,'TABLA DE SMMLV'!$B$1:$B$32,"0")) -> 0 | P38: 0 | Q38: =IF(AF38="CUMPLE",I38*O38*P38,0) -> 0 | R38: =Q38/(3411038010/1750905) -> 0 | AA38: =IF(AND(OR(T38="SI",T38="NO APLICA"), OR(U38="SI",U38="NO APLICA"), OR(V38="SI",V38="NO APLICA"), OR(W38="SI",W38="NO APLICA"), OR(X38="SI",X38="NO APLICA"), OR(Y38="SI",Y38="NO APLICA"), OR(Z38="SI",Z38="NO APLICA")), "CUMPLE", "NO CUMPLE") -> NO CUMPLE | AD38: =IF(AND(OR(AB38="SI",AB38="NO APLICA"), OR(AC38="SI",AC38="NO APLICA")), "CUMPLE", "NO CUMPLE") -> NO CUMPLE | AF38: =IF(AND(OR(S38="CUMPLE",S38="NO APLICA"), OR(AA38="CUMPLE",AA38="NO APLICA"), OR(AD38="CUMPLE",AD38="NO APLICA"), OR(AE38="CUMPLE",AE38="NO APLICA")), "CUMPLE", "NO CUMPLE") -> NO CUMPLE
A39: SUMATORIA TOTAL EXPRESADA EN SMMLV | Q39: =SUM(Q32:Q38) -> 0 | R39: =Q39/(3411038010/1750905) -> 0
A43: 3. PARÁMETROS GENERALES DEL REQUISITO HABILITANTE
A44: # | B44: PARÁMETRO | C44: CONDICIÓN ESTÁNDAR (máx. 5 contratos) | D44: CONDICIÓN MIPYME / EEM (máx. 7 contratos) | E44: ACREDITACIÓN | F44: REF. PLIEGO | G44: RESULTADO | H44: OBSERVACIONES
A45: 1 | B45: N° de contratos | C45: 5 | D45: 7 | E45: =COUNT(B32:B38) -> 0 | F45: Lit. A
A46: 2 | B46: Sumatoria total (% presupuesto en SMMLV) | C46: ≥ 100% del presupuesto oficial en SMMLV | E46: =R39 -> 0 | F46: Lit. A / P
A47: 3 | B47: Contrato individual mínimo (% sobre presupuesto oficial) | C47: Al menos 1 contrato ≥ 40% del presupuesto oficial en SMMLV (año terminación) | E47: =MAX(R32:R38) -> 0 | F47: Lit. A / J
A48: 4 | B48: Código(s) UNSPSC por contrato | C48: Mínimo 1 código UNSPSC registrado en RUP | F48: Lit. F
A49: 5 | B49: Proponente plural: % experiencia mínima aportada por un integrante | C49: Un integrante aporta mínimo 50% de la experiencia solicitada | F49: Lit. G
A50: 6 | B50: RUP en firme (sin cese de efectos) | C50: RUP en firme (sin cese de efectos) | F50: Lit. E
A51: 7 | B51: CUMPLE | G51: =IF(COUNTIF(G45:G50,"CUMPLE")+COUNTIF(G45:G50,"NO APLICA")=ROWS(G45:G50),"CUMPLE","NO CUMPLE") -> NO CUMPLE
A53: RESULTADO HABILITACIÓN – EXPERIENCIA DEL PROPONENTE
A54: ¿EL PROPONENTE SE ENCUENTRA HABILITADO FRENTE AL CRITERIO DE EXPERIENCIA HABILITANTE?

Sheet EP_1
A1: SECRETARIA DE MOVILIDAD CONTEMPORÁNEA
B5: CONCURSO DE MÉRITOS SMC-CM-CS-152-2026 - PMTIC
A9: INFORMACIÓN PROPONENTE
A10: PROPONENTE | C10: CONSORCIO EA INTERMODAL | D10: TIPO | F10: Plural (Consorcio) | G10: NIT | H10: N/A
A11: ¿ES MIPYME? | C11: SÍ | D11: ¿ES EMPRENDIMIENTO O EMPRESA DE MUJERES? | F11: SÍ | G11: FECHA EVALUACIÓN | H11: 46107
A12: SECCIÓN 4 – VERIFICACIÓN POR CONTRATO APORTADO (una fila por contrato – máx. 7)
A13: N° | B13: OBJETO DEL CONTRATO (resumen) | C13: CÓDIGO(S) UNSPSC | D13: CERTIFICADO/ACTA | E13: AÑO TERM. | F13: SMMLV (año term.) | G13: VALOR CONTRATO SEGÚN CERTIFICACION (COP) | H13: VALOR CONTRATO SEGÚN CERTIFICACION (SMLMV) | I13: CHEQUEO VALOR CONTRATO SEGÚN CERTIFICACION (SMLMV) | J13: PORCENTAJE DE PARTICIPACIÓN EN EL VALOR EJECUTADO - REPORTADO EN EL RUP (%) | K13: PORCENTAJE DEL VALOR EJECUTADO CONFORME AL OBJETO SOLICITADO (%) | L13: VALOR TOTAL FACTURADO RELACIONADO CON OBJETO DEL CONTRATO Y AFECTADO POR % DEL VALOR EJECUTADO CONFORME AL OBJETO SOLICITADO POR EL % DE PARTICIPACION DEL RUP (SMMLV) | M13: % SOBRE PRESUP. OFICIAL | N13: OBJETO ADMISIBLE (Sec.2) | O13: RESULTADO
A14: 1 | F14: =IF(E14="","Valor por definir",_xlfn.XLOOKUP(E14,'TABLA DE SMMLV'!$A$1:$A$32,'TABLA DE SMMLV'!$B$1:$B$32,"ERROR")) -> Valor por definir | I14: =IF(F14="","Valor por definir",IFERROR(G14/F14,"Revisar datos")) -> Revisar datos | L14: =H14*J14*K14 -> 0 | M14: =L14/$F$21 -> 0
A15: 2 | F15: =IF(E15="","Valor por definir",_xlfn.XLOOKUP(E15,'TABLA DE SMMLV'!$A$1:$A$32,'TABLA DE SMMLV'!$B$1:$B$32,"ERROR")) -> Valor por definir | I15: =IF(F15="","Valor por definir",IFERROR(G15/F15,"Revisar datos")) -> Revisar datos | L15: =H15*J15*K15 -> 0 | M15: =L15/$F$21 -> 0
A16: 3 | F16: =IF(E16="","Valor por definir",_xlfn.XLOOKUP(E16,'TABLA DE SMMLV'!$A$1:$A$32,'TABLA DE SMMLV'!$B$1:$B$32,"ERROR")) -> Valor por definir | I16: =IF(F16="","Valor por definir",IFERROR(G16/F16,"Revisar datos")) -> Revisar datos | L16: =H16*J16*K16 -> 0 | M16: =L16/$F$21 -> 0
A17: 4 | F17: =IF(E17="","Valor por definir",_xlfn.XLOOKUP(E17,'TABLA DE SMMLV'!$A$1:$A$32,'TABLA DE SMMLV'!$B$1:$B$32,"ERROR")) -> Valor por definir | I17: =IF(F17="","Valor por definir",IFERROR(G17/F17,"Revisar datos")) -> Revisar datos | L17: =H17*J17*K17 -> 0 | M17: =L17/$F$21 -> 0
A18: 5 | F18: =IF(E18="","Valor por definir",_xlfn.XLOOKUP(E18,'TABLA DE SMMLV'!$A$1:$A$32,'TABLA DE SMMLV'!$B$1:$B$32,"ERROR")) -> Valor por definir | I18: =IF(F18="","Valor por definir",IFERROR(G18/F18,"Revisar datos")) -> Revisar datos | L18: =H18*J18*K18 -> 0 | M18: =L18/$F$21 -> 0
A19: 6 | F19: =IF(E19="","Valor por definir",_xlfn.XLOOKUP(E19,'TABLA DE SMMLV'!$A$1:$A$32,'TABLA DE SMMLV'!$B$1:$B$32,"ERROR")) -> Valor por definir | I19: =IF(F19="","Valor por definir",IFERROR(G19/F19,"Revisar datos")) -> Revisar datos | L19: =H19*J19*K19 -> 0 | M19: =L19/$F$21 -> 0
A20: 7 | F20: =IF(E20="","Valor por definir",_xlfn.XLOOKUP(E20,'TABLA DE SMMLV'!$A$1:$A$32,'TABLA DE SMMLV'!$B$1:$B$32,"ERROR")) -> Valor por definir | I20: =IF(F20="","Valor por definir",IFERROR(G20/F20,"Revisar datos")) -> Revisar datos | L20: =H20*J20*K20 -> 0 | M20: =L20/$F$21 -> 0
A21: Presupuesto oficial | C21: COP | D21: 3411038010 | E21: SMMLV | F21: =D21/1750905 -> 1948.1571 | G21: SUMATORIA TOTAL (% sobre presupuesto oficial en SMMLV) → | L21: =SUM(L14:L20) -> 0 | M21: =L21/$F$21 -> 0
A24: 1. VERIFICACIÓN DILIGENCIAMIENTO FORMATO
A25: FORMATO | D25: ¿CUMPLE? | E25: OBSERVACIONES
A26: FORMATO 7 - EXPERIENCIA HABILITANTE DEL PROPONENTE | D26: CUMPLE
A28: 2. VERIFICACIÓN ESPECÍFICA POR CONTRATO APORTADO
A29: N° | B29: NÚMERO CONSECUTIVO DEL REPORTE DEL CONTRATO EJECUTADO EN EL RUP | C29: DESCRIPCIÓN DE LAS ACTIVIDADES EJECUTADAS | D29: ENTIDAD CONTRATANTE | E29: CONTRATO O RESOLUCION | G29: CÓDIGO(S) UNSPSC | H29: FORMA DE EJECUCIÓN | J29: INTEGRANTE QUE APORTA EXPERIENCIA | K29: FECHA DE INICIACIÓN [DIA-MES-AÑO] | L29: FECHA DE TERMINACIÓN [DIA-MES-AÑO] | M29: AÑO DE TERMINACIÓN | N29: VALOR TOTAL | O29: VERIFICACIÓN ENTIDAD
E30: NO. | F30: OBJETO | H30: I,C,UT, OTRA | I30: % PARTICIPACIÓN | O30: VALOR TOTAL DEL CONTRATO EN SMMLV | P30: PORCENTAJE DEL VALOR EJECUTADO CONFORME AL OBJETO SOLICITADO (%) | Q30: VALOR TOTAL DEL CONTRATO EN SMMLV X PORCENTAJE DE PARTICIPACIÓN X PORCENTAJE EJECUTADO CONFORME AL OBJETO SOLICITADO | R30: % SOBRE PRESUP. OFICIAL | S30: ¿OBJETO, ACTIVIDADES Y/O OBLIGACIONES CONTRACTUALES CUMPLEN? | T30: ¿LA CERTIFICACIÓN LABORAL O DOCUMENTACIÓN EQUIVALENTE CONTIENE LA INFORMACIÓN MÍNIMA REQUERIDA? | AB30: ¿LA EXPERIENCIA ES ADQUIRIDA EN EL EXTERIOR? | AE30: ¿LA EXPERIENCIA DE LA PERSONA JURÍDICA ES ACREDITADA EN DEBIDA FORMA POR UN ACCIONISTA, SOCIO O CONSTITUYENTE? | AF30: ¿LA EXPERIENCIA CUMPLE CON LOS REQUISITOS DEL PLIEGO DE CONDICIONES? | AG30: OBSERVACIONES
T31: NOMBRE O RAZÓN SOCIAL DEL CONTRATANTE | U31: NOMBRE O RAZÓN SOCIAL DEL CONTRATISTA | V31: NÚMERO DEL CONTRATO (SI TIENE) | W31: OBJETO DEL CONTRATO Y/O CARGO DESEMPEÑADO | X31: ACTIVIDADES U OBLIGACIONES DEL CONTRATO | Y31: NOMBRE, CARGO Y FIRMA DE QUIEN EXPIDE LA CERTIFICACIÓN | Z31: FECHA DE EXPEDICIÓN DE LA CERTIFICACIÓN | AA31: ¿CUMPLE? | AB31: ¿EL DOCUMENTO SE ENCUENTRA DEBIDAMENTE APOSTILLADO? | AC31: ¿LA TRADUCCIÓN SE ENCUENTRA DEBIDAMENTE REALIZADA? EN CASO DE NO REQUERIRSE APOSTILLAJE | AD31: ¿CUMPLE?
A32: 1 | B32: 1 | C32: General y especifica | D32: MINISTERIO DE TRANSPORTE | E32: 092-2011 | F32: Definición de la Solución Óptima de Transporte Multimodal desde el punto de vista Técnico, Económico y Socio Ambiental, para el Desarrollo de la orinoquía/ Altillanura: Conformada por los Departamentos del Meta, Vichada y Casanare. | G32: 80101600 81101500 81102200 | H32: INDIVIDUAL | I32: 1 | J32: EPYPSA S.A.S. (EPYPSA COLOMBIA) | K32: 40805 | L32: 40983 | M32: 2012 | N32: 749963676 | O32: =N32/(_xlfn.XLOOKUP(M32,'TABLA DE SMMLV'!$A$1:$A$32,'TABLA DE SMMLV'!$B$1:$B$32,"0")) -> 1323.3875 | P32: 1 | Q32: =IF(AF32="CUMPLE",I32*O32*P32,0) -> 1323.3875 | R32: =Q32/(3411038010/1750905) -> 0.67930223 | S32: CUMPLE | T32: SI | U32: SI | V32: SI | W32: SI | X32: SI | Y32: SI | Z32: SI | AA32: =IF(AND(OR(T32="SI",T32="NO APLICA"), OR(U32="SI",U32="NO APLICA"), OR(V32="SI",V32="NO APLICA"), OR(W32="SI",W32="NO APLICA"), OR(X32="SI",X32="NO APLICA"), OR(Y32="SI",Y32="NO APLICA"), OR(Z32="SI",Z32="NO APLICA")), "CUMPLE", "NO CUMPLE") -> CUMPLE | AB32: NO APLICA | AC32: NO APLICA | AD32: =IF(AND(OR(AB32="SI",AB32="NO APLICA"), OR(AC32="SI",AC32="NO APLICA")), "CUMPLE", "NO CUMPLE") -> CUMPLE | AE32: CUMPLE | AF32: =IF(AND(OR(S32="CUMPLE",S32="NO APLICA"), OR(AA32="CUMPLE",AA32="NO APLICA"), OR(AD32="CUMPLE",AD32="NO APLICA"), OR(AE32="CUMPLE",AE32="NO APLICA")), "CUMPLE", "NO CUMPLE") -> CUMPLE | AG32: 1. CON LA ACLARACIÓN REMITIDA EN LA ETAPA DE SUBSANACIÓN MEDIANTE COMPOSICIÓN ACCIONARIA, SE IDENTIFICA QUE EL PROPONENTE ACREDITA EN DEBIDA FORMA LA EXPERIENCIA.
A33: 2 | B33: 52 | C33: General y especifica | D33: DEPARTAMENTO NACIONAL DE PLANEACIÓN | E33: DNP-OR-044-2016 | F33: Estructurar el módulo logístico para el transporte de carga del Plan Maestro Ferreo. | G33: 80101600 81101500 81102200 | H33: CONSORCIO | I33: 0.5 | J33: EPYPSA S.A.S. (EPYPSA COLOMBIA) | K33: 42598 | L33: 42734 | M33: 2016 | N33: 284200000 | O33: =N33/(_xlfn.XLOOKUP(M33,'TABLA DE SMMLV'!$A$1:$A$32,'TABLA DE SMMLV'!$B$1:$B$32,"0")) -> 412.21024 | P33: 1 | Q33: =IF(AF33="CUMPLE",I33*O33*P33,0) -> 206.10512 | R33: =Q33/(3411038010/1750905) -> 0.10579492 | S33: CUMPLE | T33: SI | U33: SI | V33: SI | W33: SI | X33: SI | Y33: SI | Z33: SI | AA33: =IF(AND(OR(T33="SI",T33="NO APLICA"), OR(U33="SI",U33="NO APLICA"), OR(V33="SI",V33="NO APLICA"), OR(W33="SI",W33="NO APLICA"), OR(X33="SI",X33="NO APLICA"), OR(Y33="SI",Y33="NO APLICA"), OR(Z33="SI",Z33="NO APLICA")), "CUMPLE", "NO CUMPLE") -> CUMPLE | AB33: NO APLICA | AC33: NO APLICA | AD33: =IF(AND(OR(AB33="SI",AB33="NO APLICA"), OR(AC33="SI",AC33="NO APLICA")), "CUMPLE", "NO CUMPLE") -> CUMPLE | AE33: CUMPLE | AF33: =IF(AND(OR(S33="CUMPLE",S33="NO APLICA"), OR(AA33="CUMPLE",AA33="NO APLICA"), OR(AD33="CUMPLE",AD33="NO APLICA"), OR(AE33="CUMPLE",AE33="NO APLICA")), "CUMPLE", "NO CUMPLE") -> CUMPLE | AG33: 1. CON LA ACLARACIÓN REMITIDA EN LA ETAPA DE SUBSANACIÓN MEDIANTE COMPOSICIÓN ACCIONARIA, SE IDENTIFICA QUE EL PROPONENTE ACREDITA EN DEBIDA FORMA LA EXPERIENCIA.
A34: 3 | B34: 57 | C34: General y especifica | D34: FINANCIERA DE DESARROLLO NACIONAL- FDN | E34: 07-2016 | F34: Desarrollar el plan operativo para las gerencias de los corredores y el plan de acción para la gestión eficiente de los corredores logísticos del País, incluyendo aspectos operacionales, de coordinación, institucionales, técnicos y presupuestales, entre otros, de las etapas 1 y 2. | G34: 80101600 81101500 81102200 | H34: CONSORCIO | I34: 0.55 | J34: EPYPSA S.A.S. (EPYPSA COLOMBIA) | K34: 42654 | L34: 42759 | M34: 2017 | N34: 471424000 | O34: =N34/(_xlfn.XLOOKUP(M34,'TABLA DE SMMLV'!$A$1:$A$32,'TABLA DE SMMLV'!$B$1:$B$32,"0")) -> 639.03096 | P34: 1 | Q34: =IF(AF34="CUMPLE",I34*O34*P34,0) -> 351.46703 | R34: =Q34/(3411038010/1750905) -> 0.18041 | S34: CUMPLE | T34: SI | U34: SI | V34: SI | W34: SI | X34: SI | Y34: SI | Z34: SI | AA34: =IF(AND(OR(T34="SI",T34="NO APLICA"), OR(U34="SI",U34="NO APLICA"), OR(V34="SI",V34="NO APLICA"), OR(W34="SI",W34="NO APLICA"), OR(X34="SI",X34="NO APLICA"), OR(Y34="SI",Y34="NO APLICA"), OR(Z34="SI",Z34="NO APLICA")), "CUMPLE", "NO CUMPLE") -> CUMPLE | AB34: NO APLICA | AC34: NO APLICA | AD34: =IF(AND(OR(AB34="SI",AB34="NO APLICA"), OR(AC34="SI",AC34="NO APLICA")), "CUMPLE", "NO CUMPLE") -> CUMPLE | AE34: CUMPLE | AF34: =IF(AND(OR(S34="CUMPLE",S34="NO APLICA"), OR(AA34="CUMPLE",AA34="NO APLICA"), OR(AD34="CUMPLE",AD34="NO APLICA"), OR(AE34="CUMPLE",AE34="NO APLICA")), "CUMPLE", "NO CUMPLE") -> CUMPLE | AG34: 1. CON LA ACLARACIÓN REMITIDA EN LA ETAPA DE SUBSANACIÓN MEDIANTE COMPOSICIÓN ACCIONARIA, SE IDENTIFICA QUE EL PROPONENTE ACREDITA EN DEBIDA FORMA LA EXPERIENCIA. 2. CON LA DOCUMENTACIÓN REMITIDA EN LA ETAPA DE SUBSANACIÓN, SE IDENTIFICA QUE LAS ACTIVIDADES Y ENTREGABLES SE ENCUENTRAN RELACIONADOS CON LA SOLICITUD DE EXPERIENCIA INDICADA EN EL LITERAL C DEL TÍTULO 1. EXPERIENCIA DEL PROPONENTE, QUE INDICA "...• Formulación y/o apoyo a la formulación y/o elaboración y/o estructuración de: Políticas públicas y/o planes y/o programas de: § Infraestructura de transporte y/o § Transporte de carga y/o § Transporte de pasajeros y/o § Intermodalidad y/o § Logística. - Diseño de estrategias para la solución de problemas de: § Infraestructura de transporte y/o § Transporte de carga y/o § Transporte de pasajeros y/o § Intermodalidad y/o § Logística."
A35: 4 | B35: 61 | C35: General y especifica | D35: AREA METROPOLITANA DEL VALLE DE ABURRA | E35: 001/2017 | F35: Obtener para el año 2017, la matriz Origen Destino y el modelo de transporte que representen la movilidad en el Área Metropolitana del Valle de Aburrá. | G35: 80101600 81101500 81102200 | H35: CONSORCIO | I35: 0.4 | J35: EPYPSA S.A.S. (EPYPSA COLOMBIA) | K35: 42754 | L35: 43175 | M35: 2018 | N35: 2293631103 | O35: =N35/(_xlfn.XLOOKUP(M35,'TABLA DE SMMLV'!$A$1:$A$32,'TABLA DE SMMLV'!$B$1:$B$32,"0")) -> 2935.8779 | P35: 1 | Q35: =IF(AF35="CUMPLE",I35*O35*P35,0) -> 1174.3512 | R35: =Q35/(3411038010/1750905) -> 0.60280105 | S35: CUMPLE | T35: SI | U35: SI | V35: SI | W35: SI | X35: SI | Y35: SI | Z35: SI | AA35: =IF(AND(OR(T35="SI",T35="NO APLICA"), OR(U35="SI",U35="NO APLICA"), OR(V35="SI",V35="NO APLICA"), OR(W35="SI",W35="NO APLICA"), OR(X35="SI",X35="NO APLICA"), OR(Y35="SI",Y35="NO APLICA"), OR(Z35="SI",Z35="NO APLICA")), "CUMPLE", "NO CUMPLE") -> CUMPLE | AB35: NO APLICA | AC35: NO APLICA | AD35: =IF(AND(OR(AB35="SI",AB35="NO APLICA"), OR(AC35="SI",AC35="NO APLICA")), "CUMPLE", "NO CUMPLE") -> CUMPLE | AE35: CUMPLE | AF35: =IF(AND(OR(S35="CUMPLE",S35="NO APLICA"), OR(AA35="CUMPLE",AA35="NO APLICA"), OR(AD35="CUMPLE",AD35="NO APLICA"), OR(AE35="CUMPLE",AE35="NO APLICA")), "CUMPLE", "NO CUMPLE") -> CUMPLE | AG35: 1. CON LA ACLARACIÓN REMITIDA EN LA ETAPA DE SUBSANACIÓN MEDIANTE COMPOSICIÓN ACCIONARIA, SE IDENTIFICA QUE EL PROPONENTE ACREDITA EN DEBIDA FORMA LA EXPERIENCIA. 2. CON LA DOCUMENTACIÓN REMITIDA EN LA ETAPA DE SUBSANACIÓN, SE IDENTIFICA QUE EL PROPONENE REMITIÓ LA TOTALIDAD DE REQUISITOS INDICADOS EN EL LITERAL D. DEL TÍTULO 1. EXPERIENCIA DEL PROPONENTE.
A36: 5 | O36: =N36/(_xlfn.XLOOKUP(M36,'TABLA DE SMMLV'!$A$1:$A$32,'TABLA DE SMMLV'!$B$1:$B$32,"0")) -> 0 | P36: 0 | Q36: =IF(AF36="CUMPLE",I36*O36*P36,0) -> 0 | R36: =Q36/(3411038010/1750905) -> 0 | AA36: =IF(AND(OR(T36="SI",T36="NO APLICA"), OR(U36="SI",U36="NO APLICA"), OR(V36="SI",V36="NO APLICA"), OR(W36="SI",W36="NO APLICA"), OR(X36="SI",X36="NO APLICA"), OR(Y36="SI",Y36="NO APLICA"), OR(Z36="SI",Z36="NO APLICA")), "CUMPLE", "NO CUMPLE") -> NO CUMPLE | AD36: =IF(AND(OR(AB36="SI",AB36="NO APLICA"), OR(AC36="SI",AC36="NO APLICA")), "CUMPLE", "NO CUMPLE") -> NO CUMPLE | AF36: =IF(AND(OR(S36="CUMPLE",S36="NO APLICA"), OR(AA36="CUMPLE",AA36="NO APLICA"), OR(AD36="CUMPLE",AD36="NO APLICA"), OR(AE36="CUMPLE",AE36="NO APLICA")), "CUMPLE", "NO CUMPLE") -> NO CUMPLE
A37: 6 | O37: =N37/(_xlfn.XLOOKUP(M37,'TABLA DE SMMLV'!$A$1:$A$32,'TABLA DE SMMLV'!$B$1:$B$32,"0")) -> 0 | P37: 0 | Q37: =IF(AF37="CUMPLE",I37*O37*P37,0) -> 0 | R37: =Q37/(3411038010/1750905) -> 0 | AA37: =IF(AND(OR(T37="SI",T37="NO APLICA"), OR(U37="SI",U37="NO APLICA"), OR(V37="SI",V37="NO APLICA"), OR(W37="SI",W37="NO APLICA"), OR(X37="SI",X37="NO APLICA"), OR(Y37="SI",Y37="NO APLICA"), OR(Z37="SI",Z37="NO APLICA")), "CUMPLE", "NO CUMPLE") -> NO CUMPLE | AD37: =IF(AND(OR(AB37="SI",AB37="NO APLICA"), OR(AC37="SI",AC37="NO APLICA")), "CUMPLE", "NO CUMPLE") -> NO CUMPLE | AF37: =IF(AND(OR(S37="CUMPLE",S37="NO APLICA"), OR(AA37="CUMPLE",AA37="NO APLICA"), OR(AD37="CUMPLE",AD37="NO APLICA"), OR(AE37="CUMPLE",AE37="NO APLICA")), "CUMPLE", "NO CUMPLE") -> NO CUMPLE
A38: 7 | O38: =N38/(_xlfn.XLOOKUP(M38,'TABLA DE SMMLV'!$A$1:$A$32,'TABLA DE SMMLV'!$B$1:$B$32,"0")) -> 0 | P38: 0 | Q38: =IF(AF38="CUMPLE",I38*O38*P38,0) -> 0 | R38: =Q38/(3411038010/1750905) -> 0 | AA38: =IF(AND(OR(T38="SI",T38="NO APLICA"), OR(U38="SI",U38="NO APLICA"), OR(V38="SI",V38="NO APLICA"), OR(W38="SI",W38="NO APLICA"), OR(X38="SI",X38="NO APLICA"), OR(Y38="SI",Y38="NO APLICA"), OR(Z38="SI",Z38="NO APLICA")), "CUMPLE", "NO CUMPLE") -> NO CUMPLE | AD38: =IF(AND(OR(AB38="SI",AB38="NO APLICA"), OR(AC38="SI",AC38="NO APLICA")), "CUMPLE", "NO CUMPLE") -> NO CUMPLE | AF38: =IF(AND(OR(S38="CUMPLE",S38="NO APLICA"), OR(AA38="CUMPLE",AA38="NO APLICA"), OR(AD38="CUMPLE",AD38="NO APLICA"), OR(AE38="CUMPLE",AE38="NO APLICA")), "CUMPLE", "NO CUMPLE") -> NO CUMPLE
A39: SUMATORIA TOTAL EXPRESADA EN SMMLV | Q39: =SUM(Q32:Q38) -> 3055.3108 | R39: =Q39/(3411038010/1750905) -> 1.5683082
A43: 3. PARÁMETROS GENERALES DEL REQUISITO HABILITANTE
A44: # | B44: PARÁMETRO | C44: CONDICIÓN ESTÁNDAR (máx. 5 contratos) | D44: CONDICIÓN MIPYME / EEM (máx. 7 contratos) | E44: ACREDITACIÓN | F44: REF. PLIEGO | G44: RESULTADO | H44: OBSERVACIONES
A45: 1 | B45: N° de contratos | C45: 5 | D45: 7 | E45: =COUNT(B32:B38) -> 4 | F45: Lit. A | G45: CUMPLE
A46: 2 | B46: Sumatoria total (% presupuesto en SMMLV) | C46: ≥ 100% del presupuesto oficial en SMMLV | E46: =R39 -> 1.5683082 | F46: Lit. A / P | G46: CUMPLE
A47: 3 | B47: Contrato individual mínimo (% sobre presupuesto oficial) | C47: Al menos 1 contrato ≥ 40% del presupuesto oficial en SMMLV (año terminación) | E47: =MAX(R32:R38) -> 0.67930223 | F47: Lit. A / J | G47: CUMPLE
A48: 4 | B48: Código(s) UNSPSC por contrato | C48: Mínimo 1 código UNSPSC registrado en RUP | E48: 801016 811015 811022 | F48: Lit. F | G48: CUMPLE
A49: 5 | B49: Proponente plural: % experiencia mínima aportada por un integrante | C49: Un integrante aporta mínimo 50% de la experiencia solicitada | E49: EPYPSA S.A.S APORTA 100% DE EXPERIENCIA | F49: Lit. G | G49: CUMPLE
A50: 6 | B50: RUP en firme (sin cese de efectos) | C50: RUP en firme (sin cese de efectos) | E50: RUP EN FIRME | F50: Lit. E | G50: CUMPLE
A51: 7 | B51: CUMPLE | G51: =IF(COUNTIF(G45:G50,"CUMPLE")+COUNTIF(G45:G50,"NO APLICA")=ROWS(G45:G50),"CUMPLE","NO CUMPLE") -> CUMPLE
A53: RESULTADO – EXPERIENCIA DEL PROPONENTE
A54: ¿EL PROPONENTE CUMPLE FRENTE AL CRITERIO DE EXPERIENCIA HABILITANTE? | J54: CUMPLE

Sheet EP_2
A1: SECRETARIA DE MOVILIDAD CONTEMPORÁNEA
B5: CONCURSO DE MÉRITOS SMC-CM-CS-152-2026 - PMTIC
A9: INFORMACIÓN PROPONENTE
A10: PROPONENTE | C10: CONSORCIO PMTIC CUNDINAMARCA | D10: TIPO | F10: Plural (Consorcio) | G10: NIT | H10: NO APLICA
A11: ¿ES MIPYME? | C11: SÍ | D11: ¿ES EMPRENDIMIENTO O EMPRESA DE MUJERES? | F11: SÍ | G11: FECHA EVALUACIÓN | H11: 46107
A12: SECCIÓN 4 – VERIFICACIÓN POR CONTRATO APORTADO (una fila por contrato – máx. 7)
A13: N° | B13: OBJETO DEL CONTRATO (resumen) | C13: CÓDIGO(S) UNSPSC | D13: CERTIFICADO/ACTA | E13: AÑO TERM. | F13: SMMLV (año term.) | G13: VALOR CONTRATO SEGÚN CERTIFICACION (COP) | H13: VALOR CONTRATO SEGÚN CERTIFICACION (SMLMV) | I13: CHEQUEO VALOR CONTRATO SEGÚN CERTIFICACION (SMLMV) | J13: PORCENTAJE DE PARTICIPACIÓN EN EL VALOR EJECUTADO - REPORTADO EN EL RUP (%) | K13: PORCENTAJE DEL VALOR EJECUTADO CONFORME AL OBJETO SOLICITADO (%) | L13: VALOR TOTAL FACTURADO RELACIONADO CON OBJETO DEL CONTRATO Y AFECTADO POR % DEL VALOR EJECUTADO CONFORME AL OBJETO SOLICITADO POR EL % DE PARTICIPACION DEL RUP (SMMLV) | M13: % SOBRE PRESUP. OFICIAL | N13: OBJETO ADMISIBLE (Sec.2) | O13: RESULTADO
A14: 1 | F14: =IF(E14="","Valor por definir",_xlfn.XLOOKUP(E14,'TABLA DE SMMLV'!$A$1:$A$32,'TABLA DE SMMLV'!$B$1:$B$32,"ERROR")) -> Valor por definir | I14: =IF(F14="","Valor por definir",IFERROR(G14/F14,"Revisar datos")) -> Revisar datos | L14: =H14*J14*K14 -> 0 | M14: =L14/$F$21 -> 0
A15: 2 | F15: =IF(E15="","Valor por definir",_xlfn.XLOOKUP(E15,'TABLA DE SMMLV'!$A$1:$A$32,'TABLA DE SMMLV'!$B$1:$B$32,"ERROR")) -> Valor por definir | I15: =IF(F15="","Valor por definir",IFERROR(G15/F15,"Revisar datos")) -> Revisar datos | L15: =H15*J15*K15 -> 0 | M15: =L15/$F$21 -> 0
A16: 3 | F16: =IF(E16="","Valor por definir",_xlfn.XLOOKUP(E16,'TABLA DE SMMLV'!$A$1:$A$32,'TABLA DE SMMLV'!$B$1:$B$32,"ERROR")) -> Valor por definir | I16: =IF(F16="","Valor por definir",IFERROR(G16/F16,"Revisar datos")) -> Revisar datos | L16: =H16*J16*K16 -> 0 | M16: =L16/$F$21 -> 0
A17: 4 | F17: =IF(E17="","Valor por definir",_xlfn.XLOOKUP(E17,'TABLA DE SMMLV'!$A$1:$A$32,'TABLA DE SMMLV'!$B$1:$B$32,"ERROR")) -> Valor por definir | I17: =IF(F17="","Valor por definir",IFERROR(G17/F17,"Revisar datos")) -> Revisar datos | L17: =H17*J17*K17 -> 0 | M17: =L17/$F$21 -> 0
A18: 5 | F18: =IF(E18="","Valor por definir",_xlfn.XLOOKUP(E18,'TABLA DE SMMLV'!$A$1:$A$32,'TABLA DE SMMLV'!$B$1:$B$32,"ERROR")) -> Valor por definir | I18: =IF(F18="","Valor por definir",IFERROR(G18/F18,"Revisar datos")) -> Revisar datos | L18: =H18*J18*K18 -> 0 | M18: =L18/$F$21 -> 0
A19: 6 | F19: =IF(E19="","Valor por definir",_xlfn.XLOOKUP(E19,'TABLA DE SMMLV'!$A$1:$A$32,'TABLA DE SMMLV'!$B$1:$B$32,"ERROR")) -> Valor por definir | I19: =IF(F19="","Valor por definir",IFERROR(G19/F19,"Revisar datos")) -> Revisar datos | L19: =H19*J19*K19 -> 0 | M19: =L19/$F$21 -> 0
A20: 7 | F20: =IF(E20="","Valor por definir",_xlfn.XLOOKUP(E20,'TABLA DE SMMLV'!$A$1:$A$32,'TABLA DE SMMLV'!$B$1:$B$32,"ERROR")) -> Valor por definir | I20: =IF(F20="","Valor por definir",IFERROR(G20/F20,"Revisar datos")) -> Revisar datos | L20: =H20*J20*K20 -> 0 | M20: =L20/$F$21 -> 0
A21: Presupuesto oficial | C21: COP | D21: 3411038010 | E21: SMMLV | F21: =D21/1750905 -> 1948.1571 | G21: SUMATORIA TOTAL (% sobre presupuesto oficial en SMMLV) → | L21: =SUM(L14:L20) -> 0 | M21: =L21/$F$21 -> 0
A24: 1. VERIFICACIÓN DILIGENCIAMIENTO FORMATO
A25: FORMATO | D25: ¿CUMPLE? | E25: OBSERVACIONES
A26: FORMATO 7 - EXPERIENCIA HABILITANTE DEL PROPONENTE | D26: CUMPLE
A28: 2. VERIFICACIÓN ESPECÍFICA POR CONTRATO APORTADO
A29: N° | B29: NÚMERO CONSECUTIVO DEL REPORTE DEL CONTRATO EJECUTADO EN EL RUP | C29: DESCRIPCIÓN DE LAS ACTIVIDADES EJECUTADAS | D29: ENTIDAD CONTRATANTE | E29: CONTRATO O RESOLUCION | G29: CÓDIGO(S) UNSPSC | H29: FORMA DE EJECUCIÓN | J29: INTEGRANTE QUE APORTA EXPERIENCIA | K29: FECHA DE INICIACIÓN [DIA-MES-AÑO] | L29: FECHA DE TERMINACIÓN [DIA-MES-AÑO] | M29: AÑO DE TERMINACIÓN | N29: VALOR TOTAL | O29: VERIFICACIÓN ENTIDAD
E30: NO. | F30: OBJETO | H30: I,C,UT, OTRA | I30: % PARTICIPACIÓN | O30: VALOR TOTAL DEL CONTRATO EN SMMLV | P30: PORCENTAJE DEL VALOR EJECUTADO CONFORME AL OBJETO SOLICITADO (%) | Q30: VALOR TOTAL DEL CONTRATO EN SMMLV X PORCENTAJE DE PARTICIPACIÓN X PORCENTAJE EJECUTADO CONFORME AL OBJETO SOLICITADO | R30: % SOBRE PRESUP. OFICIAL | S30: ¿OBJETO, ACTIVIDADES Y/O OBLIGACIONES CONTRACTUALES CUMPLEN? | T30: ¿LA CERTIFICACIÓN LABORAL O DOCUMENTACIÓN EQUIVALENTE CONTIENE LA INFORMACIÓN MÍNIMA REQUERIDA? | AB30: ¿LA EXPERIENCIA ES ADQUIRIDA EN EL EXTERIOR? | AE30: ¿LA EXPERIENCIA DE LA PERSONA JURÍDICA ES ACREDITADA EN DEBIDA FORMA POR UN ACCIONISTA, SOCIO O CONSTITUYENTE? | AF30: ¿LA EXPERIENCIA CUMPLE CON LOS REQUISITOS DEL PLIEGO DE CONDICIONES? | AG30: OBSERVACIONES
T31: NOMBRE O RAZÓN SOCIAL DEL CONTRATANTE | U31: NOMBRE O RAZÓN SOCIAL DEL CONTRATISTA | V31: NÚMERO DEL CONTRATO (SI TIENE) | W31: OBJETO DEL CONTRATO Y/O CARGO DESEMPEÑADO | X31: ACTIVIDADES U OBLIGACIONES DEL CONTRATO | Y31: NOMBRE, CARGO Y FIRMA DE QUIEN EXPIDE LA CERTIFICACIÓN | Z31: FECHA DE EXPEDICIÓN DE LA CERTIFICACIÓN | AA31: ¿CUMPLE? | AB31: ¿EL DOCUMENTO SE ENCUENTRA DEBIDAMENTE APOSTILLADO? | AC31: ¿LA TRADUCCIÓN SE ENCUENTRA DEBIDAMENTE REALIZADA? EN CASO DE NO REQUERIRSE APOSTILLAJE | AD31: ¿CUMPLE?
A32: 1 | B32: 82 | C32: Formulación / estructuración de planes de transporte de pasajeros / logistica | D32: PATRIMONIO AUTÓNOMO FONDO DE SEGURIDAD VIAL (NIT. 830.053.994 4) | E32: 101 DE 2022 | F32: BRINDAR ASISTENCIA TÉCNICA A LAS ENTIDADES TERRITORIALES DEFINIDAS POR LA AGENCIA NACIONAL DE SEGURIDAD VIAL PARA LA ELABORACIÓN DEL DOCUMENTO TÉCNICO DE SOPORTE DEL PLAN LOCAL DE SEGURIDAD VIAL, CON ENFOQUE TERRITORIAL ZONA DE INTERVENCIÓN N° 3. | G32: 80101600 81101500 81102200 | H32: CONSORCIO | I32: 0.33 | J32: INGEPLAN.CO SAS BIC | K32: 44831 | L32: 45133 | M32: 2023 | N32: 2140680912 | O32: =N32/(_xlfn.XLOOKUP(M32,'TABLA DE SMMLV'!$A$1:$A$32,'TABLA DE SMMLV'!$B$1:$B$32,"0")) -> 1845.4146 | P32: 1 | Q32: =IF(AF32="CUMPLE",I32*O32*P32,0) -> 608.98681 | R32: =Q32/(3411038010/1750905) -> 0.31259636 | S32: CUMPLE | T32: SI | U32: SI | V32: SI | W32: SI | X32: SI | Y32: SI | Z32: SI | AA32: =IF(AND(OR(T32="SI",T32="NO APLICA"), OR(U32="SI",U32="NO APLICA"), OR(V32="SI",V32="NO APLICA"), OR(W32="SI",W32="NO APLICA"), OR(X32="SI",X32="NO APLICA"), OR(Y32="SI",Y32="NO APLICA"), OR(Z32="SI",Z32="NO APLICA")), "CUMPLE", "NO CUMPLE") -> CUMPLE | AB32: NO APLICA | AC32: NO APLICA | AD32: =IF(AND(OR(AB32="SI",AB32="NO APLICA"), OR(AC32="SI",AC32="NO APLICA")), "CUMPLE", "NO CUMPLE") -> CUMPLE | AE32: NO APLICA | AF32: =IF(AND(OR(S32="CUMPLE",S32="NO APLICA"), OR(AA32="CUMPLE",AA32="NO APLICA"), OR(AD32="CUMPLE",AD32="NO APLICA"), OR(AE32="CUMPLE",AE32="NO APLICA")), "CUMPLE", "NO CUMPLE") -> CUMPLE
A33: 2 | B33: 15 | C33: Formulación / estructuración de planes de infraestructura de transporte | D33: Departamento del Vaupes | E33: 057 de Dic 29 de 1997 | F33: Inventario de Carreteras Departamentales y Elaboración del Plan de Transporte e Infraestructura Vial del Vaupés. | G33: 80101600 81101500 81102200 | H33: INDIVIDUAL | I33: 1 | J33: INGEPLAN.CO SAS BIC | K33: 35795 | L33: 35914 | M33: 1998 | N33: 41549070 | O33: =N33/(_xlfn.XLOOKUP(M33,'TABLA DE SMMLV'!$A$1:$A$32,'TABLA DE SMMLV'!$B$1:$B$32,"0")) -> 203.84578 | P33: 1 | Q33: =IF(AF33="CUMPLE",I33*O33*P33,0) -> 203.84578 | R33: =Q33/(3411038010/1750905) -> 0.10463519 | S33: CUMPLE | T33: SI | U33: SI | V33: SI | W33: SI | X33: SI | Y33: SI | Z33: SI | AA33: =IF(AND(OR(T33="SI",T33="NO APLICA"), OR(U33="SI",U33="NO APLICA"), OR(V33="SI",V33="NO APLICA"), OR(W33="SI",W33="NO APLICA"), OR(X33="SI",X33="NO APLICA"), OR(Y33="SI",Y33="NO APLICA"), OR(Z33="SI",Z33="NO APLICA")), "CUMPLE", "NO CUMPLE") -> CUMPLE | AB33: NO APLICA | AC33: NO APLICA | AD33: =IF(AND(OR(AB33="SI",AB33="NO APLICA"), OR(AC33="SI",AC33="NO APLICA")), "CUMPLE", "NO CUMPLE") -> CUMPLE | AE33: NO APLICA | AF33: =IF(AND(OR(S33="CUMPLE",S33="NO APLICA"), OR(AA33="CUMPLE",AA33="NO APLICA"), OR(AD33="CUMPLE",AD33="NO APLICA"), OR(AE33="CUMPLE",AE33="NO APLICA")), "CUMPLE", "NO CUMPLE") -> CUMPLE
A34: 3 | B34: 263 | C34: Elaboración de macromodelos de transporte de pasajeros Formulación / estructuración de programas de transporte de pasajeros Formulación / estructuración de programas de intermodalidad | D34: BZ METRO REGIONAL SAS | E34: BZ-062C-2016 | F34: Estructuración técnica, legal y financiera para los estudios y diseños en fase pre factibilidad (fase 1) del tren de cercanias o Metro Ligero de pasajeros Bogotá - Zipaquira | G34: 80101600 81101500 81102200 | H34: INDIVIDUAL | I34: 1 | J34: INCOPLAN IN SAS (INCOPLAN S.A Nit. 800.097.991-2) | K34: 41059 | L34: 41872 | M34: 2014 | N34: 600000000 | O34: =N34/(_xlfn.XLOOKUP(M34,'TABLA DE SMMLV'!$A$1:$A$32,'TABLA DE SMMLV'!$B$1:$B$32,"0")) -> 974.02597 | P34: 1 | Q34: =IF(AF34="CUMPLE",I34*O34*P34,0) -> 974.02597 | R34: =Q34/(3411038010/1750905) -> 0.49997301 | S34: CUMPLE | T34: SI | U34: SI | V34: SI | W34: SI | X34: SI | Y34: SI | Z34: SI | AA34: =IF(AND(OR(T34="SI",T34="NO APLICA"), OR(U34="SI",U34="NO APLICA"), OR(V34="SI",V34="NO APLICA"), OR(W34="SI",W34="NO APLICA"), OR(X34="SI",X34="NO APLICA"), OR(Y34="SI",Y34="NO APLICA"), OR(Z34="SI",Z34="NO APLICA")), "CUMPLE", "NO CUMPLE") -> CUMPLE | AB34: NO APLICA | AC34: NO APLICA | AD34: =IF(AND(OR(AB34="SI",AB34="NO APLICA"), OR(AC34="SI",AC34="NO APLICA")), "CUMPLE", "NO CUMPLE") -> CUMPLE | AE34: CUMPLE | AF34: =IF(AND(OR(S34="CUMPLE",S34="NO APLICA"), OR(AA34="CUMPLE",AA34="NO APLICA"), OR(AD34="CUMPLE",AD34="NO APLICA"), OR(AE34="CUMPLE",AE34="NO APLICA")), "CUMPLE", "NO CUMPLE") -> CUMPLE | AG34: CON LA ACLARACIÓN REMITIDA EN LA ETAPA DE SUBSANACIÓN, SE IDENTIFICA QUE EL PROPONENE REMITIÓ LA TOTALIDAD DE REQUISITOS INDICADOS EN EL LITERAL D. DEL TÍTULO 1. EXPERIENCIA DEL PROPONENTE.
A35: 4 | B35: 288 | C35: Diseño de estrategias para transporte de pasajeros | D35: SECRETARIA DISTRITAL DE MOVILIDAD | E35: 20181761 de 2018 | F35: Realizar el diagnostico, determinar el impacto en la operación del sistema integrado de transporte público y formular alternativas de mitigación del transporte informal e ilegal en Bogotá D.C. | G35: 80101600 81101500 81102200 | H35: UNION TEMPORAL | I35: 0.84 | J35: INCOPLAN IN SAS (INCOPLAN S.A Nit. 800.097.991-2) | K35: 43402 | L35: 43683 | M35: 2019 | N35: 1351052696 | O35: =N35/(_xlfn.XLOOKUP(M35,'TABLA DE SMMLV'!$A$1:$A$32,'TABLA DE SMMLV'!$B$1:$B$32,"0")) -> 1631.4776 | P35: 1 | Q35: =IF(AF35="CUMPLE",I35*O35*P35,0) -> 1370.4412 | R35: =Q35/(3411038010/1750905) -> 0.70345517 | S35: CUMPLE | T35: SI | U35: SI | V35: SI | W35: SI | X35: SI | Y35: SI | Z35: SI | AA35: =IF(AND(OR(T35="SI",T35="NO APLICA"), OR(U35="SI",U35="NO APLICA"), OR(V35="SI",V35="NO APLICA"), OR(W35="SI",W35="NO APLICA"), OR(X35="SI",X35="NO APLICA"), OR(Y35="SI",Y35="NO APLICA"), OR(Z35="SI",Z35="NO APLICA")), "CUMPLE", "NO CUMPLE") -> CUMPLE | AB35: NO APLICA | AC35: NO APLICA | AD35: =IF(AND(OR(AB35="SI",AB35="NO APLICA"), OR(AC35="SI",AC35="NO APLICA")), "CUMPLE", "NO CUMPLE") -> CUMPLE | AE35: CUMPLE | AF35: =IF(AND(OR(S35="CUMPLE",S35="NO APLICA"), OR(AA35="CUMPLE",AA35="NO APLICA"), OR(AD35="CUMPLE",AD35="NO APLICA"), OR(AE35="CUMPLE",AE35="NO APLICA")), "CUMPLE", "NO CUMPLE") -> CUMPLE | AG35: CON LA INFORMACIÓN REMITIDA EN LA ETAPA DE SUBSANACIÓN, SE IDENTIFICA QUE LAS ACTIVIDADES Y ENTREGABLES SE ENCUENTRAN RELACIONADOS CON LA SOLICITUD DE EXPERIENCIA INDICADA EN EL LITERAL C DEL TÍTULO 1. EXPERIENCIA DEL PROPONENTE, ESPECÍFICAMENTE LO ASOCIADO CON: "...•Diseño de estrategias para la solución de problemas de: § Infraestructura de transporte y/o § Transporte de carga y/o § Transporte de pasajeros y/o § Intermodalidad y/o § Logística."
A36: 5 | B36: 11 | C36: Elaboración de macromodelos de transporte de carga Formulación / estructuración de programas de logística | D36: AGENCIA NACIONAL DE INFRAESTRUCTURA ANI | E36: VE-502 del 31 de Julio de 201 | F36: Consultoría especializada para la elaboración del estudio de demanda de transporte en el corredor del río magdalena y el canal del dique | G36: 80101600 81101500 81102200 | H36: INDIVIDUAL | I36: 1 | J36: INCOPLAN IN SAS (INCOPLAN S.A Nit. 800.097.991-2) | K36: 43690 | L36: 43812 | M36: 2019 | N36: 749990000 | O36: =N36/(_xlfn.XLOOKUP(M36,'TABLA DE SMMLV'!$A$1:$A$32,'TABLA DE SMMLV'!$B$1:$B$32,"0")) -> 905.65814 | P36: 1 | Q36: =IF(AF36="CUMPLE",I36*O36*P36,0) -> 905.65814 | R36: =Q36/(3411038010/1750905) -> 0.46487942 | S36: CUMPLE | T36: SI | U36: SI | V36: SI | W36: SI | X36: SI | Y36: SI | Z36: SI | AA36: =IF(AND(OR(T36="SI",T36="NO APLICA"), OR(U36="SI",U36="NO APLICA"), OR(V36="SI",V36="NO APLICA"), OR(W36="SI",W36="NO APLICA"), OR(X36="SI",X36="NO APLICA"), OR(Y36="SI",Y36="NO APLICA"), OR(Z36="SI",Z36="NO APLICA")), "CUMPLE", "NO CUMPLE") -> CUMPLE | AB36: NO APLICA | AC36: NO APLICA | AD36: =IF(AND(OR(AB36="SI",AB36="NO APLICA"), OR(AC36="SI",AC36="NO APLICA")), "CUMPLE", "NO CUMPLE") -> CUMPLE | AE36: CUMPLE | AF36: =IF(AND(OR(S36="CUMPLE",S36="NO APLICA"), OR(AA36="CUMPLE",AA36="NO APLICA"), OR(AD36="CUMPLE",AD36="NO APLICA"), OR(AE36="CUMPLE",AE36="NO APLICA")), "CUMPLE", "NO CUMPLE") -> CUMPLE | AG36: 1. CON LA ACLARACIÓN REMITIDA EN LA ETAPA DE SUBSANACIÓN, SE IDENTIFICA QUE EL PROPONENE REMITIÓ LA TOTALIDAD DE REQUISITOS INDICADOS EN EL LITERAL D. DEL TÍTULO 1. EXPERIENCIA DEL PROPONENTE. 2. CON LA INFORMACIÓN REMITIDA EN LA ETAPA DE SUBSANACIÓN, SE IDENTIFICA QUE LAS ACTIVIDADES Y ENTREGABLES SE ENCUENTRAN RELACIONADOS CON LA SOLICITUD DE EXPERIENCIA INDICADA EN EL LITERAL C DEL TÍTULO 1. EXPERIENCIA DEL PROPONENTE, ESPECÍFICAMENTE LO ASOCIADO CON: • Elaboración de macromodelos de: § Transporte de carga y/o § Pasajeros.
A37: 6 | B37: 227 | C37: Diseño de estrategias para transporte de cargas Formulación / estructuración de programas de transporte de carga | D37: Ministerio de Minas y Energía | E37: 70-2009 | F37: La elaboración del estudio técnico sectorial "Infraestructura de transporte multímodal y de logísticas integradas para el desarrollo de la industria minera en Colombia, con énfasis en puertos'. | G37: 80101600 81101500 81102200 | H37: INDIVIDUAL | I37: 1 | J37: INCOPLAN IN SAS (INCOPLAN S.A Nit. 800.097.991-2) | K37: 40078 | L37: 40543 | M37: 2010 | N37: 1109995708 | O37: =N37/(_xlfn.XLOOKUP(M37,'TABLA DE SMMLV'!$A$1:$A$32,'TABLA DE SMMLV'!$B$1:$B$32,"0")) -> 2155.3315 | P37: 1 | Q37: =IF(AF37="CUMPLE",I37*O37*P37,0) -> 2155.3315 | R37: =Q37/(3411038010/1750905) -> 1.1063438 | S37: CUMPLE | T37: SI | U37: SI | V37: SI | W37: SI | X37: SI | Y37: SI | Z37: SI | AA37: =IF(AND(OR(T37="SI",T37="NO APLICA"), OR(U37="SI",U37="NO APLICA"), OR(V37="SI",V37="NO APLICA"), OR(W37="SI",W37="NO APLICA"), OR(X37="SI",X37="NO APLICA"), OR(Y37="SI",Y37="NO APLICA"), OR(Z37="SI",Z37="NO APLICA")), "CUMPLE", "NO CUMPLE") -> CUMPLE | AB37: NO APLICA | AC37: NO APLICA | AD37: =IF(AND(OR(AB37="SI",AB37="NO APLICA"), OR(AC37="SI",AC37="NO APLICA")), "CUMPLE", "NO CUMPLE") -> CUMPLE | AE37: CUMPLE | AF37: =IF(AND(OR(S37="CUMPLE",S37="NO APLICA"), OR(AA37="CUMPLE",AA37="NO APLICA"), OR(AD37="CUMPLE",AD37="NO APLICA"), OR(AE37="CUMPLE",AE37="NO APLICA")), "CUMPLE", "NO CUMPLE") -> CUMPLE
A38: 7 | O38: =N38/(_xlfn.XLOOKUP(M38,'TABLA DE SMMLV'!$A$1:$A$32,'TABLA DE SMMLV'!$B$1:$B$32,"0")) -> 0 | P38: 1 | Q38: =IF(AF38="CUMPLE",I38*O38*P38,0) -> 0 | R38: =Q38/(3411038010/1750905) -> 0 | AA38: =IF(AND(OR(T38="SI",T38="NO APLICA"), OR(U38="SI",U38="NO APLICA"), OR(V38="SI",V38="NO APLICA"), OR(W38="SI",W38="NO APLICA"), OR(X38="SI",X38="NO APLICA"), OR(Y38="SI",Y38="NO APLICA"), OR(Z38="SI",Z38="NO APLICA")), "CUMPLE", "NO CUMPLE") -> NO CUMPLE | AD38: =IF(AND(OR(AB38="SI",AB38="NO APLICA"), OR(AC38="SI",AC38="NO APLICA")), "CUMPLE", "NO CUMPLE") -> NO CUMPLE | AF38: =IF(AND(OR(S38="CUMPLE",S38="NO APLICA"), OR(AA38="CUMPLE",AA38="NO APLICA"), OR(AD38="CUMPLE",AD38="NO APLICA"), OR(AE38="CUMPLE",AE38="NO APLICA")), "CUMPLE", "NO CUMPLE") -> NO CUMPLE
A39: SUMATORIA TOTAL EXPRESADA EN SMMLV | Q39: =SUM(Q32:Q38) -> 6218.2894 | R39: =Q39/(3411038010/1750905) -> 3.1918829
A43: 3. PARÁMETROS GENERALES DEL REQUISITO HABILITANTE
A44: # | B44: PARÁMETRO | C44: CONDICIÓN ESTÁNDAR (máx. 5 contratos) | D44: CONDICIÓN MIPYME / EEM (máx. 7 contratos) | E44: ACREDITACIÓN | F44: REF. PLIEGO | G44: RESULTADO | H44: OBSERVACIONES
A45: 1 | B45: N° de contratos | C45: 5 | D45: 7 | E45: =COUNT(B32:B38) -> 6 | F45: Lit. A | G45: CUMPLE
A46: 2 | B46: Sumatoria total (% presupuesto en SMMLV) | C46: ≥ 100% del presupuesto oficial en SMMLV | E46: =R39 -> 3.1918829 | F46: Lit. A / P | G46: CUMPLE
A47: 3 | B47: Contrato individual mínimo (% sobre presupuesto oficial) | C47: Al menos 1 contrato ≥ 40% del presupuesto oficial en SMMLV (año terminación) | E47: =MAX(R32:R38) -> 1.1063438 | F47: Lit. A / J | G47: CUMPLE
A48: 4 | B48: Código(s) UNSPSC por contrato | C48: Mínimo 1 código UNSPSC registrado en RUP | E48: 80101600 81101500 81102200 | F48: Lit. F | G48: CUMPLE
A49: 5 | B49: Proponente plural: % experiencia mínima aportada por un integrante | C49: Un integrante aporta mínimo 50% de la experiencia solicitada | E49: INCOPLAN IN SAS | F49: Lit. G | G49: CUMPLE
A50: 6 | B50: RUP en firme (sin cese de efectos) | C50: RUP en firme (sin cese de efectos) | E50: RUP EN FIRME | F50: Lit. E | G50: CUMPLE
A51: 7 | B51: CUMPLE | G51: =IF(COUNTIF(G45:G50,"CUMPLE")+COUNTIF(G45:G50,"NO APLICA")=ROWS(G45:G50),"CUMPLE","NO CUMPLE") -> CUMPLE
A53: RESULTADO – EXPERIENCIA DEL PROPONENTE
A54: ¿EL PROPONENTE CUMPLE FRENTE AL CRITERIO DE EXPERIENCIA HABILITANTE? | J54: CUMPLE

Sheet EP_3
A1: SECRETARIA DE MOVILIDAD CONTEMPORÁNEA
B5: CONCURSO DE MÉRITOS SMC-CM-CS-152-2026 - PMTIC
A9: INFORMACIÓN PROPONENTE
A10: PROPONENTE | C10: CONSORCIO MOVILIDAD INTERMODAL 2026 | D10: TIPO | F10: Plural (Consorcio) | G10: NIT | H10: NO APLICA
A11: ¿ES MIPYME? | C11: SÍ | D11: ¿ES EMPRENDIMIENTO O EMPRESA DE MUJERES? | F11: SÍ | G11: FECHA EVALUACIÓN | H11: 46107
A12: SECCIÓN 4 – VERIFICACIÓN POR CONTRATO APORTADO (una fila por contrato – máx. 7)
A13: N° | B13: OBJETO DEL CONTRATO (resumen) | C13: CÓDIGO(S) UNSPSC | D13: CERTIFICADO/ACTA | E13: AÑO TERM. | F13: SMMLV (año term.) | G13: VALOR CONTRATO SEGÚN CERTIFICACION (COP) | H13: VALOR CONTRATO SEGÚN CERTIFICACION (SMLMV) | I13: CHEQUEO VALOR CONTRATO SEGÚN CERTIFICACION (SMLMV) | J13: PORCENTAJE DE PARTICIPACIÓN EN EL VALOR EJECUTADO - REPORTADO EN EL RUP (%) | K13: PORCENTAJE DEL VALOR EJECUTADO CONFORME AL OBJETO SOLICITADO (%) | L13: VALOR TOTAL FACTURADO RELACIONADO CON OBJETO DEL CONTRATO Y AFECTADO POR % DEL VALOR EJECUTADO CONFORME AL OBJETO SOLICITADO POR EL % DE PARTICIPACION DEL RUP (SMMLV) | M13: % SOBRE PRESUP. OFICIAL | N13: OBJETO ADMISIBLE (Sec.2) | O13: RESULTADO
A14: 1 | F14: =IF(E14="","Valor por definir",_xlfn.XLOOKUP(E14,'TABLA DE SMMLV'!$A$1:$A$32,'TABLA DE SMMLV'!$B$1:$B$32,"ERROR")) -> Valor por definir | I14: =IF(F14="","Valor por definir",IFERROR(G14/F14,"Revisar datos")) -> Revisar datos | L14: =H14*J14*K14 -> 0 | M14: =L14/$F$21 -> 0
A15: 2 | F15: =IF(E15="","Valor por definir",_xlfn.XLOOKUP(E15,'TABLA DE SMMLV'!$A$1:$A$32,'TABLA DE SMMLV'!$B$1:$B$32,"ERROR")) -> Valor por definir | I15: =IF(F15="","Valor por definir",IFERROR(G15/F15,"Revisar datos")) -> Revisar datos | L15: =H15*J15*K15 -> 0 | M15: =L15/$F$21 -> 0
A16: 3 | F16: =IF(E16="","Valor por definir",_xlfn.XLOOKUP(E16,'TABLA DE SMMLV'!$A$1:$A$32,'TABLA DE SMMLV'!$B$1:$B$32,"ERROR")) -> Valor por definir | I16: =IF(F16="","Valor por definir",IFERROR(G16/F16,"Revisar datos")) -> Revisar datos | L16: =H16*J16*K16 -> 0 | M16: =L16/$F$21 -> 0
A17: 4 | F17: =IF(E17="","Valor por definir",_xlfn.XLOOKUP(E17,'TABLA DE SMMLV'!$A$1:$A$32,'TABLA DE SMMLV'!$B$1:$B$32,"ERROR")) -> Valor por definir | I17: =IF(F17="","Valor por definir",IFERROR(G17/F17,"Revisar datos")) -> Revisar datos | L17: =H17*J17*K17 -> 0 | M17: =L17/$F$21 -> 0
A18: 5 | F18: =IF(E18="","Valor por definir",_xlfn.XLOOKUP(E18,'TABLA DE SMMLV'!$A$1:$A$32,'TABLA DE SMMLV'!$B$1:$B$32,"ERROR")) -> Valor por definir | I18: =IF(F18="","Valor por definir",IFERROR(G18/F18,"Revisar datos")) -> Revisar datos | L18: =H18*J18*K18 -> 0 | M18: =L18/$F$21 -> 0
A19: 6 | F19: =IF(E19="","Valor por definir",_xlfn.XLOOKUP(E19,'TABLA DE SMMLV'!$A$1:$A$32,'TABLA DE SMMLV'!$B$1:$B$32,"ERROR")) -> Valor por definir | I19: =IF(F19="","Valor por definir",IFERROR(G19/F19,"Revisar datos")) -> Revisar datos | L19: =H19*J19*K19 -> 0 | M19: =L19/$F$21 -> 0
A20: 7 | F20: =IF(E20="","Valor por definir",_xlfn.XLOOKUP(E20,'TABLA DE SMMLV'!$A$1:$A$32,'TABLA DE SMMLV'!$B$1:$B$32,"ERROR")) -> Valor por definir | I20: =IF(F20="","Valor por definir",IFERROR(G20/F20,"Revisar datos")) -> Revisar datos | L20: =H20*J20*K20 -> 0 | M20: =L20/$F$21 -> 0
A21: Presupuesto oficial | C21: COP | D21: 3411038010 | E21: SMMLV | F21: =D21/1750905 -> 1948.1571 | G21: SUMATORIA TOTAL (% sobre presupuesto oficial en SMMLV) → | L21: =SUM(L14:L20) -> 0 | M21: =L21/$F$21 -> 0
A24: 1. VERIFICACIÓN DILIGENCIAMIENTO FORMATO
A25: FORMATO | D25: ¿CUMPLE? | E25: OBSERVACIONES
A26: FORMATO 7 - EXPERIENCIA HABILITANTE DEL PROPONENTE | D26: CUMPLE
A28: 2. VERIFICACIÓN ESPECÍFICA POR CONTRATO APORTADO
A29: N° | B29: NÚMERO CONSECUTIVO DEL REPORTE DEL CONTRATO EJECUTADO EN EL RUP | C29: DESCRIPCIÓN DE LAS ACTIVIDADES EJECUTADAS | D29: ENTIDAD CONTRATANTE | E29: CONTRATO O RESOLUCION | G29: CÓDIGO(S) UNSPSC | H29: FORMA DE EJECUCIÓN | J29: INTEGRANTE QUE APORTA EXPERIENCIA | K29: FECHA DE INICIACIÓN [DIA-MES-AÑO] | L29: FECHA DE TERMINACIÓN [DIA-MES-AÑO] | M29: AÑO DE TERMINACIÓN | N29: VALOR TOTAL | O29: VERIFICACIÓN ENTIDAD
E30: NO. | F30: OBJETO | H30: I,C,UT, OTRA | I30: % PARTICIPACIÓN | O30: VALOR TOTAL DEL CONTRATO EN SMMLV | P30: PORCENTAJE DEL VALOR EJECUTADO CONFORME AL OBJETO SOLICITADO (%) | Q30: VALOR TOTAL DEL CONTRATO EN SMMLV X PORCENTAJE DE PARTICIPACIÓN X PORCENTAJE EJECUTADO CONFORME AL OBJETO SOLICITADO | R30: % SOBRE PRESUP. OFICIAL | S30: ¿OBJETO, ACTIVIDADES Y/O OBLIGACIONES CONTRACTUALES CUMPLEN? | T30: ¿LA CERTIFICACIÓN LABORAL O DOCUMENTACIÓN EQUIVALENTE CONTIENE LA INFORMACIÓN MÍNIMA REQUERIDA? | AB30: ¿LA EXPERIENCIA ES ADQUIRIDA EN EL EXTERIOR? | AE30: ¿LA EXPERIENCIA DE LA PERSONA JURÍDICA ES ACREDITADA EN DEBIDA FORMA POR UN ACCIONISTA, SOCIO O CONSTITUYENTE? | AF30: ¿LA EXPERIENCIA CUMPLE CON LOS REQUISITOS DEL PLIEGO DE CONDICIONES? | AG30: OBSERVACIONES
T31: NOMBRE O RAZÓN SOCIAL DEL CONTRATANTE | U31: NOMBRE O RAZÓN SOCIAL DEL CONTRATISTA | V31: NÚMERO DEL CONTRATO (SI TIENE) | W31: OBJETO DEL CONTRATO Y/O CARGO DESEMPEÑADO | X31: ACTIVIDADES U OBLIGACIONES DEL CONTRATO | Y31: NOMBRE, CARGO Y FIRMA DE QUIEN EXPIDE LA CERTIFICACIÓN | Z31: FECHA DE EXPEDICIÓN DE LA CERTIFICACIÓN | AA31: ¿CUMPLE? | AB31: ¿EL DOCUMENTO SE ENCUENTRA DEBIDAMENTE APOSTILLADO? | AC31: ¿LA TRADUCCIÓN SE ENCUENTRA DEBIDAMENTE REALIZADA? EN CASO DE NO REQUERIRSE APOSTILLAJE | AD31: ¿CUMPLE?
A32: 1 | B32: 13 | C32: Formulación y/o apoyo a la formulación y/o elaboración y/o estructuración de Políticas públicas y/o planes y/o programas; Diseño de estrategias para la solución de problemas; Elaboración de macromodelos | D32: Secretaría de obras publicas del Estado de Morelos. | E32: SOP-SSESODGLCOP- L.P.F.- 10/2015 | F32: Prestación de servicios relacionados con la obra pública consistente en “Plan Integral de movilidad urbana sustentable y el desarrollo y operación de dos corredores troncales de transporte masivo en la zona metropolitana de Cuernavaca”. | G32: 801016 - 811015 - 811022 | H32: INDIVIDUAL | I32: 1 | J32: DESARROLLO TECNOLOGÍA Y PLANEACIÓN COLOMBIA S.A.S. (DESARROLLO, TECNOLOGÍA Y PLENACIÓN S.A. DE CV NIT: 901.053.744-7) | K32: 42387 | L32: 42723 | M32: 2016 | N32: 2.864631e+09 | O32: =N32/(_xlfn.XLOOKUP(M32,'TABLA DE SMMLV'!$A$1:$A$32,'TABLA DE SMMLV'!$B$1:$B$32,"0")) -> 4154.9269 | P32: 0 | Q32: =IF(AF32="CUMPLE",I32*O32*P32,0) -> 0 | R32: =Q32/(3411038010/1750905) -> 0 | S32: NO CUMPLE | T32: SI | U32: SI | V32: SI | W32: SI | X32: SI | Y32: SI | Z32: SI | AA32: =IF(AND(OR(T32="SI",T32="NO APLICA"), OR(U32="SI",U32="NO APLICA"), OR(V32="SI",V32="NO APLICA"), OR(W32="SI",W32="NO APLICA"), OR(X32="SI",X32="NO APLICA"), OR(Y32="SI",Y32="NO APLICA"), OR(Z32="SI",Z32="NO APLICA")), "CUMPLE", "NO CUMPLE") -> CUMPLE | AB32: SI | AC32: NO APLICA | AD32: =IF(AND(OR(AB32="SI",AB32="NO APLICA"), OR(AC32="SI",AC32="NO APLICA")), "CUMPLE", "NO CUMPLE") -> CUMPLE | AE32: CUMPLE | AF32: =IF(AND(OR(S32="CUMPLE",S32="NO APLICA"), OR(AA32="CUMPLE",AA32="NO APLICA"), OR(AD32="CUMPLE",AD32="NO APLICA"), OR(AE32="CUMPLE",AE32="NO APLICA")), "CUMPLE", "NO CUMPLE") -> NO CUMPLE | AG32: 1. SE REALIZA CÁLCULO TENIENDO EN CUENTA LOS SIGUIENTES PARÁMETROS: FECHA: 19 DE DICIEMBRE DE 2016. 1 USD=20,428 MXN 1 USD =2.997,20 COP SEGÚN LO ANTERIOR, 19.524.450,15 MXN =2.864.630.996,16 COP. 2. CON LA DOCUMENTACIÓN REMITIDA, NO SE IDENTIFICA QUE EL OBJETO O LAS ACTIVIDADES SE ENCUENTREN RELACIONADOS CON LA SOLICITUD DE EXPERIENCIA INDICADA EN EL LITERAL C DEL TÍTULO 1. EXPERIENCIA DEL PROPONENTE, QUE INDICA "...C. Las certificaciones en las que consten los contratos ejecutados deben poseer objetos, actividades y/o obligaciones contractuales relacionadas con el objeto del presente proceso de selección o, con alguno de los siguientes objetos y/o actividades: • Formulación y/o apoyo a la formulación y/o elaboración y/o estructuración de: Políticas públicas y/o planes y/o programas de: § Infraestructura de transporte y/o § Transporte de carga y/o § Transporte de pasajeros y/o § Intermodalidad y/o § Logística. • Diseño de estrategias para la solución de problemas de: § Infraestructura de transporte y/o § Transporte de carga y/o § Transporte de pasajeros y/o § Intermodalidad y/o § Logística. • Elaboración de macromodelos de: § Transporte de carga y/o § Pasajeros..."
A33: 2 | B33: 15 | C33: Formulación y/o apoyo a la formulación y/o elaboración y/o estructuración de Políticas públicas y/o planes y/o programas; Diseño de estrategias para la solución de problemas; Elaboración de macromodelos | D33: Alcaldía de La Dorada, Caldas | E33: 11071901 | F33: Contrato de consultoría para la elaboración, apoyo pedagógico y socialización del Plan Maestro de Movilidad del municipio de La Dorada, Caldas | G33: 801016 - 811015 - 801022 | H33: CONSORCIO | I33: 0.6 | J33: DESARROLLO TECNOLOGÍA Y PLANEACIÓN COLOMBIA S.A.S. (DESARROLLO, TECNOLOGÍA Y PLENACIÓN S.A. DE CV NIT: 901.053.744-7) | K33: 43657 | L33: 43815 | M33: 2019 | N33: 800000000 | O33: =N33/(_xlfn.XLOOKUP(M33,'TABLA DE SMMLV'!$A$1:$A$32,'TABLA DE SMMLV'!$B$1:$B$32,"0")) -> 966.04823 | P33: 1 | Q33: =IF(AF33="CUMPLE",I33*O33*P33,0) -> 579.62894 | R33: =Q33/(3411038010/1750905) -> 0.2975268 | S33: CUMPLE | T33: SI | U33: SI | V33: SI | W33: SI | X33: SI | Y33: SI | Z33: SI | AA33: =IF(AND(OR(T33="SI",T33="NO APLICA"), OR(U33="SI",U33="NO APLICA"), OR(V33="SI",V33="NO APLICA"), OR(W33="SI",W33="NO APLICA"), OR(X33="SI",X33="NO APLICA"), OR(Y33="SI",Y33="NO APLICA"), OR(Z33="SI",Z33="NO APLICA")), "CUMPLE", "NO CUMPLE") -> CUMPLE | AB33: NO APLICA | AC33: NO APLICA | AD33: =IF(AND(OR(AB33="SI",AB33="NO APLICA"), OR(AC33="SI",AC33="NO APLICA")), "CUMPLE", "NO CUMPLE") -> CUMPLE | AE33: CUMPLE | AF33: =IF(AND(OR(S33="CUMPLE",S33="NO APLICA"), OR(AA33="CUMPLE",AA33="NO APLICA"), OR(AD33="CUMPLE",AD33="NO APLICA"), OR(AE33="CUMPLE",AE33="NO APLICA")), "CUMPLE", "NO CUMPLE") -> CUMPLE | AG33: 1. DE CONFORMIDAD CON EL LITERAL Q DEL TÍTULO DE EXPERIENCIA DEL PROPONENTE, LA INFORMACIÓN REPORTADA EN EL RUP PREVALECE. POR LO ANTERIOR, DADA LA EXPLICACIÓN BRINDADA, LA EXPERIENCIA ES VÁLIDA Y ESTÁ JUSTIFICADA LA EXPLICACIÓN QUE BRINDA EL PROPONENTE.
A34: 3 | B34: 9 | C34: Formulación y/o apoyo a la formulación y/o elaboración y/o estructuración de Políticas públicas y/o planes y/o programas; Diseño de estrategias para la solución de problemas; Elaboración de macromodelos | D34: Unión temporal CIPINYPSA- Q&A | E34: 008 del 5 de julio de 2012 | F34: Realizar la gestión integral de la unidad técnica, para la estructuración de concesiones viales para el Grupo 4 Norte | G34: 801016 - 811015 | H34: INDIVIDUAL | I34: 1 | J34: GESTORA DE PROYECTOS DE INGENIERÍA E INFRAESTRUCTURA S.A.S. | K34: 41456 | L34: 41699 | M34: 2014 | N34: 1358791228 | O34: =N34/(_xlfn.XLOOKUP(M34,'TABLA DE SMMLV'!$A$1:$A$32,'TABLA DE SMMLV'!$B$1:$B$32,"0")) -> 2205.8299 | P34: 0 | Q34: =IF(AF34="CUMPLE",I34*O34*P34,0) -> 0 | R34: =Q34/(3411038010/1750905) -> 0 | S34: NO CUMPLE | T34: SI | U34: SI | V34: SI | W34: SI | X34: SI | Y34: SI | Z34: SI | AA34: =IF(AND(OR(T34="SI",T34="NO APLICA"), OR(U34="SI",U34="NO APLICA"), OR(V34="SI",V34="NO APLICA"), OR(W34="SI",W34="NO APLICA"), OR(X34="SI",X34="NO APLICA"), OR(Y34="SI",Y34="NO APLICA"), OR(Z34="SI",Z34="NO APLICA")), "CUMPLE", "NO CUMPLE") -> CUMPLE | AB34: NO APLICA | AC34: NO APLICA | AD34: =IF(AND(OR(AB34="SI",AB34="NO APLICA"), OR(AC34="SI",AC34="NO APLICA")), "CUMPLE", "NO CUMPLE") -> CUMPLE | AE34: NO APLICA | AF34: =IF(AND(OR(S34="CUMPLE",S34="NO APLICA"), OR(AA34="CUMPLE",AA34="NO APLICA"), OR(AD34="CUMPLE",AD34="NO APLICA"), OR(AE34="CUMPLE",AE34="NO APLICA")), "CUMPLE", "NO CUMPLE") -> NO CUMPLE | AG34: 1. SE CORRIGE AÑO DE TERMINACIÓN DE FORMATO (2013), EL CUAL CORRESPONDE REALMENTE AL 2014 SEGÚN FECHA DE EXPEDICIÓN DE CERTIFICADO. SI LA CORRECCIÓN NO OBEDECE A LA REALIDAD, SE DEBE REMITIR ACLARACIÓN Y/O DOCUMENTACIÓN EQUIVALENTE SOPORTE ACEPTADA POR TÉRMINOS DE REFERENCIA, A SABER: "...S. Se admitirá como documento equivalente a las certificaciones de contratos ejecutados, la presentación de copia del contrato y sus respectivos anexos técnicos y otrosíes (si hay lugar a ello), siempre que se acompañen de la respectiva acta de liquidación o de terminación o de recibo final. Estos documentos deben incluir la información mínima que se solicita para las certificaciones contractuales..." 2. LA CERTIFICACIÓN INDICA QUE EL CONTRATO SE ENCUENTRA EN EJECUCIÓN Y NO SE REMITEN DOCUMENTOS EQUIVALENTES QUE PERMITAN CONSTATAR LA INFORMACIÓN SEGÚN EL NUMERAL S. DEL TÍTULO 1. EXPERIENCIA DEL PROPONENTE, EL CUAL INDICA: "...S. Se admitirá como documento equivalente a las certificaciones de contratos ejecutados, la presentación de copia del contrato y sus respectivos anexos técnicos y otrosíes (si hay lugar a ello), siempre que se acompañen de la respectiva acta de liquidación o de terminación o de recibo final. Estos documentos deben incluir la información mínima que se solicita para las certificaciones contractuales..." EN ESE SENTIDO, SE DEBE PRESENTAR SUBSANACIÓN REMITIENDO LA DOCUMENTACIÓN EQUIVALENTE PERMITIDA POR LOS PLIEGOS DE CONDICIONES DEFINITIVOS PARA CONSTATAR LA FECHA DE TERMINACIÓN. SE RECUERDA QUE EL LITERAL S DEL MENCIONADO TÍTULO SEÑALA COMO DOCUMENTOS EQUIVALENTES: "...S. Se admitirá como documento equivalente a las certificaciones de contratos ejecutados, la presentación de copia del contrato y sus respectivos anexos técnicos y otrosíes (si hay lugar a ello), siempre que se acompañen de la respectiva acta de liquidación o de terminación o de recibo final. Estos documentos deben incluir la información mínima que se solicita para las certificaciones contractuales..." 3. FRENTE A LA VERIFICACIÓN DEL CERTIFICADO, SE IDENTIFICA QUE EL OBJETO Y LAS OBLIGACIONES DE LA CERTIFICACIÓN NO SE ENCUENTRAN RELACIONADOS CON LA SOLICITUD DE EXPERIENCIA INDICADA EN EL LITERAL C DEL TÍTULO 1. EXPERIENCIA DEL PROPONENTE, QUE INDICA "...C. Las certificaciones en las que consten los contratos ejecutados deben poseer objetos, actividades y/o obligaciones contractuales relacionadas con el objeto del presente proceso de selección o, con alguno de los siguientes objetos y/o actividades: • Formulación y/o apoyo a la formulación y/o elaboración y/o estructuración de: Políticas públicas y/o planes y/o programas de: § Infraestructura de transporte y/o § Transporte de carga y/o § Transporte de pasajeros y/o § Intermodalidad y/o § Logística. • Diseño de estrategias para la solución de problemas de: § Infraestructura de transporte y/o § Transporte de carga y/o § Transporte de pasajeros y/o § Intermodalidad y/o § Logística. • Elaboración de macromodelos de: § Transporte de carga y/o § Pasajeros..."
A35: 4 | B35: 11 | C35: Formulación y/o apoyo a la formulación y/o elaboración y/o estructuración de Políticas públicas y/o planes y/o programas; Diseño de estrategias para la solución de problemas; Elaboración de macromodelos | D35: Fondo Financiero de Proyectos de Desarrollo - FONADE | E35: 2170768 | F35: Estructuración integral para la construcción del terminar de transporte fronterizo en el municipio de San Miguel (Putumayo) | G35: 801016 - 811015 | H35: CONSORCIO | I35: 0.5 | J35: GESTORA DE PROYECTOS DE INGENIERÍA E INFRAESTRUCTURA S.A.S. | K35: 42933 | L35: 43239 | M35: 2018 | N35: 0 | O35: =N35/(_xlfn.XLOOKUP(M35,'TABLA DE SMMLV'!$A$1:$A$32,'TABLA DE SMMLV'!$B$1:$B$32,"0")) -> 0 | P35: 0 | Q35: =IF(AF35="CUMPLE",I35*O35*P35,0) -> 0 | R35: =Q35/(3411038010/1750905) -> 0 | S35: NO CUMPLE | T35: NO | U35: NO | V35: NO | W35: NO | X35: NO | Y35: NO | Z35: NO | AA35: =IF(AND(OR(T35="SI",T35="NO APLICA"), OR(U35="SI",U35="NO APLICA"), OR(V35="SI",V35="NO APLICA"), OR(W35="SI",W35="NO APLICA"), OR(X35="SI",X35="NO APLICA"), OR(Y35="SI",Y35="NO APLICA"), OR(Z35="SI",Z35="NO APLICA")), "CUMPLE", "NO CUMPLE") -> NO CUMPLE | AB35: NO APLICA | AC35: NO APLICA | AD35: =IF(AND(OR(AB35="SI",AB35="NO APLICA"), OR(AC35="SI",AC35="NO APLICA")), "CUMPLE", "NO CUMPLE") -> CUMPLE | AE35: NO APLICA | AF35: =IF(AND(OR(S35="CUMPLE",S35="NO APLICA"), OR(AA35="CUMPLE",AA35="NO APLICA"), OR(AD35="CUMPLE",AD35="NO APLICA"), OR(AE35="CUMPLE",AE35="NO APLICA")), "CUMPLE", "NO CUMPLE") -> NO CUMPLE | AG35: FRENTE A LA VERIFICACIÓN DE LA DOCUMENTACIÓN ALLEGADA, SE IDENTIFICA QUE EL OBJETO Y LAS OBLIGACIONES DE LA CERTIFICACIÓN NO SE ENCUENTRAN RELACIONADOS CON LA SOLICITUD DE EXPERIENCIA INDICADA EN EL LITERAL C DEL TÍTULO 1. EXPERIENCIA DEL PROPONENTE, QUE INDICA"...C. Las certificaciones en las que consten los contratos ejecutados deben poseer objetos, actividades y/o obligaciones contractuales relacionadas con el objeto del presente proceso de selección o, con alguno de los siguientes objetos y/o actividades: • Formulación y/o apoyo a la formulación y/o elaboración y/o estructuración de: Políticas públicas y/o planes y/o programas de: § Infraestructura de transporte y/o § Transporte de carga y/o § Transporte de pasajeros y/o § Intermodalidad y/o § Logística. • Diseño de estrategias para la solución de problemas de: § Infraestructura de transporte y/o § Transporte de carga y/o § Transporte de pasajeros y/o § Intermodalidad y/o § Logística. • Elaboración de macromodelos de: § Transporte de carga y/o § Pasajeros..."
A36: 5 | O36: =N36/(_xlfn.XLOOKUP(M36,'TABLA DE SMMLV'!$A$1:$A$32,'TABLA DE SMMLV'!$B$1:$B$32,"0")) -> 0 | P36: 0 | Q36: =IF(AF36="CUMPLE",I36*O36*P36,0) -> 0 | R36: =Q36/(3411038010/1750905) -> 0 | AA36: =IF(AND(OR(T36="SI",T36="NO APLICA"), OR(U36="SI",U36="NO APLICA"), OR(V36="SI",V36="NO APLICA"), OR(W36="SI",W36="NO APLICA"), OR(X36="SI",X36="NO APLICA"), OR(Y36="SI",Y36="NO APLICA"), OR(Z36="SI",Z36="NO APLICA")), "CUMPLE", "NO CUMPLE") -> NO CUMPLE | AD36: =IF(AND(OR(AB36="SI",AB36="NO APLICA"), OR(AC36="SI",AC36="NO APLICA")), "CUMPLE", "NO CUMPLE") -> NO CUMPLE | AF36: =IF(AND(OR(S36="CUMPLE",S36="NO APLICA"), OR(AA36="CUMPLE",AA36="NO APLICA"), OR(AD36="CUMPLE",AD36="NO APLICA"), OR(AE36="CUMPLE",AE36="NO APLICA")), "CUMPLE", "NO CUMPLE") -> NO CUMPLE
A37: 6 | O37: =N37/(_xlfn.XLOOKUP(M37,'TABLA DE SMMLV'!$A$1:$A$32,'TABLA DE SMMLV'!$B$1:$B$32,"0")) -> 0 | P37: 0 | Q37: =IF(AF37="CUMPLE",I37*O37*P37,0) -> 0 | R37: =Q37/(3411038010/1750905) -> 0 | AA37: =IF(AND(OR(T37="SI",T37="NO APLICA"), OR(U37="SI",U37="NO APLICA"), OR(V37="SI",V37="NO APLICA"), OR(W37="SI",W37="NO APLICA"), OR(X37="SI",X37="NO APLICA"), OR(Y37="SI",Y37="NO APLICA"), OR(Z37="SI",Z37="NO APLICA")), "CUMPLE", "NO CUMPLE") -> NO CUMPLE | AD37: =IF(AND(OR(AB37="SI",AB37="NO APLICA"), OR(AC37="SI",AC37="NO APLICA")), "CUMPLE", "NO CUMPLE") -> NO CUMPLE | AF37: =IF(AND(OR(S37="CUMPLE",S37="NO APLICA"), OR(AA37="CUMPLE",AA37="NO APLICA"), OR(AD37="CUMPLE",AD37="NO APLICA"), OR(AE37="CUMPLE",AE37="NO APLICA")), "CUMPLE", "NO CUMPLE") -> NO CUMPLE
A38: 7 | O38: =N38/(_xlfn.XLOOKUP(M38,'TABLA DE SMMLV'!$A$1:$A$32,'TABLA DE SMMLV'!$B$1:$B$32,"0")) -> 0 | P38: 0 | Q38: =IF(AF38="CUMPLE",I38*O38*P38,0) -> 0 | R38: =Q38/(3411038010/1750905) -> 0 | AA38: =IF(AND(OR(T38="SI",T38="NO APLICA"), OR(U38="SI",U38="NO APLICA"), OR(V38="SI",V38="NO APLICA"), OR(W38="SI",W38="NO APLICA"), OR(X38="SI",X38="NO APLICA"), OR(Y38="SI",Y38="NO APLICA"), OR(Z38="SI",Z38="NO APLICA")), "CUMPLE", "NO CUMPLE") -> NO CUMPLE | AD38: =IF(AND(OR(AB38="SI",AB38="NO APLICA"), OR(AC38="SI",AC38="NO APLICA")), "CUMPLE", "NO CUMPLE") -> NO CUMPLE | AF38: =IF(AND(OR(S38="CUMPLE",S38="NO APLICA"), OR(AA38="CUMPLE",AA38="NO APLICA"), OR(AD38="CUMPLE",AD38="NO APLICA"), OR(AE38="CUMPLE",AE38="NO APLICA")), "CUMPLE", "NO CUMPLE") -> NO CUMPLE
A39: SUMATORIA TOTAL EXPRESADA EN SMMLV | Q39: =SUM(Q32:Q38) -> 579.62894 | R39: =Q39/(3411038010/1750905) -> 0.2975268
A43: 3. PARÁMETROS GENERALES DEL REQUISITO HABILITANTE
A44: # | B44: PARÁMETRO | C44: CONDICIÓN ESTÁNDAR (máx. 5 contratos) | D44: CONDICIÓN MIPYME / EEM (máx. 7 contratos) | E44: ACREDITACIÓN | F44: REF. PLIEGO | G44: RESULTADO | H44: OBSERVACIONES
A45: 1 | B45: N° de contratos | C45: 5 | D45: 7 | E45: =COUNT(B32:B38) -> 4 | F45: Lit. A | G45: CUMPLE
A46: 2 | B46: Sumatoria total (% presupuesto en SMMLV) | C46: ≥ 100% del presupuesto oficial en SMMLV | E46: =R39 -> 0.2975268 | F46: Lit. A / P | G46: NO CUMPLE
A47: 3 | B47: Contrato individual mínimo (% sobre presupuesto oficial) | C47: Al menos 1 contrato ≥ 40% del presupuesto oficial en SMMLV (año terminación) | E47: =MAX(R32:R38) -> 0.2975268 | F47: Lit. A / J | G47: NO CUMPLE
A48: 4 | B48: Código(s) UNSPSC por contrato | C48: Mínimo 1 código UNSPSC registrado en RUP | E48: 801016 811015 811022 | F48: Lit. F | G48: CUMPLE
A49: 5 | B49: Proponente plural: % experiencia mínima aportada por un integrante | C49: Un integrante aporta mínimo 50% de la experiencia solicitada | F49: Lit. G | G49: NO CUMPLE
A50: 6 | B50: RUP en firme (sin cese de efectos) | C50: RUP en firme (sin cese de efectos) | F50: Lit. E | G50: NO CUMPLE
A51: 7 | B51: CUMPLE | G51: =IF(COUNTIF(G45:G50,"CUMPLE")+COUNTIF(G45:G50,"NO APLICA")=ROWS(G45:G50),"CUMPLE","NO CUMPLE") -> NO CUMPLE
A53: RESULTADO – EXPERIENCIA DEL PROPONENTE
A54: ¿EL PROPONENTE CUMPLE FRENTE AL CRITERIO DE EXPERIENCIA HABILITANTE? | J54: RECHAZADO

Sheet EP_4
A1: SECRETARIA DE MOVILIDAD CONTEMPORÁNEA
B5: CONCURSO DE MÉRITOS SMC-CM-CS-152-2026 - PMTIC
A9: INFORMACIÓN PROPONENTE
A10: PROPONENTE | C10: CONSORCIO CONEXIÓN INTERMODAL | D10: TIPO | F10: Plural (Consorcio) | G10: NIT | H10: NO APLICA
A11: ¿ES MIPYME? | C11: SÍ | D11: ¿ES EMPRENDIMIENTO O EMPRESA DE MUJERES? | F11: SÍ | G11: FECHA EVALUACIÓN | H11: 46107
A12: SECCIÓN 4 – VERIFICACIÓN POR CONTRATO APORTADO (una fila por contrato – máx. 7)
A13: N° | B13: OBJETO DEL CONTRATO (resumen) | C13: CÓDIGO(S) UNSPSC | D13: CERTIFICADO/ACTA | E13: AÑO TERM. | F13: SMMLV (año term.) | G13: VALOR CONTRATO SEGÚN CERTIFICACION (COP) | H13: VALOR CONTRATO SEGÚN CERTIFICACION (SMLMV) | I13: CHEQUEO VALOR CONTRATO SEGÚN CERTIFICACION (SMLMV) | J13: PORCENTAJE DE PARTICIPACIÓN EN EL VALOR EJECUTADO - REPORTADO EN EL RUP (%) | K13: PORCENTAJE DEL VALOR EJECUTADO CONFORME AL OBJETO SOLICITADO (%) | L13: VALOR TOTAL FACTURADO RELACIONADO CON OBJETO DEL CONTRATO Y AFECTADO POR % DEL VALOR EJECUTADO CONFORME AL OBJETO SOLICITADO POR EL % DE PARTICIPACION DEL RUP (SMMLV) | M13: % SOBRE PRESUP. OFICIAL | N13: OBJETO ADMISIBLE (Sec.2) | O13: RESULTADO
A14: 1 | F14: =IF(E14="","Valor por definir",_xlfn.XLOOKUP(E14,'TABLA DE SMMLV'!$A$1:$A$32,'TABLA DE SMMLV'!$B$1:$B$32,"ERROR")) -> Valor por definir | I14: =IF(F14="","Valor por definir",IFERROR(G14/F14,"Revisar datos")) -> Revisar datos | L14: =H14*J14*K14 -> 0 | M14: =L14/$F$21 -> 0
A15: 2 | F15: =IF(E15="","Valor por definir",_xlfn.XLOOKUP(E15,'TABLA DE SMMLV'!$A$1:$A$32,'TABLA DE SMMLV'!$B$1:$B$32,"ERROR")) -> Valor por definir | I15: =IF(F15="","Valor por definir",IFERROR(G15/F15,"Revisar datos")) -> Revisar datos | L15: =H15*J15*K15 -> 0 | M15: =L15/$F$21 -> 0
A16: 3 | F16: =IF(E16="","Valor por definir",_xlfn.XLOOKUP(E16,'TABLA DE SMMLV'!$A$1:$A$32,'TABLA DE SMMLV'!$B$1:$B$32,"ERROR")) -> Valor por definir | I16: =IF(F16="","Valor por definir",IFERROR(G16/F16,"Revisar datos")) -> Revisar datos | L16: =H16*J16*K16 -> 0 | M16: =L16/$F$21 -> 0
A17: 4 | F17: =IF(E17="","Valor por definir",_xlfn.XLOOKUP(E17,'TABLA DE SMMLV'!$A$1:$A$32,'TABLA DE SMMLV'!$B$1:$B$32,"ERROR")) -> Valor por definir | I17: =IF(F17="","Valor por definir",IFERROR(G17/F17,"Revisar datos")) -> Revisar datos | L17: =H17*J17*K17 -> 0 | M17: =L17/$F$21 -> 0
A18: 5 | F18: =IF(E18="","Valor por definir",_xlfn.XLOOKUP(E18,'TABLA DE SMMLV'!$A$1:$A$32,'TABLA DE SMMLV'!$B$1:$B$32,"ERROR")) -> Valor por definir | I18: =IF(F18="","Valor por definir",IFERROR(G18/F18,"Revisar datos")) -> Revisar datos | L18: =H18*J18*K18 -> 0 | M18: =L18/$F$21 -> 0
A19: 6 | F19: =IF(E19="","Valor por definir",_xlfn.XLOOKUP(E19,'TABLA DE SMMLV'!$A$1:$A$32,'TABLA DE SMMLV'!$B$1:$B$32,"ERROR")) -> Valor por definir | I19: =IF(F19="","Valor por definir",IFERROR(G19/F19,"Revisar datos")) -> Revisar datos | L19: =H19*J19*K19 -> 0 | M19: =L19/$F$21 -> 0
A20: 7 | F20: =IF(E20="","Valor por definir",_xlfn.XLOOKUP(E20,'TABLA DE SMMLV'!$A$1:$A$32,'TABLA DE SMMLV'!$B$1:$B$32,"ERROR")) -> Valor por definir | I20: =IF(F20="","Valor por definir",IFERROR(G20/F20,"Revisar datos")) -> Revisar datos | L20: =H20*J20*K20 -> 0 | M20: =L20/$F$21 -> 0
A21: Presupuesto oficial | C21: COP | D21: 3411038010 | E21: SMMLV | F21: =D21/1750905 -> 1948.1571 | G21: SUMATORIA TOTAL (% sobre presupuesto oficial en SMMLV) → | L21: =SUM(L14:L20) -> 0 | M21: =L21/$F$21 -> 0
A24: 1. VERIFICACIÓN DILIGENCIAMIENTO FORMATO
A25: FORMATO | D25: ¿CUMPLE? | E25: OBSERVACIONES
A26: FORMATO 7 - EXPERIENCIA HABILITANTE DEL PROPONENTE | D26: CUMPLE
A28: 2. VERIFICACIÓN ESPECÍFICA POR CONTRATO APORTADO
A29: N° | B29: NÚMERO CONSECUTIVO DEL REPORTE DEL CONTRATO EJECUTADO EN EL RUP | C29: DESCRIPCIÓN DE LAS ACTIVIDADES EJECUTADAS | D29: ENTIDAD CONTRATANTE | E29: CONTRATO O RESOLUCION | G29: CÓDIGO(S) UNSPSC | H29: FORMA DE EJECUCIÓN | J29: INTEGRANTE QUE APORTA EXPERIENCIA | K29: FECHA DE INICIACIÓN [DIA-MES-AÑO] | L29: FECHA DE TERMINACIÓN [DIA-MES-AÑO] | M29: AÑO DE TERMINACIÓN | N29: VALOR TOTAL | O29: VERIFICACIÓN ENTIDAD
E30: NO. | F30: OBJETO | H30: I,C,UT, OTRA | I30: % PARTICIPACIÓN | O30: VALOR TOTAL DEL CONTRATO EN SMMLV | P30: PORCENTAJE DEL VALOR EJECUTADO CONFORME AL OBJETO SOLICITADO (%) | Q30: VALOR TOTAL DEL CONTRATO EN SMMLV X PORCENTAJE DE PARTICIPACIÓN X PORCENTAJE EJECUTADO CONFORME AL OBJETO SOLICITADO | R30: % SOBRE PRESUP. OFICIAL | S30: ¿OBJETO, ACTIVIDADES Y/O OBLIGACIONES CONTRACTUALES CUMPLEN? | T30: ¿LA CERTIFICACIÓN LABORAL O DOCUMENTACIÓN EQUIVALENTE CONTIENE LA INFORMACIÓN MÍNIMA REQUERIDA? | AB30: ¿LA EXPERIENCIA ES ADQUIRIDA EN EL EXTERIOR? | AE30: ¿LA EXPERIENCIA DE LA PERSONA JURÍDICA ES ACREDITADA EN DEBIDA FORMA POR UN ACCIONISTA, SOCIO O CONSTITUYENTE? | AF30: ¿LA EXPERIENCIA CUMPLE CON LOS REQUISITOS DEL PLIEGO DE CONDICIONES? | AG30: OBSERVACIONES
T31: NOMBRE O RAZÓN SOCIAL DEL CONTRATANTE | U31: NOMBRE O RAZÓN SOCIAL DEL CONTRATISTA | V31: NÚMERO DEL CONTRATO (SI TIENE) | W31: OBJETO DEL CONTRATO Y/O CARGO DESEMPEÑADO | X31: ACTIVIDADES U OBLIGACIONES DEL CONTRATO | Y31: NOMBRE, CARGO Y FIRMA DE QUIEN EXPIDE LA CERTIFICACIÓN | Z31: FECHA DE EXPEDICIÓN DE LA CERTIFICACIÓN | AA31: ¿CUMPLE? | AB31: ¿EL DOCUMENTO SE ENCUENTRA DEBIDAMENTE APOSTILLADO? | AC31: ¿LA TRADUCCIÓN SE ENCUENTRA DEBIDAMENTE REALIZADA? EN CASO DE NO REQUERIRSE APOSTILLAJE | AD31: ¿CUMPLE?
A32: 1 | B32: 61 | C32: General - Estructuración de un proyecto de infraestructura de transporte | D32: Alcaldía de Sincelejo | E32: CM-004-2022 | F32: Desarrollo de Consultoría Para la valoración Financiera y Análisis De Modelo Jurídico del Proyecto de Terminal de Transporte para el Municipio De Sincelejo, BPIN 2021700010262. | G32: 801016 - 811015 - 811022 | H32: CONSORCIO | I32: 0.9 | J32: Beta Group Services SAS BIC | K32: 44861 | L32: 44984 | M32: 2023 | N32: 304574000 | O32: =N32/(_xlfn.XLOOKUP(M32,'TABLA DE SMMLV'!$A$1:$A$32,'TABLA DE SMMLV'!$B$1:$B$32,"0")) -> 262.56379 | P32: =IF(S32="CUMPLE",100%,0%) -> 0 | Q32: =IF(AF32="CUMPLE",I32*O32*P32,0) -> 0 | R32: =Q32/(3411038010/1750905) -> 0 | S32: NO CUMPLE | T32: SI | U32: SI | V32: SI | W32: SI | X32: SI | Y32: SI | Z32: SI | AA32: =IF(AND(OR(T32="SI",T32="NO APLICA"), OR(U32="SI",U32="NO APLICA"), OR(V32="SI",V32="NO APLICA"), OR(W32="SI",W32="NO APLICA"), OR(X32="SI",X32="NO APLICA"), OR(Y32="SI",Y32="NO APLICA"), OR(Z32="SI",Z32="NO APLICA")), "CUMPLE", "NO CUMPLE") -> CUMPLE | AB32: NO APLICA | AC32: NO APLICA | AD32: =IF(AND(OR(AB32="SI",AB32="NO APLICA"), OR(AC32="SI",AC32="NO APLICA")), "CUMPLE", "NO CUMPLE") -> CUMPLE | AE32: NO APLICA | AF32: =IF(AND(OR(S32="CUMPLE",S32="NO APLICA"), OR(AA32="CUMPLE",AA32="NO APLICA"), OR(AD32="CUMPLE",AD32="NO APLICA"), OR(AE32="CUMPLE",AE32="NO APLICA")), "CUMPLE", "NO CUMPLE") -> NO CUMPLE | AG32: 1. FRENTE A LA VERIFICACIÓN DE LA DOCUMENTACIÓN ALLEGADA CON LA REMISIÓN DE LA PROPUESTA Y LA ACLARACIÓN REALIZADA EN LA ETAPA DE SUBSANACIÓN, SE IDENTIFICA QUE EL OBJETO Y LAS OBLIGACIONES DE LA CERTIFICACIÓN NO SE ENCUENTRAN RELACIONADOS CON LA SOLICITUD DE EXPERIENCIA INDICADA EN EL LITERAL C DEL TÍTULO 1. EXPERIENCIA DEL PROPONENTE, QUE INDICA "...C. Las certificaciones en las que consten los contratos ejecutados deben poseer objetos, actividades y/o obligaciones contractuales relacionadas con el objeto del presente proceso de selección o, con alguno de los siguientes objetos y/o actividades: • Formulación y/o apoyo a la formulación y/o elaboración y/o estructuración de: Políticas públicas y/o planes y/o programas de: § Infraestructura de transporte y/o § Transporte de carga y/o § Transporte de pasajeros y/o § Intermodalidad y/o § Logística. • Diseño de estrategias para la solución de problemas de: § Infraestructura de transporte y/o § Transporte de carga y/o § Transporte de pasajeros y/o § Intermodalidad y/o § Logística. • Elaboración de macromodelos de: § Transporte de carga y/o § Pasajeros..."
A33: 2 | B33: 54 | C33: General - formulación e implementación de planes | D33: Patrimonio Autónomo Fondo de Seguridad Via | E33: 095 – 2022 | F33: Acompañar técnicamente a las instituciones educativas de municipios priorizados por la agencia nacional de seguridad vial, para la estructuración, implementación y seguimiento de los planes de movilidad escolar, con énfasis en educación vial. | G33: 801016 - 811015 - 811022 | H33: CONSORCIO | I33: 0.33 | J33: Beta Group Services SAS BIC | K33: 44664 | L33: 44998 | M33: 2023 | N33: 2164748176 | O33: =N33/(_xlfn.XLOOKUP(M33,'TABLA DE SMMLV'!$A$1:$A$32,'TABLA DE SMMLV'!$B$1:$B$32,"0")) -> 1866.1622 | P33: =IF(S33="CUMPLE",100%,0%) -> 1 | Q33: =IF(AF33="CUMPLE",I33*O33*P33,0) -> 615.83353 | R33: =Q33/(3411038010/1750905) -> 0.31611082 | S33: CUMPLE | T33: SI | U33: SI | V33: SI | W33: SI | X33: SI | Y33: SI | Z33: SI | AA33: =IF(AND(OR(T33="SI",T33="NO APLICA"), OR(U33="SI",U33="NO APLICA"), OR(V33="SI",V33="NO APLICA"), OR(W33="SI",W33="NO APLICA"), OR(X33="SI",X33="NO APLICA"), OR(Y33="SI",Y33="NO APLICA"), OR(Z33="SI",Z33="NO APLICA")), "CUMPLE", "NO CUMPLE") -> CUMPLE | AB33: NO APLICA | AC33: NO APLICA | AD33: =IF(AND(OR(AB33="SI",AB33="NO APLICA"), OR(AC33="SI",AC33="NO APLICA")), "CUMPLE", "NO CUMPLE") -> CUMPLE | AE33: NO APLICA | AF33: =IF(AND(OR(S33="CUMPLE",S33="NO APLICA"), OR(AA33="CUMPLE",AA33="NO APLICA"), OR(AD33="CUMPLE",AD33="NO APLICA"), OR(AE33="CUMPLE",AE33="NO APLICA")), "CUMPLE", "NO CUMPLE") -> CUMPLE
A34: 3 | B34: 29 | C34: General - formulación e implementación de planes | D34: Patrimonio Autónomo Fondo de Seguridad Vial | E34: 095 – 2022 | F34: Acompañar técnicamente a las instituciones educativas de municipios priorizados por la agencia nacional de seguridad vial, para la estructuración, implementación y seguimiento de los planes de movilidad escolar, con énfasis en educación vial. | G34: 801016 - 811015 - 811022 | H34: CONSORCIO | I34: 0.3333 | J34: Ittus Consultores Asociados SAS | K34: 44664 | L34: 44998 | M34: 2023 | N34: 2164748176 | O34: =N34/(_xlfn.XLOOKUP(M34,'TABLA DE SMMLV'!$A$1:$A$32,'TABLA DE SMMLV'!$B$1:$B$32,"0")) -> 1866.1622 | P34: =IF(S34="CUMPLE",100%,0%) -> 1 | Q34: =IF(AF34="CUMPLE",I34*O34*P34,0) -> 621.99187 | R34: =Q34/(3411038010/1750905) -> 0.31927193 | S34: CUMPLE | T34: SI | U34: SI | V34: SI | W34: SI | X34: SI | Y34: SI | Z34: SI | AA34: =IF(AND(OR(T34="SI",T34="NO APLICA"), OR(U34="SI",U34="NO APLICA"), OR(V34="SI",V34="NO APLICA"), OR(W34="SI",W34="NO APLICA"), OR(X34="SI",X34="NO APLICA"), OR(Y34="SI",Y34="NO APLICA"), OR(Z34="SI",Z34="NO APLICA")), "CUMPLE", "NO CUMPLE") -> CUMPLE | AB34: NO APLICA | AC34: NO APLICA | AD34: =IF(AND(OR(AB34="SI",AB34="NO APLICA"), OR(AC34="SI",AC34="NO APLICA")), "CUMPLE", "NO CUMPLE") -> CUMPLE | AE34: NO APLICA | AF34: =IF(AND(OR(S34="CUMPLE",S34="NO APLICA"), OR(AA34="CUMPLE",AA34="NO APLICA"), OR(AD34="CUMPLE",AD34="NO APLICA"), OR(AE34="CUMPLE",AE34="NO APLICA")), "CUMPLE", "NO CUMPLE") -> CUMPLE
A35: 4 | B35: 6 | C35: General - formulación de planes de movilidad y estrategias para el sistema de transporte urbano | D35: Universidad de Cundinamarca | E35: COE 010 DE 2016 | F35: Desarrollar conjuntamente con la Universidad de Cundinamarca y bajo su constante y continua coordinación del Contrato Interadministrativo No. COI 2016001 de 2016 suscrito entre la Universidad y el Municipio de Duitama, cuyo objeto es "formulación del Plan Maestro de Movilidad, Plan de Seguridad Vial Local e Implementación de un programa piloto para la cultura bici en el Municipio de Duitama de conformidad con la propuesta y estudios previos". | G35: 801016 - 811015 - 811022 | H35: INDIVIDUAL | I35: 1 | J35: Ittus Consultores Asociados SAS | K35: 46379 | L35: 42878 | M35: 2017 | N35: 258280000 | O35: =N35/(_xlfn.XLOOKUP(M35,'TABLA DE SMMLV'!$A$1:$A$32,'TABLA DE SMMLV'!$B$1:$B$32,"0")) -> 350.10715 | P35: =IF(S35="CUMPLE",100%,0%) -> 1 | Q35: =IF(AF35="CUMPLE",I35*O35*P35,0) -> 350.10715 | R35: =Q35/(3411038010/1750905) -> 0.17971197 | S35: CUMPLE | T35: SI | U35: SI | V35: SI | W35: SI | X35: SI | Y35: SI | Z35: SI | AA35: =IF(AND(OR(T35="SI",T35="NO APLICA"), OR(U35="SI",U35="NO APLICA"), OR(V35="SI",V35="NO APLICA"), OR(W35="SI",W35="NO APLICA"), OR(X35="SI",X35="NO APLICA"), OR(Y35="SI",Y35="NO APLICA"), OR(Z35="SI",Z35="NO APLICA")), "CUMPLE", "NO CUMPLE") -> CUMPLE | AB35: NO APLICA | AC35: NO APLICA | AD35: =IF(AND(OR(AB35="SI",AB35="NO APLICA"), OR(AC35="SI",AC35="NO APLICA")), "CUMPLE", "NO CUMPLE") -> CUMPLE | AE35: NO APLICA | AF35: =IF(AND(OR(S35="CUMPLE",S35="NO APLICA"), OR(AA35="CUMPLE",AA35="NO APLICA"), OR(AD35="CUMPLE",AD35="NO APLICA"), OR(AE35="CUMPLE",AE35="NO APLICA")), "CUMPLE", "NO CUMPLE") -> CUMPLE
A36: 5 | B36: 22 | C36: General - formulación de planes y estrategias de movilidad y seguridad vial, | D36: Municipio de Caqueza | E36: 126-2018 | F36: Consultoría para la Formulación e Implementación del plan de Movilidad PM - y Plan de Seguridad viall PMSV del Municipio de Caqueza Departamento cundinamarca | G36: 801016 - 811015 - 811022 | H36: INDIVIDUAL | I36: 1 | J36: Ittus Consultores Asociados SAS | K36: 43360 | L36: 43451 | M36: 2018 | N36: 223545784 | O36: =N36/(_xlfn.XLOOKUP(M36,'TABLA DE SMMLV'!$A$1:$A$32,'TABLA DE SMMLV'!$B$1:$B$32,"0")) -> 286.14153 | P36: =IF(S36="CUMPLE",100%,0%) -> 1 | Q36: =IF(AF36="CUMPLE",I36*O36*P36,0) -> 286.14153 | R36: =Q36/(3411038010/1750905) -> 0.14687806 | S36: CUMPLE | T36: SI | U36: SI | V36: SI | W36: SI | X36: SI | Y36: SI | Z36: SI | AA36: =IF(AND(OR(T36="SI",T36="NO APLICA"), OR(U36="SI",U36="NO APLICA"), OR(V36="SI",V36="NO APLICA"), OR(W36="SI",W36="NO APLICA"), OR(X36="SI",X36="NO APLICA"), OR(Y36="SI",Y36="NO APLICA"), OR(Z36="SI",Z36="NO APLICA")), "CUMPLE", "NO CUMPLE") -> CUMPLE | AB36: NO APLICA | AC36: NO APLICA | AD36: =IF(AND(OR(AB36="SI",AB36="NO APLICA"), OR(AC36="SI",AC36="NO APLICA")), "CUMPLE", "NO CUMPLE") -> CUMPLE | AE36: NO APLICA | AF36: =IF(AND(OR(S36="CUMPLE",S36="NO APLICA"), OR(AA36="CUMPLE",AA36="NO APLICA"), OR(AD36="CUMPLE",AD36="NO APLICA"), OR(AE36="CUMPLE",AE36="NO APLICA")), "CUMPLE", "NO CUMPLE") -> CUMPLE
A37: 6 | B37: 42 | C37: General - Formulacion planes y/o programas de: Transporte de carga | D37: Transporte Alejandria SAS | E37: N.A | F37: Formulación e implementación del modelo de negocios para el sector de transporte de carga a nivel nacional. | G37: 801016 - 811015 - 811022 | H37: INDIVIDUAL | I37: 1 | J37: Beta Group Services SAS BIC | K37: 43718 | L37: 44561 | M37: 2021 | N37: 400000000 | O37: =N37/(_xlfn.XLOOKUP(M37,'TABLA DE SMMLV'!$A$1:$A$32,'TABLA DE SMMLV'!$B$1:$B$32,"0")) -> 440.27359 | P37: =IF(S37="CUMPLE",100%,0%) -> 1 | Q37: =IF(AF37="CUMPLE",I37*O37*P37,0) -> 440.27359 | R37: =Q37/(3411038010/1750905) -> 0.22599491 | S37: CUMPLE | T37: SI | U37: SI | V37: NO APLICA | W37: SI | X37: SI | Y37: SI | Z37: SI | AA37: =IF(AND(OR(T37="SI",T37="NO APLICA"), OR(U37="SI",U37="NO APLICA"), OR(V37="SI",V37="NO APLICA"), OR(W37="SI",W37="NO APLICA"), OR(X37="SI",X37="NO APLICA"), OR(Y37="SI",Y37="NO APLICA"), OR(Z37="SI",Z37="NO APLICA")), "CUMPLE", "NO CUMPLE") -> CUMPLE | AB37: NO APLICA | AC37: NO APLICA | AD37: =IF(AND(OR(AB37="SI",AB37="NO APLICA"), OR(AC37="SI",AC37="NO APLICA")), "CUMPLE", "NO CUMPLE") -> CUMPLE | AE37: NO APLICA | AF37: =IF(AND(OR(S37="CUMPLE",S37="NO APLICA"), OR(AA37="CUMPLE",AA37="NO APLICA"), OR(AD37="CUMPLE",AD37="NO APLICA"), OR(AE37="CUMPLE",AE37="NO APLICA")), "CUMPLE", "NO CUMPLE") -> CUMPLE | AG37: 1. FRENTE A LA VERIFICACIÓN DE LA DOCUMENTACIÓN ALLEGADA CON LA REMISIÓN DE LA PROPUESTA Y LA ACLARACIÓN REALIZADA EN LA ETAPA DE SUBSANACIÓN, SE IDENTIFICA QUE EL OBJETO Y LAS OBLIGACIONES DE LA CERTIFICACIÓN SE ENCUENTRAN RELACIONADOS CON LA SOLICITUD DE EXPERIENCIA INDICADA EN EL LITERAL C DEL TÍTULO 1. EXPERIENCIA DEL PROPONENTE.
A38: 7 | B38: 33 | C38: General - formulación de planes y estrategias de movilidad y seguridad vial | D38: PATRIMONIO AUTÓNOMO FC – FONDO SEGURIDAD VIAL AGENCIA NACIONAL DE SEGURIDAD VIAL - ANSV | E38: 129-2021 | F38: Caracterizar a los usuarios de motocicleta y los factores de riesgo percibidos en este medio de transporte en los municipios seleccionados por La Agencia Nacional de Seguridad Vial-Zona 3. | G38: 801016 - 811015 - 811022 | H38: INDIVIDUAL | I38: 1 | J38: Beta Group Services SAS BIC | K38: 44347 | L38: 44499 | M38: 2021 | N38: 958521498 | O38: =N38/(_xlfn.XLOOKUP(M38,'TABLA DE SMMLV'!$A$1:$A$32,'TABLA DE SMMLV'!$B$1:$B$32,"0")) -> 1055.0292 | P38: =IF(S38="CUMPLE",100%,0%) -> 0 | Q38: =IF(AF38="CUMPLE",I38*O38*P38,0) -> 0 | R38: =Q38/(3411038010/1750905) -> 0 | S38: NO CUMPLE | T38: SI | U38: SI | V38: SI | W38: SI | X38: SI | Y38: SI | Z38: SI | AA38: =IF(AND(OR(T38="SI",T38="NO APLICA"), OR(U38="SI",U38="NO APLICA"), OR(V38="SI",V38="NO APLICA"), OR(W38="SI",W38="NO APLICA"), OR(X38="SI",X38="NO APLICA"), OR(Y38="SI",Y38="NO APLICA"), OR(Z38="SI",Z38="NO APLICA")), "CUMPLE", "NO CUMPLE") -> CUMPLE | AB38: NO APLICA | AC38: NO APLICA | AD38: =IF(AND(OR(AB38="SI",AB38="NO APLICA"), OR(AC38="SI",AC38="NO APLICA")), "CUMPLE", "NO CUMPLE") -> CUMPLE | AE38: NO APLICA | AF38: =IF(AND(OR(S38="CUMPLE",S38="NO APLICA"), OR(AA38="CUMPLE",AA38="NO APLICA"), OR(AD38="CUMPLE",AD38="NO APLICA"), OR(AE38="CUMPLE",AE38="NO APLICA")), "CUMPLE", "NO CUMPLE") -> NO CUMPLE | AG38: 1. FRENTE A LA VERIFICACIÓN DE LA DOCUMENTACIÓN ALLEGADA CON LA REMISIÓN DE LA PROPUESTA Y LA ACLARACIÓN REALIZADA EN LA ETAPA DE SUBSANACIÓN, SE IDENTIFICA QUE EL OBJETO Y LAS OBLIGACIONES DE LA CERTIFICACIÓN NO SE ENCUENTRAN RELACIONADOS CON LA SOLICITUD DE EXPERIENCIA INDICADA EN EL LITERAL C DEL TÍTULO 1. EXPERIENCIA DEL PROPONENTE, QUE INDICA "...C. Las certificaciones en las que consten los contratos ejecutados deben poseer objetos, actividades y/o obligaciones contractuales relacionadas con el objeto del presente proceso de selección o, con alguno de los siguientes objetos y/o actividades: • Formulación y/o apoyo a la formulación y/o elaboración y/o estructuración de: Políticas públicas y/o planes y/o programas de: § Infraestructura de transporte y/o § Transporte de carga y/o § Transporte de pasajeros y/o § Intermodalidad y/o § Logística. • Diseño de estrategias para la solución de problemas de: § Infraestructura de transporte y/o § Transporte de carga y/o § Transporte de pasajeros y/o § Intermodalidad y/o § Logística. • Elaboración de macromodelos de: § Transporte de carga y/o § Pasajeros..."
A39: SUMATORIA TOTAL EXPRESADA EN SMMLV | Q39: =SUM(Q32:Q38) -> 2314.3477 | R39: =Q39/(3411038010/1750905) -> 1.1879677
A43: 3. PARÁMETROS GENERALES DEL REQUISITO HABILITANTE
A44: # | B44: PARÁMETRO | C44: CONDICIÓN ESTÁNDAR (máx. 5 contratos) | D44: CONDICIÓN MIPYME / EEM (máx. 7 contratos) | E44: ACREDITACIÓN | F44: REF. PLIEGO | G44: RESULTADO | H44: OBSERVACIONES
A45: 1 | B45: N° de contratos | C45: 5 | D45: 7 | E45: =COUNT(B32:B38) -> 7 | F45: Lit. A | G45: CUMPLE
A46: 2 | B46: Sumatoria total (% presupuesto en SMMLV) | C46: ≥ 100% del presupuesto oficial en SMMLV | E46: =R39 -> 1.1879677 | F46: Lit. A / P | G46: CUMPLE
A47: 3 | B47: Contrato individual mínimo (% sobre presupuesto oficial) | C47: Al menos 1 contrato ≥ 40% del presupuesto oficial en SMMLV (año terminación) | E47: =R33+R34 -> 0.63538274 | F47: Lit. A / J | G47: CUMPLE
A48: 4 | B48: Código(s) UNSPSC por contrato | C48: Mínimo 1 código UNSPSC registrado en RUP | E48: 801016 811015 811022 | F48: Lit. F | G48: CUMPLE
A49: 5 | B49: Proponente plural: % experiencia mínima aportada por un integrante | C49: Un integrante aporta mínimo 50% de la experiencia solicitada | E49: Ittus Consultores Asociados SAS | F49: Lit. G | G49: CUMPLE
A50: 6 | B50: RUP en firme (sin cese de efectos) | C50: RUP en firme (sin cese de efectos) | E50: RUP EN FIRME | F50: Lit. E | G50: CUMPLE
A51: 7 | B51: CUMPLE | G51: =IF(COUNTIF(G45:G50,"CUMPLE")+COUNTIF(G45:G50,"NO APLICA")=ROWS(G45:G50),"CUMPLE","NO CUMPLE") -> CUMPLE
A53: RESULTADO – EXPERIENCIA DEL PROPONENTE
A54: ¿EL PROPONENTE CUMPLE FRENTE AL CRITERIO DE EXPERIENCIA HABILITANTE? | J54: CUMPLE

Sheet EP_5
A1: SECRETARIA DE MOVILIDAD CONTEMPORÁNEA
B5: CONCURSO DE MÉRITOS SMC-CM-CS-152-2026 - PMTIC
A9: INFORMACIÓN PROPONENTE
A10: PROPONENTE | C10: CONSULTORA CENTRAL S.A.S- BIC | D10: TIPO | F10: Singular | G10: NIT | H10: 901.665.975-8
A11: ¿ES MIPYME? | C11: SÍ | D11: ¿ES EMPRENDIMIENTO O EMPRESA DE MUJERES? | F11: SÍ | G11: FECHA EVALUACIÓN | H11: 46107
A12: SECCIÓN 4 – VERIFICACIÓN POR CONTRATO APORTADO (una fila por contrato – máx. 7)
A13: N° | B13: OBJETO DEL CONTRATO (resumen) | C13: CÓDIGO(S) UNSPSC | D13: CERTIFICADO/ACTA | E13: AÑO TERM. | F13: SMMLV (año term.) | G13: VALOR CONTRATO SEGÚN CERTIFICACION (COP) | H13: VALOR CONTRATO SEGÚN CERTIFICACION (SMLMV) | I13: CHEQUEO VALOR CONTRATO SEGÚN CERTIFICACION (SMLMV) | J13: PORCENTAJE DE PARTICIPACIÓN EN EL VALOR EJECUTADO - REPORTADO EN EL RUP (%) | K13: PORCENTAJE DEL VALOR EJECUTADO CONFORME AL OBJETO SOLICITADO (%) | L13: VALOR TOTAL FACTURADO RELACIONADO CON OBJETO DEL CONTRATO Y AFECTADO POR % DEL VALOR EJECUTADO CONFORME AL OBJETO SOLICITADO POR EL % DE PARTICIPACION DEL RUP (SMMLV) | M13: % SOBRE PRESUP. OFICIAL | N13: OBJETO ADMISIBLE (Sec.2) | O13: RESULTADO
A14: 1 | F14: =IF(E14="","Valor por definir",_xlfn.XLOOKUP(E14,'TABLA DE SMMLV'!$A$1:$A$32,'TABLA DE SMMLV'!$B$1:$B$32,"ERROR")) -> Valor por definir | I14: =IF(F14="","Valor por definir",IFERROR(G14/F14,"Revisar datos")) -> Revisar datos | L14: =H14*J14*K14 -> 0 | M14: =L14/$F$21 -> 0
A15: 2 | F15: =IF(E15="","Valor por definir",_xlfn.XLOOKUP(E15,'TABLA DE SMMLV'!$A$1:$A$32,'TABLA DE SMMLV'!$B$1:$B$32,"ERROR")) -> Valor por definir | I15: =IF(F15="","Valor por definir",IFERROR(G15/F15,"Revisar datos")) -> Revisar datos | L15: =H15*J15*K15 -> 0 | M15: =L15/$F$21 -> 0
A16: 3 | F16: =IF(E16="","Valor por definir",_xlfn.XLOOKUP(E16,'TABLA DE SMMLV'!$A$1:$A$32,'TABLA DE SMMLV'!$B$1:$B$32,"ERROR")) -> Valor por definir | I16: =IF(F16="","Valor por definir",IFERROR(G16/F16,"Revisar datos")) -> Revisar datos | L16: =H16*J16*K16 -> 0 | M16: =L16/$F$21 -> 0
A17: 4 | F17: =IF(E17="","Valor por definir",_xlfn.XLOOKUP(E17,'TABLA DE SMMLV'!$A$1:$A$32,'TABLA DE SMMLV'!$B$1:$B$32,"ERROR")) -> Valor por definir | I17: =IF(F17="","Valor por definir",IFERROR(G17/F17,"Revisar datos")) -> Revisar datos | L17: =H17*J17*K17 -> 0 | M17: =L17/$F$21 -> 0
A18: 5 | F18: =IF(E18="","Valor por definir",_xlfn.XLOOKUP(E18,'TABLA DE SMMLV'!$A$1:$A$32,'TABLA DE SMMLV'!$B$1:$B$32,"ERROR")) -> Valor por definir | I18: =IF(F18="","Valor por definir",IFERROR(G18/F18,"Revisar datos")) -> Revisar datos | L18: =H18*J18*K18 -> 0 | M18: =L18/$F$21 -> 0
A19: 6 | F19: =IF(E19="","Valor por definir",_xlfn.XLOOKUP(E19,'TABLA DE SMMLV'!$A$1:$A$32,'TABLA DE SMMLV'!$B$1:$B$32,"ERROR")) -> Valor por definir | I19: =IF(F19="","Valor por definir",IFERROR(G19/F19,"Revisar datos")) -> Revisar datos | L19: =H19*J19*K19 -> 0 | M19: =L19/$F$21 -> 0
A20: 7 | F20: =IF(E20="","Valor por definir",_xlfn.XLOOKUP(E20,'TABLA DE SMMLV'!$A$1:$A$32,'TABLA DE SMMLV'!$B$1:$B$32,"ERROR")) -> Valor por definir | I20: =IF(F20="","Valor por definir",IFERROR(G20/F20,"Revisar datos")) -> Revisar datos | L20: =H20*J20*K20 -> 0 | M20: =L20/$F$21 -> 0
A21: Presupuesto oficial | C21: COP | D21: 3411038010 | E21: SMMLV | F21: =D21/1750905 -> 1948.1571 | G21: SUMATORIA TOTAL (% sobre presupuesto oficial en SMMLV) → | L21: =SUM(L14:L20) -> 0 | M21: =L21/$F$21 -> 0
A24: 1. VERIFICACIÓN DILIGENCIAMIENTO FORMATO
A25: FORMATO | D25: ¿CUMPLE? | E25: OBSERVACIONES
A26: FORMATO 7 - EXPERIENCIA HABILITANTE DEL PROPONENTE | D26: CUMPLE
A28: 2. VERIFICACIÓN ESPECÍFICA POR CONTRATO APORTADO
A29: N° | B29: NÚMERO CONSECUTIVO DEL REPORTE DEL CONTRATO EJECUTADO EN EL RUP | C29: DESCRIPCIÓN DE LAS ACTIVIDADES EJECUTADAS | D29: ENTIDAD CONTRATANTE | E29: CONTRATO O RESOLUCION | G29: CÓDIGO(S) UNSPSC | H29: FORMA DE EJECUCIÓN | J29: INTEGRANTE QUE APORTA EXPERIENCIA | K29: FECHA DE INICIACIÓN [DIA-MES-AÑO] | L29: FECHA DE TERMINACIÓN [DIA-MES-AÑO] | M29: AÑO DE TERMINACIÓN | N29: VALOR TOTAL | O29: VERIFICACIÓN ENTIDAD
E30: NO. | F30: OBJETO | H30: I,C,UT, OTRA | I30: % PARTICIPACIÓN | O30: VALOR TOTAL DEL CONTRATO EN SMMLV | P30: PORCENTAJE DEL VALOR EJECUTADO CONFORME AL OBJETO SOLICITADO (%) | Q30: VALOR TOTAL DEL CONTRATO EN SMMLV X PORCENTAJE DE PARTICIPACIÓN X PORCENTAJE EJECUTADO CONFORME AL OBJETO SOLICITADO | R30: % SOBRE PRESUP. OFICIAL | S30: ¿OBJETO, ACTIVIDADES Y/O OBLIGACIONES CONTRACTUALES CUMPLEN? | T30: ¿LA CERTIFICACIÓN LABORAL O DOCUMENTACIÓN EQUIVALENTE CONTIENE LA INFORMACIÓN MÍNIMA REQUERIDA? | AB30: ¿LA EXPERIENCIA ES ADQUIRIDA EN EL EXTERIOR? | AE30: ¿LA EXPERIENCIA DE LA PERSONA JURÍDICA ES ACREDITADA EN DEBIDA FORMA POR UN ACCIONISTA, SOCIO O CONSTITUYENTE? | AF30: ¿LA EXPERIENCIA CUMPLE CON LOS REQUISITOS DEL PLIEGO DE CONDICIONES? | AG30: OBSERVACIONES
T31: NOMBRE O RAZÓN SOCIAL DEL CONTRATANTE | U31: NOMBRE O RAZÓN SOCIAL DEL CONTRATISTA | V31: NÚMERO DEL CONTRATO (SI TIENE) | W31: OBJETO DEL CONTRATO Y/O CARGO DESEMPEÑADO | X31: ACTIVIDADES U OBLIGACIONES DEL CONTRATO | Y31: NOMBRE, CARGO Y FIRMA DE QUIEN EXPIDE LA CERTIFICACIÓN | Z31: FECHA DE EXPEDICIÓN DE LA CERTIFICACIÓN | AA31: ¿CUMPLE? | AB31: ¿EL DOCUMENTO SE ENCUENTRA DEBIDAMENTE APOSTILLADO? | AC31: ¿LA TRADUCCIÓN SE ENCUENTRA DEBIDAMENTE REALIZADA? EN CASO DE NO REQUERIRSE APOSTILLAJE | AD31: ¿CUMPLE?
A32: 1 | B32: 232 | C32: Formulación y/o apoyo a la formulación y/o elaboración y/o estructuración de: Políticas públicas y/o planes y/o programas de: - Infraestructura de transporte y/o - Transporte de carga y/o - Transporte de pasajeros y/o - Intermodalidad y/o - Logística. | D32: Unidad de Planeación de Infraestructura de Transporte | E32: CONTRATO No. 040-2023. | F32: Consultoría para la elaboración de Planes Regionales de Transporte Intermodal para las subregiones Pacifico Medio, Pacífico Frontera Nariñense, Alto Patía, Norte del Cauca, Catatumbo, Sur de Bolívar y Bajo Cauca, que garantice la conectividad de pasajeros y carga correspondiente al Grupo 1 del proceso de Convocatoria UPIT-CA-029-2023.- “Subregión Pacifico Medio y Pacífico Frontera Nariñense, Alto Patía y Norte del Cauca” | G32: 801016 811015 811022 | H32: CONSORCIO | I32: 0.33 | J32: Consultora Central SAS BIC (C&M CONSULTORES SAS NIT: 901.234.159-5) | K32: 45219 | L32: 45492 | M32: 2024 | N32: 3820000000 | O32: =N32/(_xlfn.XLOOKUP(M32,'TABLA DE SMMLV'!$A$1:$A$32,'TABLA DE SMMLV'!$B$1:$B$32,"0")) -> 2938.4615 | P32: =IF(S32="CUMPLE",100%,0%) -> 1 | Q32: =IF(AF32="CUMPLE",I32*O32*P32,0) -> 969.69231 | R32: =Q32/(3411038010/1750905) -> 0.49774852 | S32: CUMPLE | T32: SI | U32: SI | V32: SI | W32: SI | X32: SI | Y32: SI | Z32: SI | AA32: =IF(AND(OR(T32="SI",T32="NO APLICA"), OR(U32="SI",U32="NO APLICA"), OR(V32="SI",V32="NO APLICA"), OR(W32="SI",W32="NO APLICA"), OR(X32="SI",X32="NO APLICA"), OR(Y32="SI",Y32="NO APLICA"), OR(Z32="SI",Z32="NO APLICA")), "CUMPLE", "NO CUMPLE") -> CUMPLE | AB32: NO APLICA | AC32: NO APLICA | AD32: =IF(AND(OR(AB32="SI",AB32="NO APLICA"), OR(AC32="SI",AC32="NO APLICA")), "CUMPLE", "NO CUMPLE") -> CUMPLE | AE32: CUMPLE | AF32: =IF(AND(OR(S32="CUMPLE",S32="NO APLICA"), OR(AA32="CUMPLE",AA32="NO APLICA"), OR(AD32="CUMPLE",AD32="NO APLICA"), OR(AE32="CUMPLE",AE32="NO APLICA")), "CUMPLE", "NO CUMPLE") -> CUMPLE | AG32: 1. CON LA ACLARACIÓN REMITIDA EN LA ETAPA DE SUBSANACIÓN MEDIANTE COMPOSICIÓN ACCIONARIA, SE IDENTIFICA QUE EL PROPONENTE ACREDITA EN DEBIDA FORMA LA EXPERIENCIA.
A33: 2 | B33: 221 | C33: Formulación y/o apoyo a la formulación y/o elaboración y/o estructuración de: Políticas públicas y/o planes y/o programas de: - Infraestructura de transporte y/o - Transporte de carga y/o - Transporte de pasajeros y/o - Intermodalidad y/o - Logística. | D33: Patrimonio Autónomo – Fondo de Seguridad Vial (NIT. 830.053.994-4), administrado por Fiduciaria Scotiabank Colpatria S.A | E33: N° 190 de 2021 | F33: Formular lineamientos y recomendaciones para la gestión de la seguridad vial en el desarrollo de proyectos en concesión del modo carretero a cargo de la Nación. | G33: 801016 811015 811022 | H33: INDIVIDUAL | I33: 1 | J33: Consultora Central SAS BIC (C&M CONSULTORES SAS NIT: 901.234.159-5) | K33: 44433 | L33: 44753 | M33: 2022 | N33: 1030183000 | O33: =N33/(_xlfn.XLOOKUP(M33,'TABLA DE SMMLV'!$A$1:$A$32,'TABLA DE SMMLV'!$B$1:$B$32,"0")) -> 1030.183 | P33: =IF(S33="CUMPLE",100%,0%) -> 0 | Q33: =IF(AF33="CUMPLE",I33*O33*P33,0) -> 0 | R33: =Q33/(3411038010/1750905) -> 0 | S33: NO CUMPLE | T33: SI | U33: SI | V33: SI | W33: SI | X33: SI | Y33: SI | Z33: SI | AA33: =IF(AND(OR(T33="SI",T33="NO APLICA"), OR(U33="SI",U33="NO APLICA"), OR(V33="SI",V33="NO APLICA"), OR(W33="SI",W33="NO APLICA"), OR(X33="SI",X33="NO APLICA"), OR(Y33="SI",Y33="NO APLICA"), OR(Z33="SI",Z33="NO APLICA")), "CUMPLE", "NO CUMPLE") -> CUMPLE | AB33: NO APLICA | AC33: NO APLICA | AD33: =IF(AND(OR(AB33="SI",AB33="NO APLICA"), OR(AC33="SI",AC33="NO APLICA")), "CUMPLE", "NO CUMPLE") -> CUMPLE | AE33: CUMPLE | AF33: =IF(AND(OR(S33="CUMPLE",S33="NO APLICA"), OR(AA33="CUMPLE",AA33="NO APLICA"), OR(AD33="CUMPLE",AD33="NO APLICA"), OR(AE33="CUMPLE",AE33="NO APLICA")), "CUMPLE", "NO CUMPLE") -> NO CUMPLE | AG33: 1. VERIFICADO EL CONTENIDO DEL RUP, SE IDENTIFICÓ QUE FRENTE A EL REPORTE DE LOS CONTRATOS OBJETO DE EVALUACIÓN CONTIENEN EL CONTRATISTA C&M CONSULTORES S.A.S QUE ES ACCIONISTA DEL PROPONENTE. SE RECUERDA LA PREVALENCIA DE LA INFORMACIÓN QUE REPOSA EN EL RUP, DE CONFORMIDAD CON EL LITERAL Q DEL TÍTULO DE EXPERIENCIA DEL PROPONENTE. 2. SEGÚN LO EVIDENCIADO EN LA DOCUMENTACIÓN REMITIDA CON LA PROPUESTA Y LA ACLARACIÓN DE LA SUBSANACIÓN, EL OBJETO O LAS ACTIVIDADES DE LA CERTIFICACIÓN NO SE ENCUENTRAN RELACIONADOS CON LA SOLICITUD DE EXPERIENCIA INDICADA EN EL LITERAL C DEL TÍTULO 1. EXPERIENCIA DEL PROPONENTE, QUE INDICA "...C. Las certificaciones en las que consten los contratos ejecutados deben poseer objetos, actividades y/o obligaciones contractuales relacionadas con el objeto del presente proceso de selección o, con alguno de los siguientes objetos y/o actividades: • Formulación y/o apoyo a la formulación y/o elaboración y/o estructuración de: Políticas públicas y/o planes y/o programas de: § Infraestructura de transporte y/o § Transporte de carga y/o § Transporte de pasajeros y/o § Intermodalidad y/o § Logística. • Diseño de estrategias para la solución de problemas de: § Infraestructura de transporte y/o § Transporte de carga y/o § Transporte de pasajeros y/o § Intermodalidad y/o § Logística. • Elaboración de macromodelos de: § Transporte de carga y/o § Pasajeros..."
A34: 3 | B34: 205 | C34: Formulación y/o apoyo a la formulación y/o elaboración y/o estructuración de: Políticas públicas y/o planes y/o programas de: - Infraestructura de transporte y/o - Transporte de carga y/o - Transporte de pasajeros y/o - Intermodalidad y/o - Logística. | D34: Deutsche Gessellschaft für Internationale Zusammenarbeit (GIZ) | E34: 83362818 | F34: Desarrollo del Manual operativo para el Programa de chatarreo y renovación vehicular para vehículos de transporte urbano, que incluye además procedimientos y acciones a realizar por la Autoridad de Transporte Urbano (ATU). La propuesta comprende a la flota de transporte urbano en todas sus categorías y bajo las diversas modalidades existentes del chatarreo según reglamento, es decir, voluntario y obligatorio. | G34: 801016 811022 | H34: INDIVIDUAL | I34: 1 | J34: Consultora Central SAS BIC (C&M CONSULTORES SAS NIT: 901.234.159-5) | K34: 44106 | L34: 44383 | M34: 2021 | N34: 83362818 | O34: =N34/(_xlfn.XLOOKUP(M34,'TABLA DE SMMLV'!$A$1:$A$32,'TABLA DE SMMLV'!$B$1:$B$32,"0")) -> 91.756117 | P34: =IF(S34="CUMPLE",100%,0%) -> 1 | Q34: =IF(AF34="CUMPLE",I34*O34*P34,0) -> 91.756117 | R34: =Q34/(3411038010/1750905) -> 0.047098931 | S34: CUMPLE | T34: SI | U34: SI | V34: SI | W34: SI | X34: SI | Y34: SI | Z34: SI | AA34: =IF(AND(OR(T34="SI",T34="NO APLICA"), OR(U34="SI",U34="NO APLICA"), OR(V34="SI",V34="NO APLICA"), OR(W34="SI",W34="NO APLICA"), OR(X34="SI",X34="NO APLICA"), OR(Y34="SI",Y34="NO APLICA"), OR(Z34="SI",Z34="NO APLICA")), "CUMPLE", "NO CUMPLE") -> CUMPLE | AB34: NO APLICA | AC34: NO APLICA | AD34: =IF(AND(OR(AB34="SI",AB34="NO APLICA"), OR(AC34="SI",AC34="NO APLICA")), "CUMPLE", "NO CUMPLE") -> CUMPLE | AE34: CUMPLE | AF34: =IF(AND(OR(S34="CUMPLE",S34="NO APLICA"), OR(AA34="CUMPLE",AA34="NO APLICA"), OR(AD34="CUMPLE",AD34="NO APLICA"), OR(AE34="CUMPLE",AE34="NO APLICA")), "CUMPLE", "NO CUMPLE") -> CUMPLE | AG34: 1. CON LA ACLARACIÓN REMITIDA EN LA ETAPA DE SUBSANACIÓN MEDIANTE COMPOSICIÓN ACCIONARIA, SE IDENTIFICA QUE EL PROPONENTE ACREDITA EN DEBIDA FORMA LA EXPERIENCIA. 2. CON LA INFORMACIÓN REMITIDA EN LA ETAPA DE SUBSANACIÓN, SE IDENTIFICA QUE LAS ACTIVIDADES Y ENTREGABLES SE ENCUENTRAN RELACIONADOS CON LA SOLICITUD DE EXPERIENCIA INDICADA EN EL LITERAL C DEL TÍTULO 1. EXPERIENCIA DEL PROPONENTE, ESPECÍFICAMENTE LO ASOCIADO CON: ""… Formulación y/o apoyo a la formulación y/o elaboración y/o estructuración de: Políticas públicas y/o planes y/o programas de: § Infraestructura de transporte y/o § Transporte de carga y/o § Transporte de pasajeros y/o § Intermodalidad y/o § Logística. • Diseño de estrategias para la solución de problemas de: § Infraestructura de transporte y/o § Transporte de carga y/o § Transporte de pasajeros y/o § Intermodalidad y/o § Logística…”
A35: 4 | B35: 173 | C35: Formulación y/o apoyo a la formulación y/o elaboración y/o estructuración de: Políticas públicas y/o planes y/o programas de: - Infraestructura de transporte y/o - Transporte de carga y/o - Transporte de pasajeros y/o - Intermodalidad y/o - Logística. | D35: Agencia Nacional de Infraestructura | E35: No. 637 del 17 de diciembre de 2026 | F35: El objeto del presente contrato es regular los térninos y condiciones bajo los cuales el Consultor se obliga a ejeecutar para la Agencia la Consultoría especializada para la realización de: "Los estudios y diseños a factibilidad del proyecto de infraestructura el dorado ii, la estrategia del negocio de aviación y la estructuración integral (técnica, jurídica, financiera, predial, ambiental, social y de riesgos) que permita el otorgamiento de una concesión bajo el esquema de app, del proyecto de infraestructura aeroportuaria el dorado ii fase i y ii del plan maestro, en conjunto con las pistas y calles de rodaje del aeropuerto internacional el dorado de la ciudad de Bogotá D.C". | G35: 801016 811015 811022 | H35: CONSORCIO | I35: 0.25 | J35: Consultora Central SAS BIC (C&M CONSULTORES SAS NIT: 901.234.159-5) | K35: 42754 | L35: 43806 | M35: 2019 | N35: 12999999000 | O35: =N35/(_xlfn.XLOOKUP(M35,'TABLA DE SMMLV'!$A$1:$A$32,'TABLA DE SMMLV'!$B$1:$B$32,"0")) -> 15698.283 | P35: =IF(S35="CUMPLE",100%,0%) -> 1 | Q35: =IF(AF35="CUMPLE",I35*O35*P35,0) -> 3924.5707 | R35: =Q35/(3411038010/1750905) -> 2.0145042 | S35: CUMPLE | T35: SI | U35: SI | V35: SI | W35: SI | X35: SI | Y35: SI | Z35: SI | AA35: =IF(AND(OR(T35="SI",T35="NO APLICA"), OR(U35="SI",U35="NO APLICA"), OR(V35="SI",V35="NO APLICA"), OR(W35="SI",W35="NO APLICA"), OR(X35="SI",X35="NO APLICA"), OR(Y35="SI",Y35="NO APLICA"), OR(Z35="SI",Z35="NO APLICA")), "CUMPLE", "NO CUMPLE") -> CUMPLE | AB35: NO APLICA | AC35: NO APLICA | AD35: =IF(AND(OR(AB35="SI",AB35="NO APLICA"), OR(AC35="SI",AC35="NO APLICA")), "CUMPLE", "NO CUMPLE") -> CUMPLE | AE35: CUMPLE | AF35: =IF(AND(OR(S35="CUMPLE",S35="NO APLICA"), OR(AA35="CUMPLE",AA35="NO APLICA"), OR(AD35="CUMPLE",AD35="NO APLICA"), OR(AE35="CUMPLE",AE35="NO APLICA")), "CUMPLE", "NO CUMPLE") -> CUMPLE | AG35: 1. VERIFICADO EL CONTENIDO DEL RUP, SE IDENTIFICÓ QUE FRENTE A EL REPORTE DE LOS CONTRATOS OBJETO DE EVALUACIÓN CONTIENEN EL CONTRATISTA C&M CONSULTORES S.A.S QUE ES ACCIONISTA DEL PROPONENTE. SE RECUERDA LA PREVALENCIA DE LA INFORMACIÓN QUE REPOSA EN EL RUP, DE CONFORMIDAD CON EL LITERAL Q DEL TÍTULO DE EXPERIENCIA DEL PROPONENTE. 2. CON LA INFORMACIÓN REMITIDA EN LA ETAPA DE SUBSANACIÓN, SE IDENTIFICA QUE LAS ACTIVIDADES Y ENTREGABLES SE ENCUENTRAN RELACIONADOS CON LA SOLICITUD DE EXPERIENCIA INDICADA EN EL LITERAL C DEL TÍTULO 1. EXPERIENCIA DEL PROPONENTE, ESPECÍFICAMENTE LO ASOCIADO CON: "...• Elaboración de macromodelos de: § Transporte de carga y/o § Pasajeros...""
A36: 5 | B36: 207 | C36: Formulación y/o apoyo a la formulación y/o elaboración y/o estructuración de: Políticas públicas y/o planes y/o programas de: - Infraestructura de transporte y/o - Transporte de carga y/o - Transporte de pasajeros y/o - Intermodalidad y/o - Logística. | D36: Agencia Nacional de Infraestructura | E36: CONTRATO DE CONSULTORIA No. 597 DE 2017 | F36: El objeto del presente contrato es regular los términos y condiciones bajo los cuales el Consultor se obliga a ejecutar para la Agencia la consultoría especializada para la estructuración integral técnica, administrativa, social, predial, ambiental, financiera, contable y jurídica para la continuación del proyecto de concesión vial ruta del sol – sector II” | G36: 801016 811015 811022 | H36: CONSORCIO | I36: 0.4 | J36: Consultora Central SAS BIC (C&M CONSULTORES SAS NIT: 901.234.159-5) | K36: 43097 | L36: 44516 | M36: 2021 | N36: 4850000000 | O36: =N36/(_xlfn.XLOOKUP(M36,'TABLA DE SMMLV'!$A$1:$A$32,'TABLA DE SMMLV'!$B$1:$B$32,"0")) -> 5338.3172 | P36: =IF(S36="CUMPLE",100%,0%) -> 1 | Q36: =IF(AF36="CUMPLE",I36*O36*P36,0) -> 2135.3269 | R36: =Q36/(3411038010/1750905) -> 1.0960753 | S36: CUMPLE | T36: SI | U36: SI | V36: SI | W36: SI | X36: SI | Y36: SI | Z36: SI | AA36: =IF(AND(OR(T36="SI",T36="NO APLICA"), OR(U36="SI",U36="NO APLICA"), OR(V36="SI",V36="NO APLICA"), OR(W36="SI",W36="NO APLICA"), OR(X36="SI",X36="NO APLICA"), OR(Y36="SI",Y36="NO APLICA"), OR(Z36="SI",Z36="NO APLICA")), "CUMPLE", "NO CUMPLE") -> CUMPLE | AB36: NO APLICA | AC36: NO APLICA | AD36: =IF(AND(OR(AB36="SI",AB36="NO APLICA"), OR(AC36="SI",AC36="NO APLICA")), "CUMPLE", "NO CUMPLE") -> CUMPLE | AE36: CUMPLE | AF36: =IF(AND(OR(S36="CUMPLE",S36="NO APLICA"), OR(AA36="CUMPLE",AA36="NO APLICA"), OR(AD36="CUMPLE",AD36="NO APLICA"), OR(AE36="CUMPLE",AE36="NO APLICA")), "CUMPLE", "NO CUMPLE") -> CUMPLE | AG36: 1. VERIFICADO EL CONTENIDO DEL RUP, SE IDENTIFICÓ QUE FRENTE A EL REPORTE DE LOS CONTRATOS OBJETO DE EVALUACIÓN CONTIENEN EL CONTRATISTA C&M CONSULTORES S.A.S QUE ES ACCIONISTA DEL PROPONENTE. SE RECUERDA LA PREVALENCIA DE LA INFORMACIÓN QUE REPOSA EN EL RUP, DE CONFORMIDAD CON EL LITERAL Q DEL TÍTULO DE EXPERIENCIA DEL PROPONENTE. 2. CON LA INFORMACIÓN REMITIDA EN LA ETAPA DE SUBSANACIÓN, SE IDENTIFICA QUE LAS ACTIVIDADES Y ENTREGABLES SE ENCUENTRAN RELACIONADOS CON LA SOLICITUD DE EXPERIENCIA INDICADA EN EL LITERAL C DEL TÍTULO 1. EXPERIENCIA DEL PROPONENTE, ESPECÍFICAMENTE LO ASOCIADO CON: "...• Elaboración de macromodelos de: § Transporte de carga y/o § Pasajeros...""
A37: 6 | O37: =N37/(_xlfn.XLOOKUP(M37,'TABLA DE SMMLV'!$A$1:$A$32,'TABLA DE SMMLV'!$B$1:$B$32,"0")) -> 0 | P37: 0 | Q37: =IF(AF37="CUMPLE",I37*O37*P37,0) -> 0 | R37: =Q37/(3411038010/1750905) -> 0 | AA37: =IF(AND(OR(T37="SI",T37="NO APLICA"), OR(U37="SI",U37="NO APLICA"), OR(V37="SI",V37="NO APLICA"), OR(W37="SI",W37="NO APLICA"), OR(X37="SI",X37="NO APLICA"), OR(Y37="SI",Y37="NO APLICA"), OR(Z37="SI",Z37="NO APLICA")), "CUMPLE", "NO CUMPLE") -> NO CUMPLE | AD37: =IF(AND(OR(AB37="SI",AB37="NO APLICA"), OR(AC37="SI",AC37="NO APLICA")), "CUMPLE", "NO CUMPLE") -> NO CUMPLE | AF37: =IF(AND(OR(S37="CUMPLE",S37="NO APLICA"), OR(AA37="CUMPLE",AA37="NO APLICA"), OR(AD37="CUMPLE",AD37="NO APLICA"), OR(AE37="CUMPLE",AE37="NO APLICA")), "CUMPLE", "NO CUMPLE") -> NO CUMPLE
A38: 7 | O38: =N38/(_xlfn.XLOOKUP(M38,'TABLA DE SMMLV'!$A$1:$A$32,'TABLA DE SMMLV'!$B$1:$B$32,"0")) -> 0 | P38: 0 | Q38: =IF(AF38="CUMPLE",I38*O38*P38,0) -> 0 | R38: =Q38/(3411038010/1750905) -> 0 | AA38: =IF(AND(OR(T38="SI",T38="NO APLICA"), OR(U38="SI",U38="NO APLICA"), OR(V38="SI",V38="NO APLICA"), OR(W38="SI",W38="NO APLICA"), OR(X38="SI",X38="NO APLICA"), OR(Y38="SI",Y38="NO APLICA"), OR(Z38="SI",Z38="NO APLICA")), "CUMPLE", "NO CUMPLE") -> NO CUMPLE | AD38: =IF(AND(OR(AB38="SI",AB38="NO APLICA"), OR(AC38="SI",AC38="NO APLICA")), "CUMPLE", "NO CUMPLE") -> NO CUMPLE | AF38: =IF(AND(OR(S38="CUMPLE",S38="NO APLICA"), OR(AA38="CUMPLE",AA38="NO APLICA"), OR(AD38="CUMPLE",AD38="NO APLICA"), OR(AE38="CUMPLE",AE38="NO APLICA")), "CUMPLE", "NO CUMPLE") -> NO CUMPLE
A39: SUMATORIA TOTAL EXPRESADA EN SMMLV | Q39: =SUM(Q32:Q38) -> 7121.346 | R39: =Q39/(3411038010/1750905) -> 3.6554269
A43: 3. PARÁMETROS GENERALES DEL REQUISITO HABILITANTE
A44: # | B44: PARÁMETRO | C44: CONDICIÓN ESTÁNDAR (máx. 5 contratos) | D44: CONDICIÓN MIPYME / EEM (máx. 7 contratos) | E44: ACREDITACIÓN | F44: REF. PLIEGO | G44: RESULTADO | H44: OBSERVACIONES
A45: 1 | B45: N° de contratos | C45: 5 | D45: 7 | E45: =COUNT(B32:B38) -> 5 | F45: Lit. A | G45: CUMPLE
A46: 2 | B46: Sumatoria total (% presupuesto en SMMLV) | C46: ≥ 100% del presupuesto oficial en SMMLV | E46: =R39 -> 3.6554269 | F46: Lit. A / P | G46: CUMPLE
A47: 3 | B47: Contrato individual mínimo (% sobre presupuesto oficial) | C47: Al menos 1 contrato ≥ 40% del presupuesto oficial en SMMLV (año terminación) | E47: =MAX(R32:R38) -> 2.0145042 | F47: Lit. A / J | G47: CUMPLE
A48: 4 | B48: Código(s) UNSPSC por contrato | C48: Mínimo 1 código UNSPSC registrado en RUP | E48: 801016 811015 811022 | F48: Lit. F | G48: CUMPLE
A49: 5 | B49: Proponente plural: % experiencia mínima aportada por un integrante | C49: Un integrante aporta mínimo 50% de la experiencia solicitada | E49: CONSULTORA CENTRAL SAS BIC | F49: Lit. G | G49: CUMPLE
A50: 6 | B50: RUP en firme (sin cese de efectos) | C50: RUP en firme (sin cese de efectos) | E50: RUP EN FIRME | F50: Lit. E | G50: CUMPLE
A51: 7 | B51: CUMPLE | G51: =IF(COUNTIF(G45:G50,"CUMPLE")+COUNTIF(G45:G50,"NO APLICA")=ROWS(G45:G50),"CUMPLE","NO CUMPLE") -> CUMPLE
A53: RESULTADO – EXPERIENCIA DEL PROPONENTE
A54: ¿EL PROPONENTE CUMPLE FRENTE AL CRITERIO DE EXPERIENCIA HABILITANTE? | J54: CUMPLE

Sheet EP_6
A1: SECRETARIA DE MOVILIDAD CONTEMPORÁNEA
B5: CONCURSO DE MÉRITOS SMC-CM-CS-152-2026 - PMTIC
A9: INFORMACIÓN PROPONENTE
A10: PROPONENTE | C10: STEER DAVIES & GLEAVE LIMITED SUCURSAL COLOMBIA | D10: TIPO | F10: Singular | G10: NIT | H10: 830.054.097-7
A11: ¿ES MIPYME? | C11: SÍ | D11: ¿ES EMPRENDIMIENTO O EMPRESA DE MUJERES? | F11: SÍ | G11: FECHA EVALUACIÓN | H11: 46097
A12: SECCIÓN 4 – VERIFICACIÓN POR CONTRATO APORTADO (una fila por contrato – máx. 7)
A13: N° | B13: OBJETO DEL CONTRATO (resumen) | C13: CÓDIGO(S) UNSPSC | D13: CERTIFICADO/ACTA | E13: AÑO TERM. | F13: SMMLV (año term.) | G13: VALOR CONTRATO SEGÚN CERTIFICACION (COP) | H13: VALOR CONTRATO SEGÚN CERTIFICACION (SMLMV) | I13: CHEQUEO VALOR CONTRATO SEGÚN CERTIFICACION (SMLMV) | J13: PORCENTAJE DE PARTICIPACIÓN EN EL VALOR EJECUTADO - REPORTADO EN EL RUP (%) | K13: PORCENTAJE DEL VALOR EJECUTADO CONFORME AL OBJETO SOLICITADO (%) | L13: VALOR TOTAL FACTURADO RELACIONADO CON OBJETO DEL CONTRATO Y AFECTADO POR % DEL VALOR EJECUTADO CONFORME AL OBJETO SOLICITADO POR EL % DE PARTICIPACION DEL RUP (SMMLV) | M13: % SOBRE PRESUP. OFICIAL | N13: OBJETO ADMISIBLE (Sec.2) | O13: RESULTADO
A14: 1 | F14: =IF(E14="","Valor por definir",_xlfn.XLOOKUP(E14,'TABLA DE SMMLV'!$A$1:$A$32,'TABLA DE SMMLV'!$B$1:$B$32,"ERROR")) -> Valor por definir | I14: =IF(F14="","Valor por definir",IFERROR(G14/F14,"Revisar datos")) -> Revisar datos | L14: =H14*J14*K14 -> 0 | M14: =L14/$F$21 -> 0
A15: 2 | F15: =IF(E15="","Valor por definir",_xlfn.XLOOKUP(E15,'TABLA DE SMMLV'!$A$1:$A$32,'TABLA DE SMMLV'!$B$1:$B$32,"ERROR")) -> Valor por definir | I15: =IF(F15="","Valor por definir",IFERROR(G15/F15,"Revisar datos")) -> Revisar datos | L15: =H15*J15*K15 -> 0 | M15: =L15/$F$21 -> 0
A16: 3 | F16: =IF(E16="","Valor por definir",_xlfn.XLOOKUP(E16,'TABLA DE SMMLV'!$A$1:$A$32,'TABLA DE SMMLV'!$B$1:$B$32,"ERROR")) -> Valor por definir | I16: =IF(F16="","Valor por definir",IFERROR(G16/F16,"Revisar datos")) -> Revisar datos | L16: =H16*J16*K16 -> 0 | M16: =L16/$F$21 -> 0
A17: 4 | F17: =IF(E17="","Valor por definir",_xlfn.XLOOKUP(E17,'TABLA DE SMMLV'!$A$1:$A$32,'TABLA DE SMMLV'!$B$1:$B$32,"ERROR")) -> Valor por definir | I17: =IF(F17="","Valor por definir",IFERROR(G17/F17,"Revisar datos")) -> Revisar datos | L17: =H17*J17*K17 -> 0 | M17: =L17/$F$21 -> 0
A18: 5 | F18: =IF(E18="","Valor por definir",_xlfn.XLOOKUP(E18,'TABLA DE SMMLV'!$A$1:$A$32,'TABLA DE SMMLV'!$B$1:$B$32,"ERROR")) -> Valor por definir | I18: =IF(F18="","Valor por definir",IFERROR(G18/F18,"Revisar datos")) -> Revisar datos | L18: =H18*J18*K18 -> 0 | M18: =L18/$F$21 -> 0
A19: 6 | F19: =IF(E19="","Valor por definir",_xlfn.XLOOKUP(E19,'TABLA DE SMMLV'!$A$1:$A$32,'TABLA DE SMMLV'!$B$1:$B$32,"ERROR")) -> Valor por definir | I19: =IF(F19="","Valor por definir",IFERROR(G19/F19,"Revisar datos")) -> Revisar datos | L19: =H19*J19*K19 -> 0 | M19: =L19/$F$21 -> 0
A20: 7 | F20: =IF(E20="","Valor por definir",_xlfn.XLOOKUP(E20,'TABLA DE SMMLV'!$A$1:$A$32,'TABLA DE SMMLV'!$B$1:$B$32,"ERROR")) -> Valor por definir | I20: =IF(F20="","Valor por definir",IFERROR(G20/F20,"Revisar datos")) -> Revisar datos | L20: =H20*J20*K20 -> 0 | M20: =L20/$F$21 -> 0
A21: Presupuesto oficial | C21: COP | D21: 3411038010 | E21: SMMLV | F21: =D21/1750905 -> 1948.1571 | G21: SUMATORIA TOTAL (% sobre presupuesto oficial en SMMLV) → | L21: =SUM(L14:L20) -> 0 | M21: =L21/$F$21 -> 0
A24: 1. VERIFICACIÓN DILIGENCIAMIENTO FORMATO
A25: FORMATO | D25: ¿CUMPLE? | E25: OBSERVACIONES
A26: FORMATO 7 - EXPERIENCIA HABILITANTE DEL PROPONENTE | D26: NO CUMPLE | E26: NO SE PRESENTÓ EL FORMATO 7 ACTUALIZADO CORRESPONDIENTE A LOS PLIEGOS DE CONDICIONES.
A28: 2. VERIFICACIÓN ESPECÍFICA POR CONTRATO APORTADO
A29: N° | B29: NÚMERO CONSECUTIVO DEL REPORTE DEL CONTRATO EJECUTADO EN EL RUP | C29: DESCRIPCIÓN DE LAS ACTIVIDADES EJECUTADAS | D29: ENTIDAD CONTRATANTE | E29: CONTRATO O RESOLUCION | G29: CÓDIGO(S) UNSPSC | H29: FORMA DE EJECUCIÓN | J29: INTEGRANTE QUE APORTA EXPERIENCIA | K29: FECHA DE INICIACIÓN [DIA-MES-AÑO] | L29: FECHA DE TERMINACIÓN [DIA-MES-AÑO] | M29: AÑO DE TERMINACIÓN | N29: VALOR TOTAL | O29: VERIFICACIÓN ENTIDAD
E30: NO. | F30: OBJETO | H30: I,C,UT, OTRA | I30: % PARTICIPACIÓN | O30: VALOR TOTAL DEL CONTRATO EN SMMLV | P30: PORCENTAJE DEL VALOR EJECUTADO CONFORME AL OBJETO SOLICITADO (%) | Q30: VALOR TOTAL DEL CONTRATO EN SMMLV X PORCENTAJE DE PARTICIPACIÓN X PORCENTAJE EJECUTADO CONFORME AL OBJETO SOLICITADO | R30: % SOBRE PRESUP. OFICIAL | S30: ¿OBJETO, ACTIVIDADES Y/O OBLIGACIONES CONTRACTUALES CUMPLEN? | T30: ¿LA CERTIFICACIÓN LABORAL O DOCUMENTACIÓN EQUIVALENTE CONTIENE LA INFORMACIÓN MÍNIMA REQUERIDA? | AB30: ¿LA EXPERIENCIA ES ADQUIRIDA EN EL EXTERIOR? | AE30: ¿LA EXPERIENCIA DE LA PERSONA JURÍDICA ES ACREDITADA EN DEBIDA FORMA POR UN ACCIONISTA, SOCIO O CONSTITUYENTE? | AF30: ¿LA EXPERIENCIA CUMPLE CON LOS REQUISITOS DEL PLIEGO DE CONDICIONES? | AG30: OBSERVACIONES
T31: NOMBRE O RAZÓN SOCIAL DEL CONTRATANTE | U31: NOMBRE O RAZÓN SOCIAL DEL CONTRATISTA | V31: NÚMERO DEL CONTRATO (SI TIENE) | W31: OBJETO DEL CONTRATO Y/O CARGO DESEMPEÑADO | X31: ACTIVIDADES U OBLIGACIONES DEL CONTRATO | Y31: NOMBRE, CARGO Y FIRMA DE QUIEN EXPIDE LA CERTIFICACIÓN | Z31: FECHA DE EXPEDICIÓN DE LA CERTIFICACIÓN | AA31: ¿CUMPLE? | AB31: ¿EL DOCUMENTO SE ENCUENTRA DEBIDAMENTE APOSTILLADO? | AC31: ¿LA TRADUCCIÓN SE ENCUENTRA DEBIDAMENTE REALIZADA? EN CASO DE NO REQUERIRSE APOSTILLAJE | AD31: ¿CUMPLE?
A32: 1 | B32: 128 | C32: Steer desarrolló un modelo de demanda estratégico que contempla la red primaria y parte de la red secundaría del país y las proyecciones de demanda para los corredores que contemplaba el estudio. El modelo usaba las proyecciónes macroeconómicas desarrolladas por Fedesarrollo. La consultoría se desarrolló en las siguientes fases: - Fase I: Revisar, analizar y compilar la información recolectada previamente por la FDN incluyendo la construcción de una herramienta de modelación de demanda de transporte de pasajeros y carga en Colombia - Fase II: Creación, implementación y análisis de escenarios en la herramienta de modelación | D32: Financiera de Desarrollo Nacional | E32: 01/2025 | F32: Asesorar y brindar asistencia técnica, en el diseño del modelo de demanda de transporte en el país (pasajeros y carga) en los diferentes modos que componen el sistema y la implementación de escenarios a partir de la incorporación de los diferentes programas o proyectos que se planteen con miras a la construcción de un Plan Maestro de Transporte Intermodal | G32: 801016 811015 811022 | H32: INDIVIDUAL | I32: 1 | J32: Steer Davies & Gleave Limited Sucursal Colombia | K32: 42107 | L32: 42369 | M32: 2015 | N32: 647000000 | O32: =N32/(_xlfn.XLOOKUP(M32,'TABLA DE SMMLV'!$A$1:$A$32,'TABLA DE SMMLV'!$B$1:$B$32,"0")) -> 1004.1127 | P32: =IF(S32="CUMPLE",100%,0%) -> 1 | Q32: =IF(AF32="CUMPLE",I32*O32*P32,0) -> 1004.1127 | R32: =Q32/(3411038010/1750905) -> 0.51541668 | S32: CUMPLE | T32: SI | U32: SI | V32: SI | W32: SI | X32: SI | Y32: SI | Z32: SI | AA32: =IF(AND(OR(T32="SI",T32="NO APLICA"), OR(U32="SI",U32="NO APLICA"), OR(V32="SI",V32="NO APLICA"), OR(W32="SI",W32="NO APLICA"), OR(X32="SI",X32="NO APLICA"), OR(Y32="SI",Y32="NO APLICA"), OR(Z32="SI",Z32="NO APLICA")), "CUMPLE", "NO CUMPLE") -> CUMPLE | AB32: NO APLICA | AC32: NO APLICA | AD32: =IF(AND(OR(AB32="SI",AB32="NO APLICA"), OR(AC32="SI",AC32="NO APLICA")), "CUMPLE", "NO CUMPLE") -> CUMPLE | AE32: NO APLICA | AF32: =IF(AND(OR(S32="CUMPLE",S32="NO APLICA"), OR(AA32="CUMPLE",AA32="NO APLICA"), OR(AD32="CUMPLE",AD32="NO APLICA"), OR(AE32="CUMPLE",AE32="NO APLICA")), "CUMPLE", "NO CUMPLE") -> CUMPLE
A33: 2 | B33: 425 | C33: Formulación del plan maestro de transporte y logística para el departamento de Antioquia. El estudio se desarrollo en 5 etapas: Etapa 1. Diagnóstico: El diagnóstico se desarrolló considerando diferentes frentes de análisis. - Normativo e institucional - Territorial - Finanzas del departamento - Infraestructura y demanda de transporte - Infraestructura logística - Levantamiento de información primaria Etapa 2: Componente estratégico - Visión - Objetivo General - Objetivos específicos Etapa 3. Componente de ejecución - Construcción de herramientas (Modelo de transporte) y metodología de análisis - Definición y proyección de escenarios de desarrollo Identificación de soluciones a problemáticas identificadas - Formulación de políticas - Definición de cartera de proyectos por cortes temporales (Hoja de ruta técnica) Etapa 4. Componentes estructurantes - Fuentes de financiación -Plan de implementación: Institucional y normativo - Perfiles de proyectos estratégicos a corto plazo Etapa 5. Socialización - Sesiones con páneles de expertos - Socialización con actotes interesados | D33: PROMOTORA FERROCARRIL DE ANTIOQUIA S.A.S. | E33: 062 de 2022 | F33: CONSULTORÍA ESPECIALIZADA PARA LA ELABORACIÓN DEL PLAN MAESTRO DE TRANSPORTE Y LOGÍSTICA DE ANTIOQUIA - PMTLA | G33: 811022 | H33: INDIVIDUAL | I33: 1 | J33: Steer Davies & Gleave Limited Sucursal Colombia | K33: 44756 | L33: 45198 | M33: 2023 | N33: 4398954000 | O33: =N33/(_xlfn.XLOOKUP(M33,'TABLA DE SMMLV'!$A$1:$A$32,'TABLA DE SMMLV'!$B$1:$B$32,"0")) -> 3792.2017 | P33: =IF(S33="CUMPLE",100%,0%) -> 1 | Q33: =IF(AF33="CUMPLE",I33*O33*P33,0) -> 3792.2017 | R33: =Q33/(3411038010/1750905) -> 1.9465585 | S33: CUMPLE | T33: SI | U33: SI | V33: SI | W33: SI | X33: SI | Y33: SI | Z33: SI | AA33: =IF(AND(OR(T33="SI",T33="NO APLICA"), OR(U33="SI",U33="NO APLICA"), OR(V33="SI",V33="NO APLICA"), OR(W33="SI",W33="NO APLICA"), OR(X33="SI",X33="NO APLICA"), OR(Y33="SI",Y33="NO APLICA"), OR(Z33="SI",Z33="NO APLICA")), "CUMPLE", "NO CUMPLE") -> CUMPLE | AB33: NO APLICA | AC33: NO APLICA | AD33: =IF(AND(OR(AB33="SI",AB33="NO APLICA"), OR(AC33="SI",AC33="NO APLICA")), "CUMPLE", "NO CUMPLE") -> CUMPLE | AE33: NO APLICA | AF33: =IF(AND(OR(S33="CUMPLE",S33="NO APLICA"), OR(AA33="CUMPLE",AA33="NO APLICA"), OR(AD33="CUMPLE",AD33="NO APLICA"), OR(AE33="CUMPLE",AE33="NO APLICA")), "CUMPLE", "NO CUMPLE") -> CUMPLE
A34: 3 | B34: 224 | C34: Plan integral para la ciudad de Montería que promueva el desarrollo global entre las infraestructuras, equipamientos, servicios, mecanismo de promoción y participación ciudadana entre el transporte público, el transporte no motorizado y espacios públicos de la ciudad, para fomentar la transformación urbana la integración de los modos de transporte y generar una ciudad ambientalmente sostenible y saludable. Las actividades incluyeron:  Diagnóstico de la oferta y demanda de modos no motorizados y espacio público en la ciudad de Montería  Definición de plan de infraestructura ciclista, peatonal y espacio público  Lineamientos para el diseño de secciones viales  Recomendaciones de normatividad  Pre factibilidad del sistema de bicicletas publicas  Estrategias de implementación del Plan integral de modos no motorizados y espacio público  Estrategia de divulgación y promoción | D34: Banco de Desarrollo de America Latina CAF | E34: NA | F34: Plan integral para la ciudad de Montería que promueva el desarrollo global entre las infraestructuras, equipamientos, servicios, mecanismo de promoción y participación ciudadana entre el transporte público, el transporte no motorizado y espacios públicos de la ciudad, para fomentar la transformación urbana la integración de los modos de transporte y generar una ciudad ambientalmente sostenible y saludable | G34: 801016 811015 811022 | H34: INDIVIDUAL | I34: 1 | J34: Steer Davies & Gleave Limited Sucursal Colombia | K34: 42135 | L34: 42379 | M34: 2016 | N34: 558891270 | O34: =N34/(_xlfn.XLOOKUP(M34,'TABLA DE SMMLV'!$A$1:$A$32,'TABLA DE SMMLV'!$B$1:$B$32,"0")) -> 810.6288 | P34: =IF(S34="CUMPLE",100%,0%) -> 1 | Q34: =IF(AF34="CUMPLE",I34*O34*P34,0) -> 0 | R34: =Q34/(3411038010/1750905) -> 0 | S34: CUMPLE | T34: SI | U34: SI | V34: NO | W34: SI | X34: NO | Y34: SI | Z34: SI | AA34: =IF(AND(OR(T34="SI",T34="NO APLICA"), OR(U34="SI",U34="NO APLICA"), OR(V34="SI",V34="NO APLICA"), OR(W34="SI",W34="NO APLICA"), OR(X34="SI",X34="NO APLICA"), OR(Y34="SI",Y34="NO APLICA"), OR(Z34="SI",Z34="NO APLICA")), "CUMPLE", "NO CUMPLE") -> NO CUMPLE | AB34: NO APLICA | AC34: NO APLICA | AD34: =IF(AND(OR(AB34="SI",AB34="NO APLICA"), OR(AC34="SI",AC34="NO APLICA")), "CUMPLE", "NO CUMPLE") -> CUMPLE | AE34: NO APLICA | AF34: =IF(AND(OR(S34="CUMPLE",S34="NO APLICA"), OR(AA34="CUMPLE",AA34="NO APLICA"), OR(AD34="CUMPLE",AD34="NO APLICA"), OR(AE34="CUMPLE",AE34="NO APLICA")), "CUMPLE", "NO CUMPLE") -> NO CUMPLE | AG34: 1. SE REALIZA CÁLCULO TENIENDO EN CUENTA LOS SIGUIENTES PARÁMETROS: FECHA: 10 DE OCTUBRE DE 2011 1 USD = 3,268.37 COP SEGÚN LO ANTERIOR, 171.000 USD=558.891.270 COP. 2. LA CERTIFICACIÓN NO CONTIENE "NÚMERO DE CONTRATO", "FECHA DE TERMINACIÓN", "ACTIVIDADES U OBLIGACIONES DEL CONTRATO" DE ACUERDO CON LO REQUERIDO EN EL LITERAL D. DEL TÍTULO 1. EXPERIENCIA DEL PROPONENTE Y NO SE ADJUNTA DOCUMENTO EQUIVALENTE SEGÚN EL NUMERAL S. DEL TÍTULO REFERENCIADO EL CUAL INDICA: "...S. Se admitirá como documento equivalente a las certificaciones de contratos ejecutados, la presentación de copia del contrato y sus respectivos anexos técnicos y otrosíes (si hay lugar a ello), siempre que se acompañen de la respectiva acta de liquidación o de terminación o de recibo final. Estos documentos deben incluir la información mínima que se solicita para las certificaciones contractuales..."
A35: 4 | B35: 127 | C35: La formulación del Plan de Movilidad de Popayán consiste en el desarrollo de un instrumento de planificación, en el que se plantean los proyectos y las inversiones necesarias en materia de movilidad y transporte, tendientes a solucionar los diferentes problemas de movilidad que tiene actualmente el municipio; así como los que se pueden generar en el futuro como producto del desarrollo urbano y regional, el crecimiento de la población y de la demanda de viajes. El proyecto consta de cuatro etapas. La primera etapa consiste en la caracterización de la situación actual del municipio. En esta etapa se realiza una extensiva campaña de recolección de información primaria y se hace uso de información secundaria para determinar la situación actual en materia de movilidad y transporte. En la segunda etapa se plantean los objetivos del Plan, su misión, visión y el marco lógico. La tercera etapa consiste en la formulación del plan, esta etapa se basa en la identificación de los problemas encontrados en el diagnóstico, para formular las estrategias, programas y proyectos que generen soluciones para contribuir al cumplimiento de los objetivos, la misión y la visión determinados en la etapa 2, de tal manera que permita la formulación de una política enfocada a un desarrollo integrado del sistema de transporte capaz de satisfacer de forma equilibrada la demanda de movilidad de distintas áreas; y paralelamente, favorecer un modelo territorial deseable con criterios ambientales y de accesibilidad sostenibles. Finalmente, en la cuarta etapa se determinan las fases de implementación y el plan de acción de las diferentes estrategias planteadas en la etapa anterior, de acuerdo a un análisis multicriterio. | D35: Sistema Estratégico de Transporte Público de pasajeros de Popayán "Movilidad Futura S.A.S" | E35: 85 de 2014 | F35: Consultoría para la formulación del Plan de Movilidad del municipio de Popayán | G35: 811015 811022 | H35: INDIVIDUAL | I35: 1 | J35: Steer Davies & Gleave Limited Sucursal Colombia | K35: 41926 | L35: 42226 | M35: 2015 | N35: 730573800 | O35: =N35/(_xlfn.XLOOKUP(M35,'TABLA DE SMMLV'!$A$1:$A$32,'TABLA DE SMMLV'!$B$1:$B$32,"0")) -> 1133.8152 | P35: =IF(S35="CUMPLE",100%,0%) -> 1 | Q35: =IF(AF35="CUMPLE",I35*O35*P35,0) -> 1133.8152 | R35: =Q35/(3411038010/1750905) -> 0.5819937 | S35: CUMPLE | T35: SI | U35: SI | V35: SI | W35: SI | X35: SI | Y35: SI | Z35: SI | AA35: =IF(AND(OR(T35="SI",T35="NO APLICA"), OR(U35="SI",U35="NO APLICA"), OR(V35="SI",V35="NO APLICA"), OR(W35="SI",W35="NO APLICA"), OR(X35="SI",X35="NO APLICA"), OR(Y35="SI",Y35="NO APLICA"), OR(Z35="SI",Z35="NO APLICA")), "CUMPLE", "NO CUMPLE") -> CUMPLE | AB35: NO APLICA | AC35: NO APLICA | AD35: =IF(AND(OR(AB35="SI",AB35="NO APLICA"), OR(AC35="SI",AC35="NO APLICA")), "CUMPLE", "NO CUMPLE") -> CUMPLE | AE35: NO APLICA | AF35: =IF(AND(OR(S35="CUMPLE",S35="NO APLICA"), OR(AA35="CUMPLE",AA35="NO APLICA"), OR(AD35="CUMPLE",AD35="NO APLICA"), OR(AE35="CUMPLE",AE35="NO APLICA")), "CUMPLE", "NO CUMPLE") -> CUMPLE
A36: 5 | B36: 217 | C36: etapas: Etapa 1: Caracterización de la movilidad de transporte en la región central en los siguientes aspectos: • Identificación de corredores regionales de transporte de pasajeros y carga • Caracterización de los corredores que generen impacto directo o indirecto a la región central (con base en información secundaria) • Oferta de infraestructura vial existente • Proyectos de infraestructura de transporte adjudicados • Proyectos de infraestructura de transporte en proceso de adjudicación • Proyectos estructurados en proceso de viabilidad • Identificación de infraestructura y rutas ofrecidas en transporte férreo, fluvial y aéreo • Revisión del estado de las vías primarias, secundarias y terciarias (por importancia o inversiones que generen impactos en la región) Etapa 2: Proyecciones de tráfico para el escenario de transporte intermodal Etapa 3: Priorización y valoración de impactos de los proyectos intermodales de transporte en la región central y un análisis integral de impactos a zonas protegidas, zonas de conservación, sistema de ciudades, logística y dinámicas urbano-rurales debido a proyectos priorizados | D36: Fedesarrollo | E36: 082-2016 | F36: Prestar la asesoría para el proyecto “Plan Intermodal de Transporte de la Región Central”. | G36: 801016 811015 811022 | H36: INDIVIDUAL | I36: 1 | J36: Steer Davies & Gleave Limited Sucursal Colombia | K36: 42636 | L36: 42727 | M36: 2016 | N36: =240000000 -> 240000000 | O36: =N36/(_xlfn.XLOOKUP(M36,'TABLA DE SMMLV'!$A$1:$A$32,'TABLA DE SMMLV'!$B$1:$B$32,"0")) -> 348.10154 | P36: =IF(S36="CUMPLE",100%,0%) -> 1 | Q36: =IF(AF36="CUMPLE",I36*O36*P36,0) -> 348.10154 | R36: =Q36/(3411038010/1750905) -> 0.17868248 | S36: CUMPLE | T36: SI | U36: SI | V36: SI | W36: SI | X36: SI | Y36: SI | Z36: SI | AA36: =IF(AND(OR(T36="SI",T36="NO APLICA"), OR(U36="SI",U36="NO APLICA"), OR(V36="SI",V36="NO APLICA"), OR(W36="SI",W36="NO APLICA"), OR(X36="SI",X36="NO APLICA"), OR(Y36="SI",Y36="NO APLICA"), OR(Z36="SI",Z36="NO APLICA")), "CUMPLE", "NO CUMPLE") -> CUMPLE | AB36: NO APLICA | AC36: NO APLICA | AD36: =IF(AND(OR(AB36="SI",AB36="NO APLICA"), OR(AC36="SI",AC36="NO APLICA")), "CUMPLE", "NO CUMPLE") -> CUMPLE | AE36: NO APLICA | AF36: =IF(AND(OR(S36="CUMPLE",S36="NO APLICA"), OR(AA36="CUMPLE",AA36="NO APLICA"), OR(AD36="CUMPLE",AD36="NO APLICA"), OR(AE36="CUMPLE",AE36="NO APLICA")), "CUMPLE", "NO CUMPLE") -> CUMPLE
A37: 6 | B37: 238 | C37: El plan maestro de movilidad y parqueaderos de Pereira, incluye la caracterización de la movilidad, definición de línea base y propuesta de formulación de visión, líneas estrategicas y proyectos que definirán las acciones que desde la movilidad deben adelantarse para el mejoramiento de la calidad de vida de los habitantes de Pereira. Las actividades específicas fueron: 1. Realizar un levantamiento de información base y caracterización detallada de la situación actual del municipio en términos de movilidad para la elaboración de un diagnóstico que ilustre las necesidades actuales y futuras de la ciudad. 2. Generar la propuesta de visión del Plan, la metodología de integración del componente de movilidad y parqueaderos, definición inicial de objetivos específicos que serán desarrollados en la etapa 3. Construcción del modelo de transporte (modelo de cuatro etapas, definición de escenarios de oferta y demanda base y futuros), análisis asociados al sistema de parqueaderos para el cálculo de la demanda actual y proyectada. 3. Estructurar y formular las líneas estratégicas y proyectos de movilidad y sistema de parqueaderos que incluye el plan integral de movilidad y parqueaderos del municipio de Pereira que contenga líneas estratégicas desde las cuales se aborde el contexto de la ciudad. 4. Socializar la formulación del Plan con la comunidad, Alcaldía y demás actores interesados, y construir un documento entregable oficial para la ciudad | D37: FINDETER - Financiera de Desarrollo | E37: 015 de 2017 | F37: Contratar una consultoría para la elaboración del Plan Maestro de Movilidad y el Plan Maestro de Parqueaderos de Pereira | G37: 801016 811015 811022 | H37: INDIVIDUAL | I37: 1 | J37: Steer Davies & Gleave Limited Sucursal Colombia | K37: 42828 | L37: 43149 | M37: 2018 | N37: 1548190000 | O37: =N37/(_xlfn.XLOOKUP(M37,'TABLA DE SMMLV'!$A$1:$A$32,'TABLA DE SMMLV'!$B$1:$B$32,"0")) -> 1981.7035 | P37: =IF(S37="CUMPLE",100%,0%) -> 1 | Q37: =IF(AF37="CUMPLE",I37*O37*P37,0) -> 0 | R37: =Q37/(3411038010/1750905) -> 0 | S37: CUMPLE | T37: SI | U37: SI | V37: SI | W37: SI | X37: NO | Y37: SI | Z37: SI | AA37: =IF(AND(OR(T37="SI",T37="NO APLICA"), OR(U37="SI",U37="NO APLICA"), OR(V37="SI",V37="NO APLICA"), OR(W37="SI",W37="NO APLICA"), OR(X37="SI",X37="NO APLICA"), OR(Y37="SI",Y37="NO APLICA"), OR(Z37="SI",Z37="NO APLICA")), "CUMPLE", "NO CUMPLE") -> NO CUMPLE | AB37: NO APLICA | AC37: NO APLICA | AD37: =IF(AND(OR(AB37="SI",AB37="NO APLICA"), OR(AC37="SI",AC37="NO APLICA")), "CUMPLE", "NO CUMPLE") -> CUMPLE | AE37: NO APLICA | AF37: =IF(AND(OR(S37="CUMPLE",S37="NO APLICA"), OR(AA37="CUMPLE",AA37="NO APLICA"), OR(AD37="CUMPLE",AD37="NO APLICA"), OR(AE37="CUMPLE",AE37="NO APLICA")), "CUMPLE", "NO CUMPLE") -> NO CUMPLE | AG37: 1. LA CERTIFICACIÓN NO CONTIENE "ACTIVIDADES U OBLIGACIONES DEL CONTRATO" DE ACUERDO CON LO REQUERIDO EN EL LITERAL D. DEL TÍTULO 1. EXPERIENCIA DEL PROPONENTE Y NO SE ADJUNTA DOCUMENTO EQUIVALENTE SEGÚN EL NUMERAL S. DEL TÍTULO REFERENCIADO EL CUAL INDICA: "...S. Se admitirá como documento equivalente a las certificaciones de contratos ejecutados, la presentación de copia del contrato y sus respectivos anexos técnicos y otrosíes (si hay lugar a ello), siempre que se acompañen de la respectiva acta de liquidación o de terminación o de recibo final. Estos documentos deben incluir la información mínima que se solicita para las certificaciones contractuales..."
A38: 7 | B38: 150 | C38: Steer realizó un ejercicio de planeación estratégica de la red de infraestructura de Antioquia para identificar necesidades de inversión y mantenimiento por nivel jerárquico en la red vial carretera, otros modos de transporte y en plataformas logísticas hasta el año 2030, en períodos de 4 años. Se realizó mediante la utilización de métodos de decisión robusta para diferentes escenarios de crecimiento económico regional y cambios estructurales en productos, localización de actividades y flujos de importaciones y exportaciones entre Subregiones de Antioquia, y entre Antioquia y el resto del país y del mundo. Adicionalmente, realizó la formulación de lineamientos, estrategias, directrices y medidas para promover la movilidad sostenible intermunicipal y municipal (urbana y rural) en el Departamento. Este ejercicio, se realizó con la construcción del modelo de transporte para el departamento de Antioquia, por medio del cual se evaluó del desempeño de los proyectos de infraestructura ante tres futuros posibles relacionados con el fortalecimiento regional y relaciones del departamento con Colombia y el exterior y se definió una propuesta de planes y programas de infraestructura para diferentes cortes temporales hasta el año 2030. Finalmente, se desarrolló una guía de consulta para la solución de problemáticas de transporte y movilidad en los diferentes municipios del departamento de Antioquia | D38: Gobernación de Antioquia, Secretaría de Infraestructura | E38: 4600001187 | F38: Realizar el Plan de escenarios 2030 de la infraestructura para el transporte y la movilidad en Antioquia; oportunidades, restricciones y necesidades para potenciar la conectividad multimodal y regional | G38: 801016 811015 811022 | H38: UNION TEMPORAL | I38: 0.5 | J38: Steer Davies & Gleave Limited Sucursal Colombia | K38: 41603 | L38: 42090 | M38: 2015 | N38: 2110476159 | O38: =N38/(_xlfn.XLOOKUP(M38,'TABLA DE SMMLV'!$A$1:$A$32,'TABLA DE SMMLV'!$B$1:$B$32,"0")) -> 3275.3568 | P38: =IF(S38="CUMPLE",100%,0%) -> 1 | Q38: =IF(AF38="CUMPLE",I38*O38*P38,0) -> 1637.6784 | R38: =Q38/(3411038010/1750905) -> 0.84062954 | S38: CUMPLE | T38: SI | U38: SI | V38: SI | W38: SI | X38: SI | Y38: SI | Z38: SI | AA38: =IF(AND(OR(T38="SI",T38="NO APLICA"), OR(U38="SI",U38="NO APLICA"), OR(V38="SI",V38="NO APLICA"), OR(W38="SI",W38="NO APLICA"), OR(X38="SI",X38="NO APLICA"), OR(Y38="SI",Y38="NO APLICA"), OR(Z38="SI",Z38="NO APLICA")), "CUMPLE", "NO CUMPLE") -> CUMPLE | AB38: NO APLICA | AC38: NO APLICA | AD38: =IF(AND(OR(AB38="SI",AB38="NO APLICA"), OR(AC38="SI",AC38="NO APLICA")), "CUMPLE", "NO CUMPLE") -> CUMPLE | AE38: NO APLICA | AF38: =IF(AND(OR(S38="CUMPLE",S38="NO APLICA"), OR(AA38="CUMPLE",AA38="NO APLICA"), OR(AD38="CUMPLE",AD38="NO APLICA"), OR(AE38="CUMPLE",AE38="NO APLICA")), "CUMPLE", "NO CUMPLE") -> CUMPLE
A39: SUMATORIA TOTAL EXPRESADA EN SMMLV | Q39: =SUM(Q32:Q38) -> 7915.9095 | R39: =Q39/(3411038010/1750905) -> 4.0632809
A43: 3. PARÁMETROS GENERALES DEL REQUISITO HABILITANTE
A44: # | B44: PARÁMETRO | C44: CONDICIÓN ESTÁNDAR (máx. 5 contratos) | D44: CONDICIÓN MIPYME / EEM (máx. 7 contratos) | E44: ACREDITACIÓN | F44: REF. PLIEGO | G44: RESULTADO | H44: OBSERVACIONES
A45: 1 | B45: N° de contratos | C45: 5 | D45: 7 | E45: =COUNT(B32:B38) -> 7 | F45: Lit. A | G45: CUMPLE
A46: 2 | B46: Sumatoria total (% presupuesto en SMMLV) | C46: ≥ 100% del presupuesto oficial en SMMLV | E46: =R39 -> 4.0632809 | F46: Lit. A / P | G46: CUMPLE
A47: 3 | B47: Contrato individual mínimo (% sobre presupuesto oficial) | C47: Al menos 1 contrato ≥ 40% del presupuesto oficial en SMMLV (año terminación) | E47: =MAX(R32:R38) -> 1.9465585 | F47: Lit. A / J | G47: CUMPLE
A48: 4 | B48: Código(s) UNSPSC por contrato | C48: Mínimo 1 código UNSPSC registrado en RUP | E48: 801016 811015 811022 | F48: Lit. F | G48: CUMPLE
A49: 5 | B49: Proponente plural: % experiencia mínima aportada por un integrante | C49: Un integrante aporta mínimo 50% de la experiencia solicitada | E49: Steer Davies & Gleave Limited Sucursal Colombia | F49: Lit. G | G49: CUMPLE
A50: 6 | B50: RUP en firme (sin cese de efectos) | C50: RUP en firme (sin cese de efectos) | E50: RUP EN FIRME | F50: Lit. E | G50: CUMPLE
A51: 7 | B51: CUMPLE | G51: =IF(COUNTIF(G45:G50,"CUMPLE")+COUNTIF(G45:G50,"NO APLICA")=ROWS(G45:G50),"CUMPLE","NO CUMPLE") -> CUMPLE
A53: RESULTADO – EXPERIENCIA DEL PROPONENTE
A54: ¿EL PROPONENTE CUMPLE FRENTE AL CRITERIO DE EXPERIENCIA HABILITANTE? | J54: RECHAZADO
A55: EL PROPONENTE SE ENCUENTRA EN CAUSAL DE RECHAZO POR COMPONENTE ECONÓMICO

Sheet EP_7
A1: SECRETARIA DE MOVILIDAD CONTEMPORÁNEA
B5: CONCURSO DE MÉRITOS SMC-CM-CS-152-2026 - PMTIC
A9: INFORMACIÓN PROPONENTE
A10: PROPONENTE | C10: UNION TEMPORAL IDOM - POA | D10: TIPO | F10: Plural (UT) | G10: NIT | H10: NO APLICA
A11: ¿ES MIPYME? | C11: SÍ | D11: ¿ES EMPRENDIMIENTO O EMPRESA DE MUJERES? | F11: SÍ | G11: FECHA EVALUACIÓN | H11: 46107
A12: SECCIÓN 4 – VERIFICACIÓN POR CONTRATO APORTADO (una fila por contrato – máx. 7)
A13: N° | B13: OBJETO DEL CONTRATO (resumen) | C13: CÓDIGO(S) UNSPSC | D13: CERTIFICADO/ACTA | E13: AÑO TERM. | F13: SMMLV (año term.) | G13: VALOR CONTRATO SEGÚN CERTIFICACION (COP) | H13: VALOR CONTRATO SEGÚN CERTIFICACION (SMLMV) | I13: CHEQUEO VALOR CONTRATO SEGÚN CERTIFICACION (SMLMV) | J13: PORCENTAJE DE PARTICIPACIÓN EN EL VALOR EJECUTADO - REPORTADO EN EL RUP (%) | K13: PORCENTAJE DEL VALOR EJECUTADO CONFORME AL OBJETO SOLICITADO (%) | L13: VALOR TOTAL FACTURADO RELACIONADO CON OBJETO DEL CONTRATO Y AFECTADO POR % DEL VALOR EJECUTADO CONFORME AL OBJETO SOLICITADO POR EL % DE PARTICIPACION DEL RUP (SMMLV) | M13: % SOBRE PRESUP. OFICIAL | N13: OBJETO ADMISIBLE (Sec.2) | O13: RESULTADO
A14: 1 | F14: =IF(E14="","Valor por definir",_xlfn.XLOOKUP(E14,'TABLA DE SMMLV'!$A$1:$A$32,'TABLA DE SMMLV'!$B$1:$B$32,"ERROR")) -> Valor por definir | I14: =IF(F14="","Valor por definir",IFERROR(G14/F14,"Revisar datos")) -> Revisar datos | L14: =H14*J14*K14 -> 0 | M14: =L14/$F$21 -> 0
A15: 2 | F15: =IF(E15="","Valor por definir",_xlfn.XLOOKUP(E15,'TABLA DE SMMLV'!$A$1:$A$32,'TABLA DE SMMLV'!$B$1:$B$32,"ERROR")) -> Valor por definir | I15: =IF(F15="","Valor por definir",IFERROR(G15/F15,"Revisar datos")) -> Revisar datos | L15: =H15*J15*K15 -> 0 | M15: =L15/$F$21 -> 0
A16: 3 | F16: =IF(E16="","Valor por definir",_xlfn.XLOOKUP(E16,'TABLA DE SMMLV'!$A$1:$A$32,'TABLA DE SMMLV'!$B$1:$B$32,"ERROR")) -> Valor por definir | I16: =IF(F16="","Valor por definir",IFERROR(G16/F16,"Revisar datos")) -> Revisar datos | L16: =H16*J16*K16 -> 0 | M16: =L16/$F$21 -> 0
A17: 4 | F17: =IF(E17="","Valor por definir",_xlfn.XLOOKUP(E17,'TABLA DE SMMLV'!$A$1:$A$32,'TABLA DE SMMLV'!$B$1:$B$32,"ERROR")) -> Valor por definir | I17: =IF(F17="","Valor por definir",IFERROR(G17/F17,"Revisar datos")) -> Revisar datos | L17: =H17*J17*K17 -> 0 | M17: =L17/$F$21 -> 0
A18: 5 | F18: =IF(E18="","Valor por definir",_xlfn.XLOOKUP(E18,'TABLA DE SMMLV'!$A$1:$A$32,'TABLA DE SMMLV'!$B$1:$B$32,"ERROR")) -> Valor por definir | I18: =IF(F18="","Valor por definir",IFERROR(G18/F18,"Revisar datos")) -> Revisar datos | L18: =H18*J18*K18 -> 0 | M18: =L18/$F$21 -> 0
A19: 6 | F19: =IF(E19="","Valor por definir",_xlfn.XLOOKUP(E19,'TABLA DE SMMLV'!$A$1:$A$32,'TABLA DE SMMLV'!$B$1:$B$32,"ERROR")) -> Valor por definir | I19: =IF(F19="","Valor por definir",IFERROR(G19/F19,"Revisar datos")) -> Revisar datos | L19: =H19*J19*K19 -> 0 | M19: =L19/$F$21 -> 0
A20: 7 | F20: =IF(E20="","Valor por definir",_xlfn.XLOOKUP(E20,'TABLA DE SMMLV'!$A$1:$A$32,'TABLA DE SMMLV'!$B$1:$B$32,"ERROR")) -> Valor por definir | I20: =IF(F20="","Valor por definir",IFERROR(G20/F20,"Revisar datos")) -> Revisar datos | L20: =H20*J20*K20 -> 0 | M20: =L20/$F$21 -> 0
A21: Presupuesto oficial | C21: COP | D21: 3411038010 | E21: SMMLV | F21: =D21/1750905 -> 1948.1571 | G21: SUMATORIA TOTAL (% sobre presupuesto oficial en SMMLV) → | L21: =SUM(L14:L20) -> 0 | M21: =L21/$F$21 -> 0
A24: 1. VERIFICACIÓN DILIGENCIAMIENTO FORMATO
A25: FORMATO | D25: ¿CUMPLE? | E25: OBSERVACIONES
A26: FORMATO 7 - EXPERIENCIA HABILITANTE DEL PROPONENTE | D26: CUMPLE
A28: 2. VERIFICACIÓN ESPECÍFICA POR CONTRATO APORTADO
A29: N° | B29: NÚMERO CONSECUTIVO DEL REPORTE DEL CONTRATO EJECUTADO EN EL RUP | C29: DESCRIPCIÓN DE LAS ACTIVIDADES EJECUTADAS | D29: ENTIDAD CONTRATANTE | E29: CONTRATO O RESOLUCION | G29: CÓDIGO(S) UNSPSC | H29: FORMA DE EJECUCIÓN | J29: INTEGRANTE QUE APORTA EXPERIENCIA | K29: FECHA DE INICIACIÓN [DIA-MES-AÑO] | L29: FECHA DE TERMINACIÓN [DIA-MES-AÑO] | M29: AÑO DE TERMINACIÓN | N29: VALOR TOTAL | O29: VERIFICACIÓN ENTIDAD
E30: NO. | F30: OBJETO | H30: I,C,UT, OTRA | I30: % PARTICIPACIÓN | O30: VALOR TOTAL DEL CONTRATO EN SMMLV | P30: PORCENTAJE DEL VALOR EJECUTADO CONFORME AL OBJETO SOLICITADO (%) | Q30: VALOR TOTAL DEL CONTRATO EN SMMLV X PORCENTAJE DE PARTICIPACIÓN X PORCENTAJE EJECUTADO CONFORME AL OBJETO SOLICITADO | R30: % SOBRE PRESUP. OFICIAL | S30: ¿OBJETO, ACTIVIDADES Y/O OBLIGACIONES CONTRACTUALES CUMPLEN? | T30: ¿LA CERTIFICACIÓN LABORAL O DOCUMENTACIÓN EQUIVALENTE CONTIENE LA INFORMACIÓN MÍNIMA REQUERIDA? | AB30: ¿LA EXPERIENCIA ES ADQUIRIDA EN EL EXTERIOR? | AE30: ¿LA EXPERIENCIA DE LA PERSONA JURÍDICA ES ACREDITADA EN DEBIDA FORMA POR UN ACCIONISTA, SOCIO O CONSTITUYENTE? | AF30: ¿LA EXPERIENCIA CUMPLE CON LOS REQUISITOS DEL PLIEGO DE CONDICIONES? | AG30: OBSERVACIONES
T31: NOMBRE O RAZÓN SOCIAL DEL CONTRATANTE | U31: NOMBRE O RAZÓN SOCIAL DEL CONTRATISTA | V31: NÚMERO DEL CONTRATO (SI TIENE) | W31: OBJETO DEL CONTRATO Y/O CARGO DESEMPEÑADO | X31: ACTIVIDADES U OBLIGACIONES DEL CONTRATO | Y31: NOMBRE, CARGO Y FIRMA DE QUIEN EXPIDE LA CERTIFICACIÓN | Z31: FECHA DE EXPEDICIÓN DE LA CERTIFICACIÓN | AA31: ¿CUMPLE? | AB31: ¿EL DOCUMENTO SE ENCUENTRA DEBIDAMENTE APOSTILLADO? | AC31: ¿LA TRADUCCIÓN SE ENCUENTRA DEBIDAMENTE REALIZADA? EN CASO DE NO REQUERIRSE APOSTILLAJE | AD31: ¿CUMPLE?
A32: 1 | B32: 867 | C32: El objeto del proyecto fue la "Evaluación de la viabilidad técnica de la infraestructura de apoyo a la operación del transporte terrestre intermunicipal de pasajeros y al reordenamiento de las rutas de transporte público en el municipio de Palmira." Dentro de las actividades desarrolladas están: 1. Realizar el estudio de demanda y caracterización del transporte, tanto de los servicios de transporte terrestre intermunicipal (metropolitano, departamental y nacional) que tienen origen, destino y/o tránsito en el Municipio de Palmira, como de los servicios de transporte público urbano y suburbano del Municipio de Palmira, utilizando información primaria y secundaria. 2. Toma de información primaria, trabajos de campo de Frecuencia y Ocupación Visual (FOV), encuestas Origen-Destino (OD) y Estudio Estratégico de la Informalidad. 2. Actualizar el modelo de transporte de asignación con capacidad de evaluar el cambio modal debido a la implementación de medidas de transporte público. 3. Elaborar el análisis de mercado para potencializar los negocios colaterales de explotación comercial que se pueden desarrollar en las dos (2) infraestructuras. 4. Desarrollar el levantamiento topográfico y los estudios geotécnicos, de suelos y pavimentos, arqueológicos y otros. 5. Elaborar el diseño arquitectónico a nivel de anteproyecto para cada una de las dos (2) infraestructuras. 6. Elaborar el plan de ejecución para las etapas de consulta previa, formulación y adopción, teniendo en cuenta el Decreto 904 del 26 de agosto de 2020, expedido por la Alcaldía Municipal de Palmira. 7. Realizar el plan de inversiones CAPEX y OPEX, estimación de ingresos por tasas de uso y otros ingresos, evaluación socioeconómica y gestión predial de las dos infraestructuras de transporte. 8. Desarrollar el modelo de transacción para la alternativa preferida y el plan de gestión de riesgos. 9. Formular los indicadores de nivel de servicio y las normas de calidad y rendimiento de los servicios propuestos para las dos (2) infraestructuras de transporte. 10. Realizar la evaluación y selección de fuentes de recursos y mecanismos de financiación, elementos para el desarrollo detallado de la transacción: estructuras fiduciarias, garantías y pólizas, y la construcción del modelo financiero y evaluación de la viabilidad financiera. | D32: SECRETARIA DE TRÁNSITO Y TRANSPORTE DE PALMIRA | E32: MP-927- 2022 | F32: ESTUDIOS Y DISEÑOS DE FACTIBILIDAD PARA LA CENTRAL INTERMODAL DE TRANSPORTE DE PALMIRA. | G32: 811015 811022 801016 | H32: INDIVIDUAL | I32: 1 | J32: IDOM CONSULTING, ENGINEERING, ARCHITECTURE S.A.U | K32: 44620 | L32: 28/12//2022 | M32: 2022 | N32: 3477000312 | O32: =N32/(_xlfn.XLOOKUP(M32,'TABLA DE SMMLV'!$A$1:$A$32,'TABLA DE SMMLV'!$B$1:$B$32,"0")) -> 3477.0003 | P32: =IF(S32="CUMPLE",100%,0%) -> 1 | Q32: =IF(AF32="CUMPLE",I32*O32*P32,0) -> 3477.0003 | R32: =Q32/(3411038010/1750905) -> 1.7847638 | S32: CUMPLE | T32: SI | U32: SI | V32: SI | W32: SI | X32: SI | Y32: SI | Z32: SI | AA32: =IF(AND(OR(T32="SI",T32="NO APLICA"), OR(U32="SI",U32="NO APLICA"), OR(V32="SI",V32="NO APLICA"), OR(W32="SI",W32="NO APLICA"), OR(X32="SI",X32="NO APLICA"), OR(Y32="SI",Y32="NO APLICA"), OR(Z32="SI",Z32="NO APLICA")), "CUMPLE", "NO CUMPLE") -> CUMPLE | AB32: NO APLICA | AC32: NO APLICA | AD32: =IF(AND(OR(AB32="SI",AB32="NO APLICA"), OR(AC32="SI",AC32="NO APLICA")), "CUMPLE", "NO CUMPLE") -> CUMPLE | AE32: NO APLICA | AF32: =IF(AND(OR(S32="CUMPLE",S32="NO APLICA"), OR(AA32="CUMPLE",AA32="NO APLICA"), OR(AD32="CUMPLE",AD32="NO APLICA"), OR(AE32="CUMPLE",AE32="NO APLICA")), "CUMPLE", "NO CUMPLE") -> CUMPLE
A33: 2 | O33: =N33/(_xlfn.XLOOKUP(M33,'TABLA DE SMMLV'!$A$1:$A$32,'TABLA DE SMMLV'!$B$1:$B$32,"0")) -> 0 | P33: 0 | Q33: =IF(AF33="CUMPLE",I33*O33*P33,0) -> 0 | R33: =Q33/(3411038010/1750905) -> 0 | AA33: =IF(AND(OR(T33="SI",T33="NO APLICA"), OR(U33="SI",U33="NO APLICA"), OR(V33="SI",V33="NO APLICA"), OR(W33="SI",W33="NO APLICA"), OR(X33="SI",X33="NO APLICA"), OR(Y33="SI",Y33="NO APLICA"), OR(Z33="SI",Z33="NO APLICA")), "CUMPLE", "NO CUMPLE") -> NO CUMPLE | AD33: =IF(AND(OR(AB33="SI",AB33="NO APLICA"), OR(AC33="SI",AC33="NO APLICA")), "CUMPLE", "NO CUMPLE") -> NO CUMPLE | AF33: =IF(AND(OR(S33="CUMPLE",S33="NO APLICA"), OR(AA33="CUMPLE",AA33="NO APLICA"), OR(AD33="CUMPLE",AD33="NO APLICA"), OR(AE33="CUMPLE",AE33="NO APLICA")), "CUMPLE", "NO CUMPLE") -> NO CUMPLE
A34: 3 | O34: =N34/(_xlfn.XLOOKUP(M34,'TABLA DE SMMLV'!$A$1:$A$32,'TABLA DE SMMLV'!$B$1:$B$32,"0")) -> 0 | P34: 0 | Q34: =IF(AF34="CUMPLE",I34*O34*P34,0) -> 0 | R34: =Q34/(3411038010/1750905) -> 0 | AA34: =IF(AND(OR(T34="SI",T34="NO APLICA"), OR(U34="SI",U34="NO APLICA"), OR(V34="SI",V34="NO APLICA"), OR(W34="SI",W34="NO APLICA"), OR(X34="SI",X34="NO APLICA"), OR(Y34="SI",Y34="NO APLICA"), OR(Z34="SI",Z34="NO APLICA")), "CUMPLE", "NO CUMPLE") -> NO CUMPLE | AD34: =IF(AND(OR(AB34="SI",AB34="NO APLICA"), OR(AC34="SI",AC34="NO APLICA")), "CUMPLE", "NO CUMPLE") -> NO CUMPLE | AF34: =IF(AND(OR(S34="CUMPLE",S34="NO APLICA"), OR(AA34="CUMPLE",AA34="NO APLICA"), OR(AD34="CUMPLE",AD34="NO APLICA"), OR(AE34="CUMPLE",AE34="NO APLICA")), "CUMPLE", "NO CUMPLE") -> NO CUMPLE
A35: 4 | O35: =N35/(_xlfn.XLOOKUP(M35,'TABLA DE SMMLV'!$A$1:$A$32,'TABLA DE SMMLV'!$B$1:$B$32,"0")) -> 0 | P35: 0 | Q35: =IF(AF35="CUMPLE",I35*O35*P35,0) -> 0 | R35: =Q35/(3411038010/1750905) -> 0 | AA35: =IF(AND(OR(T35="SI",T35="NO APLICA"), OR(U35="SI",U35="NO APLICA"), OR(V35="SI",V35="NO APLICA"), OR(W35="SI",W35="NO APLICA"), OR(X35="SI",X35="NO APLICA"), OR(Y35="SI",Y35="NO APLICA"), OR(Z35="SI",Z35="NO APLICA")), "CUMPLE", "NO CUMPLE") -> NO CUMPLE | AD35: =IF(AND(OR(AB35="SI",AB35="NO APLICA"), OR(AC35="SI",AC35="NO APLICA")), "CUMPLE", "NO CUMPLE") -> NO CUMPLE | AF35: =IF(AND(OR(S35="CUMPLE",S35="NO APLICA"), OR(AA35="CUMPLE",AA35="NO APLICA"), OR(AD35="CUMPLE",AD35="NO APLICA"), OR(AE35="CUMPLE",AE35="NO APLICA")), "CUMPLE", "NO CUMPLE") -> NO CUMPLE
A36: 5 | O36: =N36/(_xlfn.XLOOKUP(M36,'TABLA DE SMMLV'!$A$1:$A$32,'TABLA DE SMMLV'!$B$1:$B$32,"0")) -> 0 | P36: 0 | Q36: =IF(AF36="CUMPLE",I36*O36*P36,0) -> 0 | R36: =Q36/(3411038010/1750905) -> 0 | AA36: =IF(AND(OR(T36="SI",T36="NO APLICA"), OR(U36="SI",U36="NO APLICA"), OR(V36="SI",V36="NO APLICA"), OR(W36="SI",W36="NO APLICA"), OR(X36="SI",X36="NO APLICA"), OR(Y36="SI",Y36="NO APLICA"), OR(Z36="SI",Z36="NO APLICA")), "CUMPLE", "NO CUMPLE") -> NO CUMPLE | AD36: =IF(AND(OR(AB36="SI",AB36="NO APLICA"), OR(AC36="SI",AC36="NO APLICA")), "CUMPLE", "NO CUMPLE") -> NO CUMPLE | AF36: =IF(AND(OR(S36="CUMPLE",S36="NO APLICA"), OR(AA36="CUMPLE",AA36="NO APLICA"), OR(AD36="CUMPLE",AD36="NO APLICA"), OR(AE36="CUMPLE",AE36="NO APLICA")), "CUMPLE", "NO CUMPLE") -> NO CUMPLE
A37: 6 | O37: =N37/(_xlfn.XLOOKUP(M37,'TABLA DE SMMLV'!$A$1:$A$32,'TABLA DE SMMLV'!$B$1:$B$32,"0")) -> 0 | P37: 0 | Q37: =IF(AF37="CUMPLE",I37*O37*P37,0) -> 0 | R37: =Q37/(3411038010/1750905) -> 0 | AA37: =IF(AND(OR(T37="SI",T37="NO APLICA"), OR(U37="SI",U37="NO APLICA"), OR(V37="SI",V37="NO APLICA"), OR(W37="SI",W37="NO APLICA"), OR(X37="SI",X37="NO APLICA"), OR(Y37="SI",Y37="NO APLICA"), OR(Z37="SI",Z37="NO APLICA")), "CUMPLE", "NO CUMPLE") -> NO CUMPLE | AD37: =IF(AND(OR(AB37="SI",AB37="NO APLICA"), OR(AC37="SI",AC37="NO APLICA")), "CUMPLE", "NO CUMPLE") -> NO CUMPLE | AF37: =IF(AND(OR(S37="CUMPLE",S37="NO APLICA"), OR(AA37="CUMPLE",AA37="NO APLICA"), OR(AD37="CUMPLE",AD37="NO APLICA"), OR(AE37="CUMPLE",AE37="NO APLICA")), "CUMPLE", "NO CUMPLE") -> NO CUMPLE
A38: 7 | O38: =N38/(_xlfn.XLOOKUP(M38,'TABLA DE SMMLV'!$A$1:$A$32,'TABLA DE SMMLV'!$B$1:$B$32,"0")) -> 0 | P38: 0 | Q38: =IF(AF38="CUMPLE",I38*O38*P38,0) -> 0 | R38: =Q38/(3411038010/1750905) -> 0 | AA38: =IF(AND(OR(T38="SI",T38="NO APLICA"), OR(U38="SI",U38="NO APLICA"), OR(V38="SI",V38="NO APLICA"), OR(W38="SI",W38="NO APLICA"), OR(X38="SI",X38="NO APLICA"), OR(Y38="SI",Y38="NO APLICA"), OR(Z38="SI",Z38="NO APLICA")), "CUMPLE", "NO CUMPLE") -> NO CUMPLE | AD38: =IF(AND(OR(AB38="SI",AB38="NO APLICA"), OR(AC38="SI",AC38="NO APLICA")), "CUMPLE", "NO CUMPLE") -> NO CUMPLE | AF38: =IF(AND(OR(S38="CUMPLE",S38="NO APLICA"), OR(AA38="CUMPLE",AA38="NO APLICA"), OR(AD38="CUMPLE",AD38="NO APLICA"), OR(AE38="CUMPLE",AE38="NO APLICA")), "CUMPLE", "NO CUMPLE") -> NO CUMPLE
A39: SUMATORIA TOTAL EXPRESADA EN SMMLV | Q39: =SUM(Q32:Q38) -> 3477.0003 | R39: =Q39/(3411038010/1750905) -> 1.7847638
A43: 3. PARÁMETROS GENERALES DEL REQUISITO HABILITANTE
A44: # | B44: PARÁMETRO | C44: CONDICIÓN ESTÁNDAR (máx. 5 contratos) | D44: CONDICIÓN MIPYME / EEM (máx. 7 contratos) | E44: ACREDITACIÓN | F44: REF. PLIEGO | G44: RESULTADO | H44: OBSERVACIONES
A45: 1 | B45: N° de contratos | C45: 5 | D45: 7 | E45: =COUNT(B32:B38) -> 1 | F45: Lit. A | G45: CUMPLE
A46: 2 | B46: Sumatoria total (% presupuesto en SMMLV) | C46: ≥ 100% del presupuesto oficial en SMMLV | E46: =R39 -> 1.7847638 | F46: Lit. A / P | G46: CUMPLE
A47: 3 | B47: Contrato individual mínimo (% sobre presupuesto oficial) | C47: Al menos 1 contrato ≥ 40% del presupuesto oficial en SMMLV (año terminación) | E47: =MAX(R32:R38) -> 1.7847638 | F47: Lit. A / J | G47: CUMPLE
A48: 4 | B48: Código(s) UNSPSC por contrato | C48: Mínimo 1 código UNSPSC registrado en RUP | E48: 811015 811022 801016 | F48: Lit. F | G48: CUMPLE
A49: 5 | B49: Proponente plural: % experiencia mínima aportada por un integrante | C49: Un integrante aporta mínimo 50% de la experiencia solicitada | E49: IDOM CONSULTING, ENGINEERING, ARCHITECTURE S.A.U | F49: Lit. G | G49: CUMPLE
A50: 6 | B50: RUP en firme (sin cese de efectos) | C50: RUP en firme (sin cese de efectos) | E50: RUP EN FIRME | F50: Lit. E | G50: CUMPLE
A51: 7 | B51: CUMPLE | G51: =IF(COUNTIF(G45:G50,"CUMPLE")+COUNTIF(G45:G50,"NO APLICA")=ROWS(G45:G50),"CUMPLE","NO CUMPLE") -> CUMPLE
A53: RESULTADO – EXPERIENCIA DEL PROPONENTE
A54: ¿EL PROPONENTE CUMPLE FRENTE AL CRITERIO DE EXPERIENCIA HABILITANTE? | J54: CUMPLE

Sheet EP_8
A1: SECRETARIA DE MOVILIDAD CONTEMPORÁNEA
B5: CONCURSO DE MÉRITOS SMC-CM-CS-152-2026 - PMTIC
A9: INFORMACIÓN PROPONENTE
A10: PROPONENTE | C10: Consorcio SIGMA GP – CNC Intermodal | D10: TIPO | F10: Plural (Consorcio) | G10: NIT | H10: NO APLICA
A11: ¿ES MIPYME? | C11: SÍ | D11: ¿ES EMPRENDIMIENTO O EMPRESA DE MUJERES? | F11: SÍ | G11: FECHA EVALUACIÓN | H11: 46107
A12: SECCIÓN 4 – VERIFICACIÓN POR CONTRATO APORTADO (una fila por contrato – máx. 7)
A13: N° | B13: OBJETO DEL CONTRATO (resumen) | C13: CÓDIGO(S) UNSPSC | D13: CERTIFICADO/ACTA | E13: AÑO TERM. | F13: SMMLV (año term.) | G13: VALOR CONTRATO SEGÚN CERTIFICACION (COP) | H13: VALOR CONTRATO SEGÚN CERTIFICACION (SMLMV) | I13: CHEQUEO VALOR CONTRATO SEGÚN CERTIFICACION (SMLMV) | J13: PORCENTAJE DE PARTICIPACIÓN EN EL VALOR EJECUTADO - REPORTADO EN EL RUP (%) | K13: PORCENTAJE DEL VALOR EJECUTADO CONFORME AL OBJETO SOLICITADO (%) | L13: VALOR TOTAL FACTURADO RELACIONADO CON OBJETO DEL CONTRATO Y AFECTADO POR % DEL VALOR EJECUTADO CONFORME AL OBJETO SOLICITADO POR EL % DE PARTICIPACION DEL RUP (SMMLV) | M13: % SOBRE PRESUP. OFICIAL | N13: OBJETO ADMISIBLE (Sec.2) | O13: RESULTADO
A14: 1 | F14: =IF(E14="","Valor por definir",_xlfn.XLOOKUP(E14,'TABLA DE SMMLV'!$A$1:$A$32,'TABLA DE SMMLV'!$B$1:$B$32,"ERROR")) -> Valor por definir | I14: =IF(F14="","Valor por definir",IFERROR(G14/F14,"Revisar datos")) -> Revisar datos | L14: =H14*J14*K14 -> 0 | M14: =L14/$F$21 -> 0
A15: 2 | F15: =IF(E15="","Valor por definir",_xlfn.XLOOKUP(E15,'TABLA DE SMMLV'!$A$1:$A$32,'TABLA DE SMMLV'!$B$1:$B$32,"ERROR")) -> Valor por definir | I15: =IF(F15="","Valor por definir",IFERROR(G15/F15,"Revisar datos")) -> Revisar datos | L15: =H15*J15*K15 -> 0 | M15: =L15/$F$21 -> 0
A16: 3 | F16: =IF(E16="","Valor por definir",_xlfn.XLOOKUP(E16,'TABLA DE SMMLV'!$A$1:$A$32,'TABLA DE SMMLV'!$B$1:$B$32,"ERROR")) -> Valor por definir | I16: =IF(F16="","Valor por definir",IFERROR(G16/F16,"Revisar datos")) -> Revisar datos | L16: =H16*J16*K16 -> 0 | M16: =L16/$F$21 -> 0
A17: 4 | F17: =IF(E17="","Valor por definir",_xlfn.XLOOKUP(E17,'TABLA DE SMMLV'!$A$1:$A$32,'TABLA DE SMMLV'!$B$1:$B$32,"ERROR")) -> Valor por definir | I17: =IF(F17="","Valor por definir",IFERROR(G17/F17,"Revisar datos")) -> Revisar datos | L17: =H17*J17*K17 -> 0 | M17: =L17/$F$21 -> 0
A18: 5 | F18: =IF(E18="","Valor por definir",_xlfn.XLOOKUP(E18,'TABLA DE SMMLV'!$A$1:$A$32,'TABLA DE SMMLV'!$B$1:$B$32,"ERROR")) -> Valor por definir | I18: =IF(F18="","Valor por definir",IFERROR(G18/F18,"Revisar datos")) -> Revisar datos | L18: =H18*J18*K18 -> 0 | M18: =L18/$F$21 -> 0
A19: 6 | F19: =IF(E19="","Valor por definir",_xlfn.XLOOKUP(E19,'TABLA DE SMMLV'!$A$1:$A$32,'TABLA DE SMMLV'!$B$1:$B$32,"ERROR")) -> Valor por definir | I19: =IF(F19="","Valor por definir",IFERROR(G19/F19,"Revisar datos")) -> Revisar datos | L19: =H19*J19*K19 -> 0 | M19: =L19/$F$21 -> 0
A20: 7 | F20: =IF(E20="","Valor por definir",_xlfn.XLOOKUP(E20,'TABLA DE SMMLV'!$A$1:$A$32,'TABLA DE SMMLV'!$B$1:$B$32,"ERROR")) -> Valor por definir | I20: =IF(F20="","Valor por definir",IFERROR(G20/F20,"Revisar datos")) -> Revisar datos | L20: =H20*J20*K20 -> 0 | M20: =L20/$F$21 -> 0
A21: Presupuesto oficial | C21: COP | D21: 3411038010 | E21: SMMLV | F21: =D21/1750905 -> 1948.1571 | G21: SUMATORIA TOTAL (% sobre presupuesto oficial en SMMLV) → | L21: =SUM(L14:L20) -> 0 | M21: =L21/$F$21 -> 0
A24: 1. VERIFICACIÓN DILIGENCIAMIENTO FORMATO
A25: FORMATO | D25: ¿CUMPLE? | E25: OBSERVACIONES
A26: FORMATO 7 - EXPERIENCIA HABILITANTE DEL PROPONENTE | D26: CUMPLE
A28: 2. VERIFICACIÓN ESPECÍFICA POR CONTRATO APORTADO
A29: N° | B29: NÚMERO CONSECUTIVO DEL REPORTE DEL CONTRATO EJECUTADO EN EL RUP | C29: DESCRIPCIÓN DE LAS ACTIVIDADES EJECUTADAS | D29: ENTIDAD CONTRATANTE | E29: CONTRATO O RESOLUCION | G29: CÓDIGO(S) UNSPSC | H29: FORMA DE EJECUCIÓN | J29: INTEGRANTE QUE APORTA EXPERIENCIA | K29: FECHA DE INICIACIÓN [DIA-MES-AÑO] | L29: FECHA DE TERMINACIÓN [DIA-MES-AÑO] | M29: AÑO DE TERMINACIÓN | N29: VALOR TOTAL | O29: VERIFICACIÓN ENTIDAD
E30: NO. | F30: OBJETO | H30: I,C,UT, OTRA | I30: % PARTICIPACIÓN | O30: VALOR TOTAL DEL CONTRATO EN SMMLV | P30: PORCENTAJE DEL VALOR EJECUTADO CONFORME AL OBJETO SOLICITADO (%) | Q30: VALOR TOTAL DEL CONTRATO EN SMMLV X PORCENTAJE DE PARTICIPACIÓN X PORCENTAJE EJECUTADO CONFORME AL OBJETO SOLICITADO | R30: % SOBRE PRESUP. OFICIAL | S30: ¿OBJETO, ACTIVIDADES Y/O OBLIGACIONES CONTRACTUALES CUMPLEN? | T30: ¿LA CERTIFICACIÓN LABORAL O DOCUMENTACIÓN EQUIVALENTE CONTIENE LA INFORMACIÓN MÍNIMA REQUERIDA? | AB30: ¿LA EXPERIENCIA ES ADQUIRIDA EN EL EXTERIOR? | AE30: ¿LA EXPERIENCIA DE LA PERSONA JURÍDICA ES ACREDITADA EN DEBIDA FORMA POR UN ACCIONISTA, SOCIO O CONSTITUYENTE? | AF30: ¿LA EXPERIENCIA CUMPLE CON LOS REQUISITOS DEL PLIEGO DE CONDICIONES? | AG30: OBSERVACIONES
T31: NOMBRE O RAZÓN SOCIAL DEL CONTRATANTE | U31: NOMBRE O RAZÓN SOCIAL DEL CONTRATISTA | V31: NÚMERO DEL CONTRATO (SI TIENE) | W31: OBJETO DEL CONTRATO Y/O CARGO DESEMPEÑADO | X31: ACTIVIDADES U OBLIGACIONES DEL CONTRATO | Y31: NOMBRE, CARGO Y FIRMA DE QUIEN EXPIDE LA CERTIFICACIÓN | Z31: FECHA DE EXPEDICIÓN DE LA CERTIFICACIÓN | AA31: ¿CUMPLE? | AB31: ¿EL DOCUMENTO SE ENCUENTRA DEBIDAMENTE APOSTILLADO? | AC31: ¿LA TRADUCCIÓN SE ENCUENTRA DEBIDAMENTE REALIZADA? EN CASO DE NO REQUERIRSE APOSTILLAJE | AD31: ¿CUMPLE?
A32: 1 | B32: 56 | C32: ▪Estructuración de: políticas públicas de transporte de pasajeros ▪Diseño para la solución de problemas de infraestructura de transporte y/o transporte de transporte de pasajeros ▪Elaboración de macromodelos de transporte | D32: FINDETER | E32: 02 de 2018 | F32: Elaborar el diseño de detalle de la estructura técnica, legal y financiera para la implementación del Sistema Estratégico de Transporte Público de pasajeros del municipio de Ibagué | G32: 811015 | H32: INDIVIDUAL | I32: 1 | J32: SIGMA GP | K32: 43172 | L32: 43593 | M32: 2019 | N32: 1649283291 | O32: =N32/(_xlfn.XLOOKUP(M32,'TABLA DE SMMLV'!$A$1:$A$32,'TABLA DE SMMLV'!$B$1:$B$32,"0")) -> 1991.609 | P32: =IF(S32="CUMPLE",100%,0%) -> 1 | Q32: =IF(AF32="CUMPLE",I32*O32*P32,0) -> 1991.609 | R32: =Q32/(3411038010/1750905) -> 1.0223041 | S32: CUMPLE | T32: SI | U32: SI | V32: SI | W32: SI | X32: SI | Y32: SI | Z32: SI | AA32: =IF(AND(OR(T32="SI",T32="NO APLICA"), OR(U32="SI",U32="NO APLICA"), OR(V32="SI",V32="NO APLICA"), OR(W32="SI",W32="NO APLICA"), OR(X32="SI",X32="NO APLICA"), OR(Y32="SI",Y32="NO APLICA"), OR(Z32="SI",Z32="NO APLICA")), "CUMPLE", "NO CUMPLE") -> CUMPLE | AB32: NO APLICA | AC32: NO APLICA | AD32: =IF(AND(OR(AB32="SI",AB32="NO APLICA"), OR(AC32="SI",AC32="NO APLICA")), "CUMPLE", "NO CUMPLE") -> CUMPLE | AE32: NO APLICA | AF32: =IF(AND(OR(S32="CUMPLE",S32="NO APLICA"), OR(AA32="CUMPLE",AA32="NO APLICA"), OR(AD32="CUMPLE",AD32="NO APLICA"), OR(AE32="CUMPLE",AE32="NO APLICA")), "CUMPLE", "NO CUMPLE") -> CUMPLE | AG32: CON LA DOCUMENTACIÓN REMITIDA EN LA ETAPA DE SUBSANACIÓN, SE IDENTIFICA QUE EL PROPONENE ALLEGÓ LA TOTALIDAD DE REQUISITOS INDICADOS EN EL LITERAL D. DEL TÍTULO 1. EXPERIENCIA DEL PROPONENTE.
A33: 2 | B33: 38 | C33: • Formulación de políticas públicas • Formulación de planes o programas o proyectos de infraestructura de transporte • Diseño de estrategias para la solución de problemas de: infraestructura de transporte | D33: DNP | E33: DNP 511 de 2014 | F33: El consultor se obliga para con el DPN a diseñar una propuesta para un Sistema Integrado de Transporte regional SITR, en el subsistema de ciudades Tunja-Duitama-Sogamoso y área de influencia, a partir de la caracterización y diagnóstico de la movilidad del subsistema y del diseño y definición de soluciones de transporte interurbano articuladas con estrategias de movilidad locales | G33: 811022 | H33: INDIVIDUAL | I33: 1 | J33: SIGMA GP | K33: 41988 | L33: 42200 | M33: 2015 | N33: 649606960 | O33: =N33/(_xlfn.XLOOKUP(M33,'TABLA DE SMMLV'!$A$1:$A$32,'TABLA DE SMMLV'!$B$1:$B$32,"0")) -> 1008.1585 | P33: =IF(S33="CUMPLE",100%,0%) -> 1 | Q33: =IF(AF33="CUMPLE",I33*O33*P33,0) -> 1008.1585 | R33: =Q33/(3411038010/1750905) -> 0.51749345 | S33: CUMPLE | T33: SI | U33: SI | V33: SI | W33: SI | X33: SI | Y33: SI | Z33: SI | AA33: =IF(AND(OR(T33="SI",T33="NO APLICA"), OR(U33="SI",U33="NO APLICA"), OR(V33="SI",V33="NO APLICA"), OR(W33="SI",W33="NO APLICA"), OR(X33="SI",X33="NO APLICA"), OR(Y33="SI",Y33="NO APLICA"), OR(Z33="SI",Z33="NO APLICA")), "CUMPLE", "NO CUMPLE") -> CUMPLE | AB33: NO APLICA | AC33: NO APLICA | AD33: =IF(AND(OR(AB33="SI",AB33="NO APLICA"), OR(AC33="SI",AC33="NO APLICA")), "CUMPLE", "NO CUMPLE") -> CUMPLE | AE33: NO APLICA | AF33: =IF(AND(OR(S33="CUMPLE",S33="NO APLICA"), OR(AA33="CUMPLE",AA33="NO APLICA"), OR(AD33="CUMPLE",AD33="NO APLICA"), OR(AE33="CUMPLE",AE33="NO APLICA")), "CUMPLE", "NO CUMPLE") -> CUMPLE | AG33: 1. FRENTE A LA VERIFICACIÓN DE LA DOCUMENTACIÓN ALLEGADA CON LA REMISIÓN DE LA PROPUESTA Y LA ACLARACIÓN REALIZADA EN LA ETAPA DE SUBSANACIÓN, SE IDENTIFICA QUE EL OBJETO Y LAS OBLIGACIONES DE LA CERTIFICACIÓN SE ENCUENTRAN RELACIONADOS CON LA SOLICITUD DE EXPERIENCIA INDICADA EN EL LITERAL C DEL TÍTULO 1. EXPERIENCIA DEL PROPONENTE.
A34: 3 | B34: 666 | C34: • Llevar a cabo la Encuesta Origen-Destino de Hogares (EODH) 2019 de la población igual o mayor a los 5 años de edad en la ciudad de Bogotá y en los 18 municipios vecinos de su área de influencia, cumpliendo con los criterios técnicos establecidos en el anexo técnico del contrato, con el fin de capturar información detallada sobre hogares, personas, vehículos, viajes y etapas de los mismos. • Actualizar los cuatro pasos del modelo de transporte de Bogotá para el periodo pico AM y los modelos de asignación también para un periodo valle. • Construir las matrices Origen-Destino calibradas para el periodo pico AM y un periodo valle, con el uso del modelo de transporte y a partir de la información recogida en las encuestas, incluida la EODI 2019, los aforos y otras tomas de información en campo necesarias, bajo los parámetros establecidos en el anexo técnico del contrato. • Caracterizar la movilidad de la población objetivo a partir de la información tomada en la EODH y la EODI, con indicadores que permitan, entre otros aspectos, el análisis comparativo de la movilidad con años anteriores. | D34: Secretaría Distrital de Movilidad | E34: 2018-1835 | F34: Realizar la Encuesta de Movilidad, que comprende la Encuesta Origen-Destino de Hogares (EODH) y la Encuesta Origen-Destino de Interceptación (EODI) para Bogotá y los municipios vecinos de su área de influencia, y la actualización del modelo de transporte de cuatro etapas del área del estudio | G34: 801016 811015 811022 | H34: UNION TEMPORAL | I34: 0.5 | J34: Centro Nacional de Consultoría S.A. | K34: 43417 | L34: 43822 | M34: 2019 | N34: 5373207000 | O34: =N34/(_xlfn.XLOOKUP(M34,'TABLA DE SMMLV'!$A$1:$A$32,'TABLA DE SMMLV'!$B$1:$B$32,"0")) -> 6488.4714 | P34: =IF(S34="CUMPLE",100%,0%) -> 1 | Q34: =IF(AF34="CUMPLE",I34*O34*P34,0) -> 3244.2357 | R34: =Q34/(3411038010/1750905) -> 1.6652844 | S34: CUMPLE | T34: SI | U34: SI | V34: SI | W34: SI | X34: SI | Y34: SI | Z34: SI | AA34: =IF(AND(OR(T34="SI",T34="NO APLICA"), OR(U34="SI",U34="NO APLICA"), OR(V34="SI",V34="NO APLICA"), OR(W34="SI",W34="NO APLICA"), OR(X34="SI",X34="NO APLICA"), OR(Y34="SI",Y34="NO APLICA"), OR(Z34="SI",Z34="NO APLICA")), "CUMPLE", "NO CUMPLE") -> CUMPLE | AB34: NO APLICA | AC34: NO APLICA | AD34: =IF(AND(OR(AB34="SI",AB34="NO APLICA"), OR(AC34="SI",AC34="NO APLICA")), "CUMPLE", "NO CUMPLE") -> CUMPLE | AE34: NO APLICA | AF34: =IF(AND(OR(S34="CUMPLE",S34="NO APLICA"), OR(AA34="CUMPLE",AA34="NO APLICA"), OR(AD34="CUMPLE",AD34="NO APLICA"), OR(AE34="CUMPLE",AE34="NO APLICA")), "CUMPLE", "NO CUMPLE") -> CUMPLE
A35: 4 | O35: =N35/(_xlfn.XLOOKUP(M35,'TABLA DE SMMLV'!$A$1:$A$32,'TABLA DE SMMLV'!$B$1:$B$32,"0")) -> 0 | P35: 0 | Q35: =IF(AF35="CUMPLE",I35*O35*P35,0) -> 0 | R35: =Q35/(3411038010/1750905) -> 0 | AA35: =IF(AND(OR(T35="SI",T35="NO APLICA"), OR(U35="SI",U35="NO APLICA"), OR(V35="SI",V35="NO APLICA"), OR(W35="SI",W35="NO APLICA"), OR(X35="SI",X35="NO APLICA"), OR(Y35="SI",Y35="NO APLICA"), OR(Z35="SI",Z35="NO APLICA")), "CUMPLE", "NO CUMPLE") -> NO CUMPLE | AD35: =IF(AND(OR(AB35="SI",AB35="NO APLICA"), OR(AC35="SI",AC35="NO APLICA")), "CUMPLE", "NO CUMPLE") -> NO CUMPLE | AF35: =IF(AND(OR(S35="CUMPLE",S35="NO APLICA"), OR(AA35="CUMPLE",AA35="NO APLICA"), OR(AD35="CUMPLE",AD35="NO APLICA"), OR(AE35="CUMPLE",AE35="NO APLICA")), "CUMPLE", "NO CUMPLE") -> NO CUMPLE
A36: 5 | O36: =N36/(_xlfn.XLOOKUP(M36,'TABLA DE SMMLV'!$A$1:$A$32,'TABLA DE SMMLV'!$B$1:$B$32,"0")) -> 0 | P36: 0 | Q36: =IF(AF36="CUMPLE",I36*O36*P36,0) -> 0 | R36: =Q36/(3411038010/1750905) -> 0 | AA36: =IF(AND(OR(T36="SI",T36="NO APLICA"), OR(U36="SI",U36="NO APLICA"), OR(V36="SI",V36="NO APLICA"), OR(W36="SI",W36="NO APLICA"), OR(X36="SI",X36="NO APLICA"), OR(Y36="SI",Y36="NO APLICA"), OR(Z36="SI",Z36="NO APLICA")), "CUMPLE", "NO CUMPLE") -> NO CUMPLE | AD36: =IF(AND(OR(AB36="SI",AB36="NO APLICA"), OR(AC36="SI",AC36="NO APLICA")), "CUMPLE", "NO CUMPLE") -> NO CUMPLE | AF36: =IF(AND(OR(S36="CUMPLE",S36="NO APLICA"), OR(AA36="CUMPLE",AA36="NO APLICA"), OR(AD36="CUMPLE",AD36="NO APLICA"), OR(AE36="CUMPLE",AE36="NO APLICA")), "CUMPLE", "NO CUMPLE") -> NO CUMPLE
A37: 6 | O37: =N37/(_xlfn.XLOOKUP(M37,'TABLA DE SMMLV'!$A$1:$A$32,'TABLA DE SMMLV'!$B$1:$B$32,"0")) -> 0 | P37: 0 | Q37: =IF(AF37="CUMPLE",I37*O37*P37,0) -> 0 | R37: =Q37/(3411038010/1750905) -> 0 | AA37: =IF(AND(OR(T37="SI",T37="NO APLICA"), OR(U37="SI",U37="NO APLICA"), OR(V37="SI",V37="NO APLICA"), OR(W37="SI",W37="NO APLICA"), OR(X37="SI",X37="NO APLICA"), OR(Y37="SI",Y37="NO APLICA"), OR(Z37="SI",Z37="NO APLICA")), "CUMPLE", "NO CUMPLE") -> NO CUMPLE | AD37: =IF(AND(OR(AB37="SI",AB37="NO APLICA"), OR(AC37="SI",AC37="NO APLICA")), "CUMPLE", "NO CUMPLE") -> NO CUMPLE | AF37: =IF(AND(OR(S37="CUMPLE",S37="NO APLICA"), OR(AA37="CUMPLE",AA37="NO APLICA"), OR(AD37="CUMPLE",AD37="NO APLICA"), OR(AE37="CUMPLE",AE37="NO APLICA")), "CUMPLE", "NO CUMPLE") -> NO CUMPLE
A38: 7 | O38: =N38/(_xlfn.XLOOKUP(M38,'TABLA DE SMMLV'!$A$1:$A$32,'TABLA DE SMMLV'!$B$1:$B$32,"0")) -> 0 | P38: 0 | Q38: =IF(AF38="CUMPLE",I38*O38*P38,0) -> 0 | R38: =Q38/(3411038010/1750905) -> 0 | AA38: =IF(AND(OR(T38="SI",T38="NO APLICA"), OR(U38="SI",U38="NO APLICA"), OR(V38="SI",V38="NO APLICA"), OR(W38="SI",W38="NO APLICA"), OR(X38="SI",X38="NO APLICA"), OR(Y38="SI",Y38="NO APLICA"), OR(Z38="SI",Z38="NO APLICA")), "CUMPLE", "NO CUMPLE") -> NO CUMPLE | AD38: =IF(AND(OR(AB38="SI",AB38="NO APLICA"), OR(AC38="SI",AC38="NO APLICA")), "CUMPLE", "NO CUMPLE") -> NO CUMPLE | AF38: =IF(AND(OR(S38="CUMPLE",S38="NO APLICA"), OR(AA38="CUMPLE",AA38="NO APLICA"), OR(AD38="CUMPLE",AD38="NO APLICA"), OR(AE38="CUMPLE",AE38="NO APLICA")), "CUMPLE", "NO CUMPLE") -> NO CUMPLE
A39: SUMATORIA TOTAL EXPRESADA EN SMMLV | Q39: =SUM(Q32:Q38) -> 6244.0033 | R39: =Q39/(3411038010/1750905) -> 3.205082
A43: 3. PARÁMETROS GENERALES DEL REQUISITO HABILITANTE
A44: # | B44: PARÁMETRO | C44: CONDICIÓN ESTÁNDAR (máx. 5 contratos) | D44: CONDICIÓN MIPYME / EEM (máx. 7 contratos) | E44: ACREDITACIÓN | F44: REF. PLIEGO | G44: RESULTADO | H44: OBSERVACIONES
A45: 1 | B45: N° de contratos | C45: 5 | D45: 7 | E45: =COUNT(B32:B38) -> 3 | F45: Lit. A | G45: CUMPLE
A46: 2 | B46: Sumatoria total (% presupuesto en SMMLV) | C46: ≥ 100% del presupuesto oficial en SMMLV | E46: =R39 -> 3.205082 | F46: Lit. A / P | G46: CUMPLE
A47: 3 | B47: Contrato individual mínimo (% sobre presupuesto oficial) | C47: Al menos 1 contrato ≥ 40% del presupuesto oficial en SMMLV (año terminación) | E47: =MAX(R32:R38) -> 1.6652844 | F47: Lit. A / J | G47: CUMPLE
A48: 4 | B48: Código(s) UNSPSC por contrato | C48: Mínimo 1 código UNSPSC registrado en RUP | E48: 801016 811015 811022 | F48: Lit. F | G48: CUMPLE
A49: 5 | B49: Proponente plural: % experiencia mínima aportada por un integrante | C49: Un integrante aporta mínimo 50% de la experiencia solicitada | E49: Centro Nacional de Consultoría S.A. | F49: Lit. G | G49: CUMPLE
A50: 6 | B50: RUP en firme (sin cese de efectos) | C50: RUP en firme (sin cese de efectos) | E50: RUP EN FIRME | F50: Lit. E | G50: CUMPLE
A51: 7 | B51: CUMPLE | G51: =IF(COUNTIF(G45:G50,"CUMPLE")+COUNTIF(G45:G50,"NO APLICA")=ROWS(G45:G50),"CUMPLE","NO CUMPLE") -> CUMPLE
A53: RESULTADO – EXPERIENCIA DEL PROPONENTE
A54: ¿EL PROPONENTE CUMPLE FRENTE AL CRITERIO DE EXPERIENCIA HABILITANTE? | J54: CUMPLE

Sheet EP_9
A1: SECRETARIA DE MOVILIDAD CONTEMPORÁNEA
B5: CONCURSO DE MÉRITOS SMC-CM-CS-152-2026 - PMTIC
A9: INFORMACIÓN PROPONENTE
A10: PROPONENTE | C10: CONSORCIO PLANEACIÓN INTERMODAL IMC 2026 | D10: TIPO | F10: Plural (Consorcio) | G10: NIT | H10: NO APLICA
A11: ¿ES MIPYME? | C11: SÍ | D11: ¿ES EMPRENDIMIENTO O EMPRESA DE MUJERES? | F11: SÍ | G11: FECHA EVALUACIÓN | H11: 46107
A12: SECCIÓN 4 – VERIFICACIÓN POR CONTRATO APORTADO (una fila por contrato – máx. 7)
A13: N° | B13: OBJETO DEL CONTRATO (resumen) | C13: CÓDIGO(S) UNSPSC | D13: CERTIFICADO/ACTA | E13: AÑO TERM. | F13: SMMLV (año term.) | G13: VALOR CONTRATO SEGÚN CERTIFICACION (COP) | H13: VALOR CONTRATO SEGÚN CERTIFICACION (SMLMV) | I13: CHEQUEO VALOR CONTRATO SEGÚN CERTIFICACION (SMLMV) | J13: PORCENTAJE DE PARTICIPACIÓN EN EL VALOR EJECUTADO - REPORTADO EN EL RUP (%) | K13: PORCENTAJE DEL VALOR EJECUTADO CONFORME AL OBJETO SOLICITADO (%) | L13: VALOR TOTAL FACTURADO RELACIONADO CON OBJETO DEL CONTRATO Y AFECTADO POR % DEL VALOR EJECUTADO CONFORME AL OBJETO SOLICITADO POR EL % DE PARTICIPACION DEL RUP (SMMLV) | M13: % SOBRE PRESUP. OFICIAL | N13: OBJETO ADMISIBLE (Sec.2) | O13: RESULTADO
A14: 1 | F14: =IF(E14="","Valor por definir",_xlfn.XLOOKUP(E14,'TABLA DE SMMLV'!$A$1:$A$32,'TABLA DE SMMLV'!$B$1:$B$32,"ERROR")) -> Valor por definir | I14: =IF(F14="","Valor por definir",IFERROR(G14/F14,"Revisar datos")) -> Revisar datos | L14: =H14*J14*K14 -> 0 | M14: =L14/$F$21 -> 0
A15: 2 | F15: =IF(E15="","Valor por definir",_xlfn.XLOOKUP(E15,'TABLA DE SMMLV'!$A$1:$A$32,'TABLA DE SMMLV'!$B$1:$B$32,"ERROR")) -> Valor por definir | I15: =IF(F15="","Valor por definir",IFERROR(G15/F15,"Revisar datos")) -> Revisar datos | L15: =H15*J15*K15 -> 0 | M15: =L15/$F$21 -> 0
A16: 3 | F16: =IF(E16="","Valor por definir",_xlfn.XLOOKUP(E16,'TABLA DE SMMLV'!$A$1:$A$32,'TABLA DE SMMLV'!$B$1:$B$32,"ERROR")) -> Valor por definir | I16: =IF(F16="","Valor por definir",IFERROR(G16/F16,"Revisar datos")) -> Revisar datos | L16: =H16*J16*K16 -> 0 | M16: =L16/$F$21 -> 0
A17: 4 | F17: =IF(E17="","Valor por definir",_xlfn.XLOOKUP(E17,'TABLA DE SMMLV'!$A$1:$A$32,'TABLA DE SMMLV'!$B$1:$B$32,"ERROR")) -> Valor por definir | I17: =IF(F17="","Valor por definir",IFERROR(G17/F17,"Revisar datos")) -> Revisar datos | L17: =H17*J17*K17 -> 0 | M17: =L17/$F$21 -> 0
A18: 5 | F18: =IF(E18="","Valor por definir",_xlfn.XLOOKUP(E18,'TABLA DE SMMLV'!$A$1:$A$32,'TABLA DE SMMLV'!$B$1:$B$32,"ERROR")) -> Valor por definir | I18: =IF(F18="","Valor por definir",IFERROR(G18/F18,"Revisar datos")) -> Revisar datos | L18: =H18*J18*K18 -> 0 | M18: =L18/$F$21 -> 0
A19: 6 | F19: =IF(E19="","Valor por definir",_xlfn.XLOOKUP(E19,'TABLA DE SMMLV'!$A$1:$A$32,'TABLA DE SMMLV'!$B$1:$B$32,"ERROR")) -> Valor por definir | I19: =IF(F19="","Valor por definir",IFERROR(G19/F19,"Revisar datos")) -> Revisar datos | L19: =H19*J19*K19 -> 0 | M19: =L19/$F$21 -> 0
A20: 7 | F20: =IF(E20="","Valor por definir",_xlfn.XLOOKUP(E20,'TABLA DE SMMLV'!$A$1:$A$32,'TABLA DE SMMLV'!$B$1:$B$32,"ERROR")) -> Valor por definir | I20: =IF(F20="","Valor por definir",IFERROR(G20/F20,"Revisar datos")) -> Revisar datos | L20: =H20*J20*K20 -> 0 | M20: =L20/$F$21 -> 0
A21: Presupuesto oficial | C21: COP | D21: 3411038010 | E21: SMMLV | F21: =D21/1750905 -> 1948.1571 | G21: SUMATORIA TOTAL (% sobre presupuesto oficial en SMMLV) → | L21: =SUM(L14:L20) -> 0 | M21: =L21/$F$21 -> 0
A24: 1. VERIFICACIÓN DILIGENCIAMIENTO FORMATO
A25: FORMATO | D25: ¿CUMPLE? | E25: OBSERVACIONES
A26: FORMATO 7 - EXPERIENCIA HABILITANTE DEL PROPONENTE | D26: CUMPLE
A28: 2. VERIFICACIÓN ESPECÍFICA POR CONTRATO APORTADO
A29: N° | B29: NÚMERO CONSECUTIVO DEL REPORTE DEL CONTRATO EJECUTADO EN EL RUP | C29: DESCRIPCIÓN DE LAS ACTIVIDADES EJECUTADAS | D29: ENTIDAD CONTRATANTE | E29: CONTRATO O RESOLUCION | G29: CÓDIGO(S) UNSPSC | H29: FORMA DE EJECUCIÓN | J29: INTEGRANTE QUE APORTA EXPERIENCIA | K29: FECHA DE INICIACIÓN [DIA-MES-AÑO] | L29: FECHA DE TERMINACIÓN [DIA-MES-AÑO] | M29: AÑO DE TERMINACIÓN | N29: VALOR TOTAL | O29: VERIFICACIÓN ENTIDAD
E30: NO. | F30: OBJETO | H30: I,C,UT, OTRA | I30: % PARTICIPACIÓN | O30: VALOR TOTAL DEL CONTRATO EN SMMLV | P30: PORCENTAJE DEL VALOR EJECUTADO CONFORME AL OBJETO SOLICITADO (%) | Q30: VALOR TOTAL DEL CONTRATO EN SMMLV X PORCENTAJE DE PARTICIPACIÓN X PORCENTAJE EJECUTADO CONFORME AL OBJETO SOLICITADO | R30: % SOBRE PRESUP. OFICIAL | S30: ¿OBJETO, ACTIVIDADES Y/O OBLIGACIONES CONTRACTUALES CUMPLEN? | T30: ¿LA CERTIFICACIÓN LABORAL O DOCUMENTACIÓN EQUIVALENTE CONTIENE LA INFORMACIÓN MÍNIMA REQUERIDA? | AB30: ¿LA EXPERIENCIA ES ADQUIRIDA EN EL EXTERIOR? | AE30: ¿LA EXPERIENCIA DE LA PERSONA JURÍDICA ES ACREDITADA EN DEBIDA FORMA POR UN ACCIONISTA, SOCIO O CONSTITUYENTE? | AF30: ¿LA EXPERIENCIA CUMPLE CON LOS REQUISITOS DEL PLIEGO DE CONDICIONES? | AG30: OBSERVACIONES
T31: NOMBRE O RAZÓN SOCIAL DEL CONTRATANTE | U31: NOMBRE O RAZÓN SOCIAL DEL CONTRATISTA | V31: NÚMERO DEL CONTRATO (SI TIENE) | W31: OBJETO DEL CONTRATO Y/O CARGO DESEMPEÑADO | X31: ACTIVIDADES U OBLIGACIONES DEL CONTRATO | Y31: NOMBRE, CARGO Y FIRMA DE QUIEN EXPIDE LA CERTIFICACIÓN | Z31: FECHA DE EXPEDICIÓN DE LA CERTIFICACIÓN | AA31: ¿CUMPLE? | AB31: ¿EL DOCUMENTO SE ENCUENTRA DEBIDAMENTE APOSTILLADO? | AC31: ¿LA TRADUCCIÓN SE ENCUENTRA DEBIDAMENTE REALIZADA? EN CASO DE NO REQUERIRSE APOSTILLAJE | AD31: ¿CUMPLE?
A32: 1 | B32: 43 | C32: Realización de estudios técnicos para la estimación de la oferta y la demanda del servicio público de transporte terrestre automotor especial a nivel nacional, incluyendo la caracterización del mercado, análisis del comportamiento del servicio, recolección y análisis de información primaria y secundaria, elaboración de proyecciones de demanda y formulación de lineamientos técnicos y estrategias para la planificación y optimización del servicio de transporte de pasajeros. | D32: MINISTERIO DE TRANSPORTE | E32: 401 | F32: Consultoría para la Estimación de la Oferta y la Demanda del Servicio Público de Transporte Terrestre Automotor Especial | G32: 801016 811015 811022 | H32: CONSORCIO | I32: 0.4 | J32: CONSULTORES EN MOVILIDAD SAS | K32: 42241 | L32: 42369 | M32: 2015 | N32: 1039012000 | O32: =N32/(_xlfn.XLOOKUP(M32,'TABLA DE SMMLV'!$A$1:$A$32,'TABLA DE SMMLV'!$B$1:$B$32,"0")) -> 1612.4963 | P32: =IF(S32="CUMPLE",100%,0%) -> 1 | Q32: =IF(AF32="CUMPLE",I32*O32*P32,0) -> 644.99853 | R32: =Q32/(3411038010/1750905) -> 0.33108137 | S32: CUMPLE | T32: SI | U32: SI | V32: SI | W32: SI | X32: SI | Y32: SI | Z32: SI | AA32: =IF(AND(OR(T32="SI",T32="NO APLICA"), OR(U32="SI",U32="NO APLICA"), OR(V32="SI",V32="NO APLICA"), OR(W32="SI",W32="NO APLICA"), OR(X32="SI",X32="NO APLICA"), OR(Y32="SI",Y32="NO APLICA"), OR(Z32="SI",Z32="NO APLICA")), "CUMPLE", "NO CUMPLE") -> CUMPLE | AB32: NO APLICA | AC32: NO APLICA | AD32: =IF(AND(OR(AB32="SI",AB32="NO APLICA"), OR(AC32="SI",AC32="NO APLICA")), "CUMPLE", "NO CUMPLE") -> CUMPLE | AE32: NO APLICA | AF32: =IF(AND(OR(S32="CUMPLE",S32="NO APLICA"), OR(AA32="CUMPLE",AA32="NO APLICA"), OR(AD32="CUMPLE",AD32="NO APLICA"), OR(AE32="CUMPLE",AE32="NO APLICA")), "CUMPLE", "NO CUMPLE") -> CUMPLE | AG32: 1. FRENTE A LA VERIFICACIÓN DE LA DOCUMENTACIÓN ALLEGADA CON LA REMISIÓN DE LA PROPUESTA Y LA ACLARACIÓN REALIZADA EN LA ETAPA DE SUBSANACIÓN, SE IDENTIFICA QUE EL OBJETO Y LAS OBLIGACIONES DE LA CERTIFICACIÓN SE ENCUENTRAN RELACIONADOS CON LA SOLICITUD DE EXPERIENCIA INDICADA EN EL LITERAL C DEL TÍTULO 1. EXPERIENCIA DEL PROPONENTE.
A33: 2 | B33: 68 | C33: Desarrollo del estudio para la validación de la demanda del transporte público colectivo de la ciudad de Montería y estructuración técnica, legal y financiera para la concesión de la operación del Sistema Estratégico de Transporte Público (SETP), incluyendo el análisis de información de movilidad, evaluación de la oferta y demanda del sistema de transporte, definición de lineamientos operacionales y formulación de estrategias para la planificación y gestión del sistema de transporte público de pasajeros. | D33: MONTERIA CIUDAD AMABLE S.A.S. | E33: CMA-MCA-001- 2024 | F33: ESTUDIO PARA DETERMINAR LA VALIDACIÓN DE LA DEMANDA DEL TRANSPORTE PUBLICO COLECTIVO DE LA CIUDAD DE MONTERIA Y LA ESTRUCTURACIÓN TÉCNICA, LEGAL Y FINANCIERA PARA CONCESIONAR LA OPERACIÓN DE TRANSPORTE DEL SISTEMA ESTRATEGICO DE TRANSPORTE PUBLICO DE LA CIUDAD DE MONTERIA. | G33: 801016 811015 811022 | H33: INDIVIDUAL | I33: 1 | J33: INGENIERIA Y DERECHO PARA LA MOVILIDAD | K33: 45547 | L33: 45638 | M33: 2024 | N33: 566235087 | O33: =N33/(_xlfn.XLOOKUP(M33,'TABLA DE SMMLV'!$A$1:$A$32,'TABLA DE SMMLV'!$B$1:$B$32,"0")) -> 435.56545 | P33: =IF(S33="CUMPLE",100%,0%) -> 1 | Q33: =IF(AF33="CUMPLE",I33*O33*P33,0) -> 435.56545 | R33: =Q33/(3411038010/1750905) -> 0.2235782 | S33: CUMPLE | T33: SI | U33: SI | V33: SI | W33: SI | X33: SI | Y33: SI | Z33: SI | AA33: =IF(AND(OR(T33="SI",T33="NO APLICA"), OR(U33="SI",U33="NO APLICA"), OR(V33="SI",V33="NO APLICA"), OR(W33="SI",W33="NO APLICA"), OR(X33="SI",X33="NO APLICA"), OR(Y33="SI",Y33="NO APLICA"), OR(Z33="SI",Z33="NO APLICA")), "CUMPLE", "NO CUMPLE") -> CUMPLE | AB33: NO APLICA | AC33: NO APLICA | AD33: =IF(AND(OR(AB33="SI",AB33="NO APLICA"), OR(AC33="SI",AC33="NO APLICA")), "CUMPLE", "NO CUMPLE") -> CUMPLE | AE33: NO APLICA | AF33: =IF(AND(OR(S33="CUMPLE",S33="NO APLICA"), OR(AA33="CUMPLE",AA33="NO APLICA"), OR(AD33="CUMPLE",AD33="NO APLICA"), OR(AE33="CUMPLE",AE33="NO APLICA")), "CUMPLE", "NO CUMPLE") -> CUMPLE | AG33: 1. FRENTE A LA VERIFICACIÓN DE LA DOCUMENTACIÓN ALLEGADA CON LA REMISIÓN DE LA PROPUESTA Y LA ACLARACIÓN REALIZADA EN LA ETAPA DE SUBSANACIÓN, SE IDENTIFICA QUE EL OBJETO Y LAS OBLIGACIONES DE LA CERTIFICACIÓN SE ENCUENTRAN RELACIONADOS CON LA SOLICITUD DE EXPERIENCIA INDICADA EN EL LITERAL C DEL TÍTULO 1. EXPERIENCIA DEL PROPONENTE.
A34: 3 | B34: 1 | C34: Prestación de servicios de consultoría para el desarrollo de estudios técnicos orientados a la planificación del transporte y la movilidad, incluyendo el levantamiento y análisis de información, diagnóstico de las condiciones de oferta y demanda de transporte, evaluación de la infraestructura y servicios de movilidad y formulación de lineamientos y estrategias para la planificación y gestión del transporte. | D34: MINISTERIO DEL INTERIOR - DIRECCIÓN GENERAL DE TRÁFICO | E34: N/A | F34: SERVICIO PARA LA ELABORACIÓN DE ESTUDIOS E INFORMES TÉCNICOS RELATIVOS A LA CIRCULACIÓN Y LA GESTIÓN DE LA INFORMACIÓN DEL CENTRO DE GESTIÓN DE TRÁFICO DE MADRID | G34: 801016 811015 811022 | H34: INDIVIDUAL | I34: 1 | J34: CPS INFRAESTRUCTURAS MOVILIDAD Y MEDIO AMBIENTE, SOCIEDAD LIMITADA | K34: 40101 | L34: 41562 | M34: 2013 | N34: 8.9103242e+09 | O34: =N34/(_xlfn.XLOOKUP(M34,'TABLA DE SMMLV'!$A$1:$A$32,'TABLA DE SMMLV'!$B$1:$B$32,"0")) -> 15115.054 | P34: =IF(S34="CUMPLE",100%,0%) -> 0 | Q34: =IF(AF34="CUMPLE",I34*O34*P34,0) -> 0 | R34: =Q34/(3411038010/1750905) -> 0 | S34: NO CUMPLE | T34: SI | U34: SI | V34: NO APLICA | W34: SI | X34: SI | Y34: SI | Z34: SI | AA34: =IF(AND(OR(T34="SI",T34="NO APLICA"), OR(U34="SI",U34="NO APLICA"), OR(V34="SI",V34="NO APLICA"), OR(W34="SI",W34="NO APLICA"), OR(X34="SI",X34="NO APLICA"), OR(Y34="SI",Y34="NO APLICA"), OR(Z34="SI",Z34="NO APLICA")), "CUMPLE", "NO CUMPLE") -> CUMPLE | AB34: SI | AC34: NO APLICA | AD34: =IF(AND(OR(AB34="SI",AB34="NO APLICA"), OR(AC34="SI",AC34="NO APLICA")), "CUMPLE", "NO CUMPLE") -> CUMPLE | AE34: NO APLICA | AF34: =IF(AND(OR(S34="CUMPLE",S34="NO APLICA"), OR(AA34="CUMPLE",AA34="NO APLICA"), OR(AD34="CUMPLE",AD34="NO APLICA"), OR(AE34="CUMPLE",AE34="NO APLICA")), "CUMPLE", "NO CUMPLE") -> NO CUMPLE | AG34: 1. SE REALIZA CÁLCULO TENIENDO EN CUENTA LOS SIGUIENTES PARÁMETROS: FECHA: 15 DE OCTUBRE DE 2013. 1 EUR = 1,3498 USD 1 USD = 1.883,65 COP SEGÚN LO ANTERIOR, 3.505.238,24 EUR = 8.910.324.173,56 COP. 2. SEGÚN LO EVIDENCIADO EN LA DOCUMENTACIÓN REMITIDA CON LA PROPUESTA Y LA ACLARACIÓN DE LA SUBSANACIÓN, EL OBJETO O LAS ACTIVIDADES DE LA CERTIFICACIÓN NO SE ENCUENTRAN RELACIONADOS CON LA SOLICITUD DE EXPERIENCIA INDICADA EN EL LITERAL C DEL TÍTULO 1. EXPERIENCIA DEL PROPONENTE, QUE INDICA "...C. Las certificaciones en las que consten los contratos ejecutados deben poseer objetos, actividades y/o obligaciones contractuales relacionadas con el objeto del presente proceso de selección o, con alguno de los siguientes objetos y/o actividades: • Formulación y/o apoyo a la formulación y/o elaboración y/o estructuración de: Políticas públicas y/o planes y/o programas de: § Infraestructura de transporte y/o § Transporte de carga y/o § Transporte de pasajeros y/o § Intermodalidad y/o § Logística. • Diseño de estrategias para la solución de problemas de: § Infraestructura de transporte y/o § Transporte de carga y/o § Transporte de pasajeros y/o § Intermodalidad y/o § Logística. • Elaboración de macromodelos de: § Transporte de carga y/o § Pasajeros..."
A35: 4 | O35: =N35/(_xlfn.XLOOKUP(M35,'TABLA DE SMMLV'!$A$1:$A$32,'TABLA DE SMMLV'!$B$1:$B$32,"0")) -> 0 | P35: 0 | Q35: =IF(AF35="CUMPLE",I35*O35*P35,0) -> 0 | R35: =Q35/(3411038010/1750905) -> 0 | AA35: =IF(AND(OR(T35="SI",T35="NO APLICA"), OR(U35="SI",U35="NO APLICA"), OR(V35="SI",V35="NO APLICA"), OR(W35="SI",W35="NO APLICA"), OR(X35="SI",X35="NO APLICA"), OR(Y35="SI",Y35="NO APLICA"), OR(Z35="SI",Z35="NO APLICA")), "CUMPLE", "NO CUMPLE") -> NO CUMPLE | AD35: =IF(AND(OR(AB35="SI",AB35="NO APLICA"), OR(AC35="SI",AC35="NO APLICA")), "CUMPLE", "NO CUMPLE") -> NO CUMPLE | AF35: =IF(AND(OR(S35="CUMPLE",S35="NO APLICA"), OR(AA35="CUMPLE",AA35="NO APLICA"), OR(AD35="CUMPLE",AD35="NO APLICA"), OR(AE35="CUMPLE",AE35="NO APLICA")), "CUMPLE", "NO CUMPLE") -> NO CUMPLE
A36: 5 | O36: =N36/(_xlfn.XLOOKUP(M36,'TABLA DE SMMLV'!$A$1:$A$32,'TABLA DE SMMLV'!$B$1:$B$32,"0")) -> 0 | P36: 0 | Q36: =IF(AF36="CUMPLE",I36*O36*P36,0) -> 0 | R36: =Q36/(3411038010/1750905) -> 0 | AA36: =IF(AND(OR(T36="SI",T36="NO APLICA"), OR(U36="SI",U36="NO APLICA"), OR(V36="SI",V36="NO APLICA"), OR(W36="SI",W36="NO APLICA"), OR(X36="SI",X36="NO APLICA"), OR(Y36="SI",Y36="NO APLICA"), OR(Z36="SI",Z36="NO APLICA")), "CUMPLE", "NO CUMPLE") -> NO CUMPLE | AD36: =IF(AND(OR(AB36="SI",AB36="NO APLICA"), OR(AC36="SI",AC36="NO APLICA")), "CUMPLE", "NO CUMPLE") -> NO CUMPLE | AF36: =IF(AND(OR(S36="CUMPLE",S36="NO APLICA"), OR(AA36="CUMPLE",AA36="NO APLICA"), OR(AD36="CUMPLE",AD36="NO APLICA"), OR(AE36="CUMPLE",AE36="NO APLICA")), "CUMPLE", "NO CUMPLE") -> NO CUMPLE
A37: 6 | O37: =N37/(_xlfn.XLOOKUP(M37,'TABLA DE SMMLV'!$A$1:$A$32,'TABLA DE SMMLV'!$B$1:$B$32,"0")) -> 0 | P37: 0 | Q37: =IF(AF37="CUMPLE",I37*O37*P37,0) -> 0 | R37: =Q37/(3411038010/1750905) -> 0 | AA37: =IF(AND(OR(T37="SI",T37="NO APLICA"), OR(U37="SI",U37="NO APLICA"), OR(V37="SI",V37="NO APLICA"), OR(W37="SI",W37="NO APLICA"), OR(X37="SI",X37="NO APLICA"), OR(Y37="SI",Y37="NO APLICA"), OR(Z37="SI",Z37="NO APLICA")), "CUMPLE", "NO CUMPLE") -> NO CUMPLE | AD37: =IF(AND(OR(AB37="SI",AB37="NO APLICA"), OR(AC37="SI",AC37="NO APLICA")), "CUMPLE", "NO CUMPLE") -> NO CUMPLE | AF37: =IF(AND(OR(S37="CUMPLE",S37="NO APLICA"), OR(AA37="CUMPLE",AA37="NO APLICA"), OR(AD37="CUMPLE",AD37="NO APLICA"), OR(AE37="CUMPLE",AE37="NO APLICA")), "CUMPLE", "NO CUMPLE") -> NO CUMPLE
A38: 7 | O38: =N38/(_xlfn.XLOOKUP(M38,'TABLA DE SMMLV'!$A$1:$A$32,'TABLA DE SMMLV'!$B$1:$B$32,"0")) -> 0 | P38: 0 | Q38: =IF(AF38="CUMPLE",I38*O38*P38,0) -> 0 | R38: =Q38/(3411038010/1750905) -> 0 | AA38: =IF(AND(OR(T38="SI",T38="NO APLICA"), OR(U38="SI",U38="NO APLICA"), OR(V38="SI",V38="NO APLICA"), OR(W38="SI",W38="NO APLICA"), OR(X38="SI",X38="NO APLICA"), OR(Y38="SI",Y38="NO APLICA"), OR(Z38="SI",Z38="NO APLICA")), "CUMPLE", "NO CUMPLE") -> NO CUMPLE | AD38: =IF(AND(OR(AB38="SI",AB38="NO APLICA"), OR(AC38="SI",AC38="NO APLICA")), "CUMPLE", "NO CUMPLE") -> NO CUMPLE | AF38: =IF(AND(OR(S38="CUMPLE",S38="NO APLICA"), OR(AA38="CUMPLE",AA38="NO APLICA"), OR(AD38="CUMPLE",AD38="NO APLICA"), OR(AE38="CUMPLE",AE38="NO APLICA")), "CUMPLE", "NO CUMPLE") -> NO CUMPLE
A39: SUMATORIA TOTAL EXPRESADA EN SMMLV | Q39: =SUM(Q32:Q38) -> 1080.564 | R39: =Q39/(3411038010/1750905) -> 0.55465957
A43: 3. PARÁMETROS GENERALES DEL REQUISITO HABILITANTE
A44: # | B44: PARÁMETRO | C44: CONDICIÓN ESTÁNDAR (máx. 5 contratos) | D44: CONDICIÓN MIPYME / EEM (máx. 7 contratos) | E44: ACREDITACIÓN | F44: REF. PLIEGO | G44: RESULTADO | H44: OBSERVACIONES
A45: 1 | B45: N° de contratos | C45: 5 | D45: 7 | E45: =COUNT(B32:B38) -> 3 | F45: Lit. A | G45: CUMPLE
A46: 2 | B46: Sumatoria total (% presupuesto en SMMLV) | C46: ≥ 100% del presupuesto oficial en SMMLV | E46: =R39 -> 0.55465957 | F46: Lit. A / P | G46: NO CUMPLE
A47: 3 | B47: Contrato individual mínimo (% sobre presupuesto oficial) | C47: Al menos 1 contrato ≥ 40% del presupuesto oficial en SMMLV (año terminación) | E47: =MAX(R32:R38) -> 0.33108137 | F47: Lit. A / J | G47: NO CUMPLE
A48: 4 | B48: Código(s) UNSPSC por contrato | C48: Mínimo 1 código UNSPSC registrado en RUP | E48: 801016 811015 811022 | F48: Lit. F | G48: CUMPLE
A49: 5 | B49: Proponente plural: % experiencia mínima aportada por un integrante | C49: Un integrante aporta mínimo 50% de la experiencia solicitada | E49: CONSULTORES EN MOVILIDAD SAS | F49: Lit. G | G49: CUMPLE
A50: 6 | B50: RUP en firme (sin cese de efectos) | C50: RUP en firme (sin cese de efectos) | E50: RUP EN FIRME | F50: Lit. E | G50: CUMPLE
A51: 7 | B51: CUMPLE | G51: =IF(COUNTIF(G45:G50,"CUMPLE")+COUNTIF(G45:G50,"NO APLICA")=ROWS(G45:G50),"CUMPLE","NO CUMPLE") -> NO CUMPLE
A53: RESULTADO – EXPERIENCIA DEL PROPONENTE
A54: ¿EL PROPONENTE CUMPLE FRENTE AL CRITERIO DE EXPERIENCIA HABILITANTE? | J54: RECHAZADO

Sheet EP_10
A1: SECRETARIA DE MOVILIDAD CONTEMPORÁNEA
B5: CONCURSO DE MÉRITOS SMC-CM-CS-152-2026 - PMTIC
A9: INFORMACIÓN PROPONENTE
A10: PROPONENTE | C10: CAL Y MAYOR COLOMBIA S.A.S | D10: TIPO | F10: Singular | G10: NIT | H10: 901.355.586-6
A11: ¿ES MIPYME? | C11: SÍ | D11: ¿ES EMPRENDIMIENTO O EMPRESA DE MUJERES? | G11: FECHA EVALUACIÓN | H11: 46097
A12: SECCIÓN 4 – VERIFICACIÓN POR CONTRATO APORTADO (una fila por contrato – máx. 7)
A13: N° | B13: OBJETO DEL CONTRATO (resumen) | C13: CÓDIGO(S) UNSPSC | D13: CERTIFICADO/ACTA | E13: AÑO TERM. | F13: SMMLV (año term.) | G13: VALOR CONTRATO SEGÚN CERTIFICACION (COP) | H13: VALOR CONTRATO SEGÚN CERTIFICACION (SMLMV) | I13: CHEQUEO VALOR CONTRATO SEGÚN CERTIFICACION (SMLMV) | J13: PORCENTAJE DE PARTICIPACIÓN EN EL VALOR EJECUTADO - REPORTADO EN EL RUP (%) | K13: PORCENTAJE DEL VALOR EJECUTADO CONFORME AL OBJETO SOLICITADO (%) | L13: VALOR TOTAL FACTURADO RELACIONADO CON OBJETO DEL CONTRATO Y AFECTADO POR % DEL VALOR EJECUTADO CONFORME AL OBJETO SOLICITADO POR EL % DE PARTICIPACION DEL RUP (SMMLV) | M13: % SOBRE PRESUP. OFICIAL | N13: OBJETO ADMISIBLE (Sec.2) | O13: RESULTADO
A14: 1 | F14: =IF(E14="","Valor por definir",_xlfn.XLOOKUP(E14,'TABLA DE SMMLV'!$A$1:$A$32,'TABLA DE SMMLV'!$B$1:$B$32,"ERROR")) -> Valor por definir | I14: =IF(F14="","Valor por definir",IFERROR(G14/F14,"Revisar datos")) -> Revisar datos | L14: =H14*J14*K14 -> 0 | M14: =L14/$F$21 -> 0
A15: 2 | F15: =IF(E15="","Valor por definir",_xlfn.XLOOKUP(E15,'TABLA DE SMMLV'!$A$1:$A$32,'TABLA DE SMMLV'!$B$1:$B$32,"ERROR")) -> Valor por definir | I15: =IF(F15="","Valor por definir",IFERROR(G15/F15,"Revisar datos")) -> Revisar datos | L15: =H15*J15*K15 -> 0 | M15: =L15/$F$21 -> 0
A16: 3 | F16: =IF(E16="","Valor por definir",_xlfn.XLOOKUP(E16,'TABLA DE SMMLV'!$A$1:$A$32,'TABLA DE SMMLV'!$B$1:$B$32,"ERROR")) -> Valor por definir | I16: =IF(F16="","Valor por definir",IFERROR(G16/F16,"Revisar datos")) -> Revisar datos | L16: =H16*J16*K16 -> 0 | M16: =L16/$F$21 -> 0
A17: 4 | F17: =IF(E17="","Valor por definir",_xlfn.XLOOKUP(E17,'TABLA DE SMMLV'!$A$1:$A$32,'TABLA DE SMMLV'!$B$1:$B$32,"ERROR")) -> Valor por definir | I17: =IF(F17="","Valor por definir",IFERROR(G17/F17,"Revisar datos")) -> Revisar datos | L17: =H17*J17*K17 -> 0 | M17: =L17/$F$21 -> 0
A18: 5 | F18: =IF(E18="","Valor por definir",_xlfn.XLOOKUP(E18,'TABLA DE SMMLV'!$A$1:$A$32,'TABLA DE SMMLV'!$B$1:$B$32,"ERROR")) -> Valor por definir | I18: =IF(F18="","Valor por definir",IFERROR(G18/F18,"Revisar datos")) -> Revisar datos | L18: =H18*J18*K18 -> 0 | M18: =L18/$F$21 -> 0
A19: 6 | F19: =IF(E19="","Valor por definir",_xlfn.XLOOKUP(E19,'TABLA DE SMMLV'!$A$1:$A$32,'TABLA DE SMMLV'!$B$1:$B$32,"ERROR")) -> Valor por definir | I19: =IF(F19="","Valor por definir",IFERROR(G19/F19,"Revisar datos")) -> Revisar datos | L19: =H19*J19*K19 -> 0 | M19: =L19/$F$21 -> 0
A20: 7 | F20: =IF(E20="","Valor por definir",_xlfn.XLOOKUP(E20,'TABLA DE SMMLV'!$A$1:$A$32,'TABLA DE SMMLV'!$B$1:$B$32,"ERROR")) -> Valor por definir | I20: =IF(F20="","Valor por definir",IFERROR(G20/F20,"Revisar datos")) -> Revisar datos | L20: =H20*J20*K20 -> 0 | M20: =L20/$F$21 -> 0
A21: Presupuesto oficial | C21: COP | D21: 3411038010 | E21: SMMLV | F21: =D21/1750905 -> 1948.1571 | G21: SUMATORIA TOTAL (% sobre presupuesto oficial en SMMLV) → | L21: =SUM(L14:L20) -> 0 | M21: =L21/$F$21 -> 0
A24: 1. VERIFICACIÓN DILIGENCIAMIENTO FORMATO
A25: FORMATO | D25: ¿CUMPLE? | E25: OBSERVACIONES
A26: FORMATO 7 - EXPERIENCIA HABILITANTE DEL PROPONENTE | D26: CUMPLE
A28: 2. VERIFICACIÓN ESPECÍFICA POR CONTRATO APORTADO
A29: N° | B29: NÚMERO CONSECUTIVO DEL REPORTE DEL CONTRATO EJECUTADO EN EL RUP | C29: DESCRIPCIÓN DE LAS ACTIVIDADES EJECUTADAS | D29: ENTIDAD CONTRATANTE | E29: CONTRATO O RESOLUCION | G29: CÓDIGO(S) UNSPSC | H29: FORMA DE EJECUCIÓN | J29: INTEGRANTE QUE APORTA EXPERIENCIA | K29: FECHA DE INICIACIÓN [DIA-MES-AÑO] | L29: FECHA DE TERMINACIÓN [DIA-MES-AÑO] | M29: AÑO DE TERMINACIÓN | N29: VALOR TOTAL | O29: VERIFICACIÓN ENTIDAD
E30: NO. | F30: OBJETO | H30: I,C,UT, OTRA | I30: % PARTICIPACIÓN | O30: VALOR TOTAL DEL CONTRATO EN SMMLV | P30: PORCENTAJE DEL VALOR EJECUTADO CONFORME AL OBJETO SOLICITADO (%) | Q30: VALOR TOTAL DEL CONTRATO EN SMMLV X PORCENTAJE DE PARTICIPACIÓN X PORCENTAJE EJECUTADO CONFORME AL OBJETO SOLICITADO | R30: % SOBRE PRESUP. OFICIAL | S30: ¿OBJETO, ACTIVIDADES Y/O OBLIGACIONES CONTRACTUALES CUMPLEN? | T30: ¿LA CERTIFICACIÓN LABORAL O DOCUMENTACIÓN EQUIVALENTE CONTIENE LA INFORMACIÓN MÍNIMA REQUERIDA? | AB30: ¿LA EXPERIENCIA ES ADQUIRIDA EN EL EXTERIOR? | AE30: ¿LA EXPERIENCIA DE LA PERSONA JURÍDICA ES ACREDITADA EN DEBIDA FORMA POR UN ACCIONISTA, SOCIO O CONSTITUYENTE? | AF30: ¿LA EXPERIENCIA CUMPLE CON LOS REQUISITOS DEL PLIEGO DE CONDICIONES? | AG30: OBSERVACIONES
T31: NOMBRE O RAZÓN SOCIAL DEL CONTRATANTE | U31: NOMBRE O RAZÓN SOCIAL DEL CONTRATISTA | V31: NÚMERO DEL CONTRATO (SI TIENE) | W31: OBJETO DEL CONTRATO Y/O CARGO DESEMPEÑADO | X31: ACTIVIDADES U OBLIGACIONES DEL CONTRATO | Y31: NOMBRE, CARGO Y FIRMA DE QUIEN EXPIDE LA CERTIFICACIÓN | Z31: FECHA DE EXPEDICIÓN DE LA CERTIFICACIÓN | AA31: ¿CUMPLE? | AB31: ¿EL DOCUMENTO SE ENCUENTRA DEBIDAMENTE APOSTILLADO? | AC31: ¿LA TRADUCCIÓN SE ENCUENTRA DEBIDAMENTE REALIZADA? EN CASO DE NO REQUERIRSE APOSTILLAJE | AD31: ¿CUMPLE?
A32: 1 | B32: 208 | C32: Formulación y/o apoyo a la formulación y/o elaboración y/o estructuración de: Políticas públicas y/o planes y/o programas de: - Infraestructura de transporte y/o - Transporte de carga y/o - Transporte de pasajeros y/o - Intermodalidad y/o - Logística. | D32: Unidad de Planeación de Infraestructura de Transporte-UPIT | E32: 040 de 2023 | F32: Consultoría para la elaboración de Planes Regionales de Transporte Intermodal para las subregiones Pacífico Medio, Pacífico Frontera Nariñense, Alto Patía, Norte del Cauca, Catatumbo, Sur de Bolívar y Bajo Cauca, que garantice la conectividad de pasajeros y carga correspondiente al Grupo 1 del proceso de Convocatoria UPIT_x0002_CA-029-2023. “Subregión Pacífico Medio y Pacífico Frontera Nariñense, Alto Patía y Norte del Cauca | G32: 801016 811015 811022 | H32: CONSORCIO | I32: 0.34 | J32: CAL Y MAYOR COLOMBIA S.A.S | K32: 45219 | L32: 45492 | M32: 2024 | N32: 3820000000 | O32: =N32/(_xlfn.XLOOKUP(M32,'TABLA DE SMMLV'!$A$1:$A$32,'TABLA DE SMMLV'!$B$1:$B$32,"0")) -> 2938.4615 | P32: =IF(S32="CUMPLE",100%,0%) -> 1 | Q32: =IF(AF32="CUMPLE",I32*O32*P32,0) -> 0 | R32: =Q32/(3411038010/1750905) -> 0 | S32: CUMPLE | T32: SI | U32: SI | V32: SI | W32: SI | X32: SI | Y32: SI | Z32: NO | AA32: =IF(AND(OR(T32="SI",T32="NO APLICA"), OR(U32="SI",U32="NO APLICA"), OR(V32="SI",V32="NO APLICA"), OR(W32="SI",W32="NO APLICA"), OR(X32="SI",X32="NO APLICA"), OR(Y32="SI",Y32="NO APLICA"), OR(Z32="SI",Z32="NO APLICA")), "CUMPLE", "NO CUMPLE") -> NO CUMPLE | AB32: NO APLICA | AC32: NO APLICA | AD32: =IF(AND(OR(AB32="SI",AB32="NO APLICA"), OR(AC32="SI",AC32="NO APLICA")), "CUMPLE", "NO CUMPLE") -> CUMPLE | AE32: CUMPLE | AF32: =IF(AND(OR(S32="CUMPLE",S32="NO APLICA"), OR(AA32="CUMPLE",AA32="NO APLICA"), OR(AD32="CUMPLE",AD32="NO APLICA"), OR(AE32="CUMPLE",AE32="NO APLICA")), "CUMPLE", "NO CUMPLE") -> NO CUMPLE | AG32: 1. EL ACTA DE LIQUIDACIÓN NO CONTIENE "FECHA DE EXPEDICIÓN" DE ACUERDO CON LO REQUERIDO EN EL LITERAL D. DEL TÍTULO 1. EXPERIENCIA DEL PROPONENTE Y NO SE ADJUNTA DOCUMENTO EQUIVALENTE SEGÚN EL NUMERAL S. DEL TÍTULO REFERENCIADO EL CUAL INDICA: "...S. Se admitirá como documento equivalente a las certificaciones de contratos ejecutados, la presentación de copia del contrato y sus respectivos anexos técnicos y otrosíes (si hay lugar a ello), siempre que se acompañen de la respectiva acta de liquidación o de terminación o de recibo final. Estos documentos deben incluir la información mínima que se solicita para las certificaciones contractuales..."
